Workbook

Sheet Solution njhub
C1: 1 | D1: =C1+1 -> 2 | E1: =D1+1 -> 3 | F1: =E1+1 -> 4 | G1: =F1+1 -> 5 | H1: =G1+1 -> 6 | I1: =H1+1 -> 7 | J1: =I1+1 -> 8
C2: T | D2: 0.005 | E2: T | F2: 0.01 | G2: T | H2: 0.015 | I2: T | J2: 0.02
C3: D | D3: C | E3: D | F3: C | G3: D | H3: C | I3: D | J3: C
C4: 19.979115 | D4: 0.95099305 | E4: 21.019004 | F4: 0.90394388 | G4: 22.123667 | H4: 0.8588088 | I4: 23.29737 | J4: 0.81554271
C5: 18.879717 | D5: 0.95340413 | E5: 19.810895 | F5: 0.90859095 | G5: 20.796716 | H5: 0.86552125 | I5: 21.840559 | J5: 0.82415474
C6: 17.785788 | D6: 0.95581934 | E6: 18.614748 | F6: 0.91325439 | G6: 19.489376 | H6: 0.87227011 | I6: 20.412312 | J6: 0.83283068
C7: 16.697301 | D7: 0.95823868 | E7: 17.430443 | F7: 0.91793421 | G7: 18.201355 | H7: 0.87905541 | I7: 19.012071 | J7: 0.8415706
C8: 15.61423 | D8: 0.96066215 | E8: 16.257864 | F8: 0.9226304 | G8: 16.93237 | H8: 0.88587718 | I8: 17.639285 | J8: 0.85037459
C9: 14.536548 | D9: 0.96308976 | E9: 15.096896 | F9: 0.92734297 | G9: 15.682138 | H9: 0.89273543 | I9: 16.293417 | J9: 0.85924273
C10: 13.464226 | D10: 0.9655215 | E10: 13.947421 | F10: 0.93207194 | G10: 14.450382 | H10: 0.89963019 | I10: 14.973938 | J10: 0.86817508
C11: 12.39724 | D11: 0.96795737 | E11: 12.809328 | F11: 0.93681729 | G11: 13.23683 | H11: 0.90656149 | I11: 13.680332 | J11: 0.87717172
C12: 11.335562 | D12: 0.97039738 | E12: 11.682503 | F12: 0.94157904 | G12: 12.041211 | H12: 0.91352935 | I12: 12.41209 | J12: 0.88623272
C13: 10.279167 | D13: 0.97284152 | E13: 10.566835 | F13: 0.94635719 | G13: 10.863262 | H13: 0.92053377 | I13: 11.168715 | J13: 0.89535812
C14: 9.2280264 | D14: 0.9752898 | E14: 9.4622125 | F14: 0.95115175 | G14: 9.7027217 | H14: 0.92757479 | I14: 9.949721 | J14: 0.90454798
C15: 8.1821158 | D15: 0.97774221 | E15: 8.3685273 | F15: 0.95596271 | G15: 8.5593317 | H15: 0.93465241 | I15: 8.7546284 | J15: 0.91380235
... C22: 1.005 | D22: 0.99502488 | E22: 1.01 | F22: 0.99009901 | G22: 1.015 | H22: 0.98522167 | I22: 1.02 | J22: 0.98039216
E24: Valeur de T : | F24: 0.005
E25: Valeur de D : | F25: 15
E26: Valeur de C : | F26: =INDIRECT(ADDRESS(MATCH(F25,INDIRECT(CONCATENATE(ADDRESS(4,MATCH(F24,A2:J2,0)-1),":",ADDRESS(22,MATCH(F24,A2:J2,0)-1)),1),-1)+3,MATCH(F24,A2:J2,0)),1) -> 0.96066215 | G26: = | H26: INDIRECT(ADRESSE(EQUIV(F25;INDIRECT(CONCATENER(ADRESSE(4;EQUIV(F24;A2:J2;0)-1);":";ADRESSE(22;EQUIV(F24;A2:J2;0)-1));1);-1)+3;EQUIV(F24;A2:J2;0));1)
H27: Solution du 3/05/2020 - 23 h 12 de njhub du https://forum.excel-pratique.com/

Sheet Fichier réel
H2: CTRL à 0 | M2: ESTIMATIONS | Y2: CTRL à 0 | AB2: CTRL à 0 Solde Emprunt
J3: A N N U I T E P A Y E E | M3: Taux d'intérêt | P3: Coef d'ajust | Q3: Durée résiduelle | R3: Durée résiduelle | U3: F L U X E M P R U N T S
J4: Total | K4: Ch Finan. | L4: Capital | M4: calculés | N4: arrondis | U4: au 1/01 | V4: Souscrit | W4: Remb. | X4: Solde
A5: 2018 | B5: 01 | C5: 1001 | D5: AAAA | E5: 785 | F5: 117 | G5: 68 | H5: =F5-G5-L5 -> 0 | I5: =L5/F5 -> 0.41880342 | J5: 55 | K5: 6 | L5: =J5-K5 -> 49 | M5: =IF(U5=0,"",K5/U5) -> 0.019313097 | N5: =IF(M5="",0,ROUND(M5*100/5,1)*5/100) -> 0.02 | O5: =IF(N5=0.03,12,IFERROR(VLOOKUP(N5,S$5:T$22,2,0),"")) | P5: =IF(L5=0,"",INDIRECT(ADDRESS(MATCH($Q5,INDIRECT(CONCATENATE(ADDRESS(226,MATCH($N5,'Durées résiduelles'!$A$224:$AL$224,0)-1,4,1,"Durées résiduelles"),":",ADDRESS(244,MATCH($N5,'Durées résiduelles'!$A$224:$AL$224,0)-1,4,1)),1),-1)+225,MATCH($N5,'Durées résiduelles'!$A$224:$AL$224,0),4,1,"Durées résiduelles"),1)) -> 0.93250478 | Q5: =IF(L5=0,"",U5/L5) -> 6.3402041 | R5: =IF(L5=0,"",Q5*P5) -> 5.9122706 | U5: 310.67 | V5: 0 | W5: 49 | X5: =U5+V5-W5 -> 261.67 | Y5: =W5-L5 -> 0 | Z5: 263 | AA5: 262 | AB5: =X5-AA5 -> -0.33
A6: 2018 | B6: 01 | C6: 1002 | D6: BBBB | E6: 242 | F6: 39 | G6: 39 | H6: =F6-G6-L6 -> 0 | I6: =L6/F6 -> 0 | J6: 0 | K6: 0 | L6: =J6-K6 -> 0 | M6: =IF(U6=0,"",K6/U6) | N6: =IF(M6="",0,ROUND(M6*100/5,1)*5/100) -> 0 | O6: =IF(N6=0.03,12,IFERROR(VLOOKUP(N6,S$5:T$22,2,0),"")) | P6: =IF(L6=0,"",INDIRECT(ADDRESS(MATCH($Q6,INDIRECT(CONCATENATE(ADDRESS(226,MATCH($N6,'Durées résiduelles'!$A$224:$AL$224,0)-1,4,1,"Durées résiduelles"),":",ADDRESS(244,MATCH($N6,'Durées résiduelles'!$A$224:$AL$224,0)-1,4,1)),1),-1)+225,MATCH($N6,'Durées résiduelles'!$A$224:$AL$224,0),4,1,"Durées résiduelles"),1)) | Q6: =IF(L6=0,"",U6/L6) | R6: =IF(L6=0,"",Q6*P6) | U6: 0 | V6: 0 | W6: 0 | X6: =U6+V6-W6 -> 0 | Y6: =W6-L6 -> 0 | Z6: 0 | AA6: 0 | AB6: =X6-AA6 -> 0
A7: 2018 | B7: 01 | C7: 1004 | D7: CCCCC | E7: 14631 | F7: 1905 | G7: 215 | H7: =F7-G7-L7 -> 0 | I7: =L7/F7 -> 0.88713911 | J7: 2137 | K7: 447 | L7: =J7-K7 -> 1690 | M7: =IF(U7=0,"",K7/U7) -> 0.030813773 | N7: =IF(M7="",0,ROUND(M7*100/5,1)*5/100) -> 0.03 | P7: =IF(L7=0,"",INDIRECT(ADDRESS(MATCH($Q7,INDIRECT(CONCATENATE(ADDRESS(226,MATCH($N7,'Durées résiduelles'!$A$224:$AL$224,0)-1,4,1,"Durées résiduelles"),":",ADDRESS(244,MATCH($N7,'Durées résiduelles'!$A$224:$AL$224,0)-1,4,1)),1),-1)+225,MATCH($N7,'Durées résiduelles'!$A$224:$AL$224,0),4,1,"Durées résiduelles"),1)) -> 0.87344768 | Q7: =IF(L7=0,"",U7/L7) -> 8.5837278 | R7: =IF(L7=0,"",Q7*P7) -> 7.4974371 | U7: 14506.5 | V7: 0 | W7: 1690 | X7: =U7+V7-W7 -> 12816.5 | Y7: =W7-L7 -> 0 | Z7: 12818 | AA7: 12816 | AB7: =X7-AA7 -> 0.5
A8: 2018 | B8: 01 | C8: 1005 | D8: DDDD | E8: 1652 | F8: 230 | G8: 77 | H8: =F8-G8-L8 -> 0 | I8: =L8/F8 -> 0.66521739 | J8: 205 | K8: 52 | L8: =J8-K8 -> 153 | M8: =IF(U8=0,"",K8/U8) -> 0.023047909 | N8: =IF(M8="",0,ROUND(M8*100/5,1)*5/100) -> 0.025 | O8: =IF(N8=0.03,12,IFERROR(VLOOKUP(N8,S$5:T$22,2,0),"")) | P8: =IF(L8=0,"",INDIRECT(ADDRESS(MATCH($Q8,INDIRECT(CONCATENATE(ADDRESS(226,MATCH($N8,'Durées résiduelles'!$A$224:$AL$224,0)-1,4,1,"Durées résiduelles"),":",ADDRESS(244,MATCH($N8,'Durées résiduelles'!$A$224:$AL$224,0)-1,4,1)),1),-1)+225,MATCH($N8,'Durées résiduelles'!$A$224:$AL$224,0),4,1,"Durées résiduelles"),1)) -> 0.83768539 | Q8: =IF(L8=0,"",U8/L8) -> 14.746209 | R8: =IF(L8=0,"",Q8*P8) -> 12.352684 | U8: 2256.17 | V8: 0 | W8: 153 | X8: =U8+V8-W8 -> 2103.17 | Y8: =W8-L8 -> 0 | Z8: 2104 | AA8: 2104 | AB8: =X8-AA8 -> -0.83
A9: 2018 | B9: 01 | C9: 1006 | D9: EEEEE | E9: 115 | F9: 39 | G9: 39 | H9: =F9-G9-L9 -> 0 | I9: =L9/F9 -> 0 | J9: 0 | K9: 0 | L9: =J9-K9 -> 0 | M9: =IF(U9=0,"",K9/U9) | N9: =IF(M9="",0,ROUND(M9*100/5,1)*5/100) -> 0 | O9: =IF(N9=0.03,12,IFERROR(VLOOKUP(N9,S$5:T$22,2,0),"")) | P9: =IF(L9=0,"",INDIRECT(ADDRESS(MATCH($Q9,INDIRECT(CONCATENATE(ADDRESS(226,MATCH($N9,'Durées résiduelles'!$A$224:$AL$224,0)-1,4,1,"Durées résiduelles"),":",ADDRESS(244,MATCH($N9,'Durées résiduelles'!$A$224:$AL$224,0)-1,4,1)),1),-1)+225,MATCH($N9,'Durées résiduelles'!$A$224:$AL$224,0),4,1,"Durées résiduelles"),1)) | Q9: =IF(L9=0,"",U9/L9) | R9: =IF(L9=0,"",Q9*P9) | U9: 0 | V9: 0 | W9: 0 | X9: =U9+V9-W9 -> 0 | Y9: =W9-L9 -> 0 | Z9: 0 | AA9: 0 | AB9: =X9-AA9 -> 0
A10: 2018 | B10: 01 | C10: 1007 | D10: FFFFF | E10: 2722 | F10: 590 | G10: 441 | H10: =F10-G10-L10 -> 0 | I10: =L10/F10 -> 0.25254237 | J10: 239 | K10: 90 | L10: =J10-K10 -> 149 | M10: =IF(U10=0,"",K10/U10) -> 0.045282563 | N10: =IF(M10="",0,ROUND(M10*100/5,1)*5/100) -> 0.045 | O10: =IF(N10=0.03,12,IFERROR(VLOOKUP(N10,S$5:T$22,2,0),"")) | P10: =IF(L10=0,"",INDIRECT(ADDRESS(MATCH($Q10,INDIRECT(CONCATENATE(ADDRESS(226,MATCH($N10,'Durées résiduelles'!$A$224:$AL$224,0)-1,4,1,"Durées résiduelles"),":",ADDRESS(244,MATCH($N10,'Durées résiduelles'!$A$224:$AL$224,0)-1,4,1)),1),-1)+225,MATCH($N10,'Durées résiduelles'!$A$224:$AL$224,0),4,1,"Durées résiduelles"),1)) -> 0.76050718 | Q10: =IF(L10=0,"",U10/L10) -> 13.33906 | R10: =IF(L10=0,"",Q10*P10) -> 10.144451 | U10: 1987.52 | V10: 0 | W10: 149 | X10: =U10+V10-W10 -> 1838.52 | Y10: =W10-L10 -> 0 | Z10: 1841 | AA10: 1839 | AB10: =X10-AA10 -> -0.48

Sheet Durées résiduelles
A1: Durée résiduelle de l'emprunt fin de période = (Capital restant à rembourser début de période / dernière fraction de capital remboursé au cours de la période) -1 | V1: Coefficient d'ajusyement de la durée résiduelle | AD1: https://www.youtube.com/watch?v=tdj8_HsZ9jU
D2: Durée | E2: 10 | I2: Durée | J2: 11 | N2: Durée | O2: 12 | S2: Durée | T2: 13 | X2: Durée | Y2: 14 | AC2: Durée | AD2: 15 | AH2: Durée | AI2: 16 | AM2: Durée | AN2: 17 | AR2: Durée | AS2: 18 | AW2: Durée | AX2: 19 | BB2: Durée | BC2: 20
C3: Intérêts | D3: K | E3: Annuité | H3: Intérêts | I3: K | J3: Annuité | M3: Intérêts | N3: K | O3: Annuité | R3: Intérêts | S3: K | T3: Annuité | W3: Intérêts | X3: K | Y3: Annuité | AB3: Intérêts | AC3: K | AD3: Annuité | AG3: Intérêts | AH3: K | AI3: Annuité | AL3: Intérêts | AM3: K | AN3: Annuité | AQ3: Intérêts | AR3: K | AS3: Annuité | AV3: Intérêts | AW3: K | AX3: Annuité | BA3: Intérêts | BB3: K | BC3: Annuité
C4: =$B9*B13 -> 100 | D4: =E4-C4 -> 955.82077 | E4: =$B9*$B13/(1-(1+$B13)^-$E$2) -> 1055.8208 | F4: =$B9/D4-1 -> 9.4622125 | G4: =(E$2-COUNTA(C4:C4))/F4 -> 0.95115175 | H4: =$B9*B13 -> 100 | I4: =J4-H4 -> 864.54076 | J4: =$B9*$B13/(1-(1+$B13)^-$J$2) -> 964.54076 | K4: =$B9/I4-1 -> 10.566835 | L4: =(J$2-COUNTA(H4:H4))/K4 -> 0.94635719 | M4: =$B9*B13 -> 100 | N4: =O4-M4 -> 788.48789 | O4: =$B9*$B13/(1-(1+$B13)^-$O$2) -> 888.48789 | P4: =$B9/N4-1 -> 11.682503 | Q4: =(O$2-COUNTA(M4:M4))/P4 -> 0.94157904 | R4: =$B9*B13 -> 100 | S4: =T4-R4 -> 724.1482 | T4: =$B9*$B13/(1-(1+$B13)^-$T$2) -> 824.1482 | U4: =$B9/S4-1 -> 12.809328 | V4: =(T$2-COUNTA(R4:R4))/U4 -> 0.93681729 | W4: =$B9*B13 -> 100 | X4: =Y4-W4 -> 669.01172 | Y4: =$B9*$B13/(1-(1+$B13)^-$Y$2) -> 769.01172 | Z4: =$B9/X4-1 -> 13.947421 | AA4: =(Y$2-COUNTA(W4:W4))/Z4 -> 0.93207194 | AB4: =$B9*B13 -> 100 | AC4: =AD4-AB4 -> 621.2378 | AD4: =$B9*$B13/(1-(1+$B13)^-$AD$2) -> 721.2378 | AE4: =$B9/AC4-1 -> 15.096896 | AF4: =(AD$2-COUNTA(AB4:AB4))/AE4 -> 0.92734297 | AG4: =$B9*B13 -> 100 | AH4: =AI4-AG4 -> 579.44597 | AI4: =$B9*$B13/(1-(1+$B13)^-$AI$2) -> 679.44597 | AJ4: =$B9/AH4-1 -> 16.257864 | AK4: =(AI$2-COUNTA(AG4:AG4))/AJ4 -> 0.9226304 | AL4: =$B9*B13 -> 100 | AM4: =AN4-AL4 -> 542.58055 | AN4: =$B9*$B13/(1-(1+$B13)^-$AN$2) -> 642.58055 | AO4: =$B9/AM4-1 -> 17.430443 | AP4: =(AN$2-COUNTA(AL4:AL4))/AO4 -> 0.91793421 | AQ4: =$B9*B13 -> 100 | AR4: =AS4-AQ4 -> 509.82048 | AS4: =$B9*$B13/(1-(1+$B13)^-$AS$2) -> 609.82048 | AT4: =$B9/AR4-1 -> 18.614748 | AU4: =(AS$2-COUNTA(AQ4:AQ4))/AT4 -> 0.91325439 | AV4: =$B9*B13 -> 100 | AW4: =AX4-AV4 -> 480.51754 | AX4: =$B9*$B13/(1-(1+$B13)^-$AX$2) -> 580.51754 | AY4: =$B9/AW4-1 -> 19.810895 | AZ4: =(AX$2-COUNTA(AV4:AV4))/AY4 -> 0.90859095 | BA4: =$B9*B13 -> 100 | BB4: =BC4-BA4 -> 454.15315 | BC4: =$B9*$B13/(1-(1+$B13)^-$BC$2) -> 554.15315 | BD4: =$B9/BB4-1 -> 21.019004 | BE4: =(BC$2-COUNTA(BA4:BA4))/BD4 -> 0.90394388
C5: =($B$31-SUM(D4:D4))*B13 -> 90.441792 | D5: =E5-C5 -> 965.37897 | E5: =E4 -> 1055.8208 | F5: =($B9-SUM(D4:D4))/D5-1 -> 8.3685273 | G5: =(E$2-COUNTA(C4:C5))/F5 -> 0.95596271 | H5: =($B$31-SUM(I4:I4))*B13 -> 91.354592 | I5: =J5-H5 -> 873.18616 | J5: =J4 -> 964.54076 | K5: =($B9-SUM(I4:I4))/I5-1 -> 9.4622125 | L5: =(J$2-COUNTA(H4:H5))/K5 -> 0.95115175 | M5: =($B$31-SUM(N4:N4))*B13 -> 92.115121 | N5: =O5-M5 -> 796.37277 | O5: =O4 -> 888.48789 | P5: =($B9-SUM(N4:N4))/N5-1 -> 10.566835 | Q5: =(O$2-COUNTA(M4:M5))/P5 -> 0.94635719 | R5: =($B$31-SUM(S4:S4))*B13 -> 92.758518 | S5: =T5-R5 -> 731.38968 | T5: =T4 -> 824.1482 | U5: =($B9-SUM(S4:S4))/S5-1 -> 11.682503 | V5: =(T$2-COUNTA(R4:R5))/U5 -> 0.94157904 | W5: =($B$31-SUM(X4:X4))*B13 -> 93.309883 | X5: =Y5-W5 -> 675.70183 | Y5: =Y4 -> 769.01172 | Z5: =($B9-SUM(X4:X4))/X5-1 -> 12.809328 | AA5: =(Y$2-COUNTA(W4:W5))/Z5 -> 0.93681729 | AB5: =($B$31-SUM(AC4:AC4))*B13 -> 93.787622 | AC5: =AD5-AB5 -> 627.45018 | AD5: =AD4 -> 721.2378 | AE5: =($B9-SUM(AC4:AC4))/AC5-1 -> 13.947421 | AF5: =(AD$2-COUNTA(AB4:AB5))/AE5 -> 0.93207194 | AG5: =($B$31-SUM(AH4:AH4))*B13 -> 94.20554 | AH5: =AI5-AG5 -> 585.24043 | AI5: =AI4 -> 679.44597 | AJ5: =($B9-SUM(AH4:AH4))/AH5-1 -> 15.096896 | AK5: =(AI$2-COUNTA(AG4:AG5))/AJ5 -> 0.92734297 | AL5: =($B$31-SUM(AM4:AM4))*B13 -> 94.574194 | AM5: =AN5-AL5 -> 548.00636 | AN5: =AN4 -> 642.58055 | AO5: =($B9-SUM(AM4:AM4))/AM5-1 -> 16.257864 | AP5: =(AN$2-COUNTA(AL4:AL5))/AO5 -> 0.9226304 | AQ5: =($B$31-SUM(AR4:AR4))*B13 -> 94.901795 | AR5: =AS5-AQ5 -> 514.91868 | AS5: =AS4 -> 609.82048 | AT5: =($B9-SUM(AR4:AR4))/AR5-1 -> 17.430443 | AU5: =(AS$2-COUNTA(AQ4:AQ5))/AT5 -> 0.91793421 | AV5: =($B$31-SUM(AW4:AW4))*B13 -> 95.194825 | AW5: =AX5-AV5 -> 485.32271 | AX5: =AX4 -> 580.51754 | AY5: =($B9-SUM(AW4:AW4))/AW5-1 -> 18.614748 | AZ5: =(AX$2-COUNTA(AV4:AV5))/AY5 -> 0.91325439 | BA5: =($B$31-SUM(BB4:BB4))*B13 -> 95.458469 | BB5: =BC5-BA5 -> 458.69468 | BC5: =BC4 -> 554.15315 | BD5: =($B9-SUM(BB4:BB4))/BB5-1 -> 19.810895 | BE5: =(BC$2-COUNTA(BA4:BA5))/BD5 -> 0.90859095
C6: =($B$31-SUM(D4:D5))*B13 -> 80.788003 | D6: =E6-C6 -> 975.03276 | E6: =E5 -> 1055.8208 | F6: =($B9-SUM(D4:D5))/D6-1 -> 7.2856706 | G6: =(E$2-COUNTA(C4:C6))/F6 -> 0.96079008 | H6: =($B$31-SUM(I4:I5))*B13 -> 82.622731 | I6: =J6-H6 -> 881.91803 | J6: =J5 -> 964.54076 | K6: =($B9-SUM(I4:I5))/I6-1 -> 8.3685273 | L6: =(J$2-COUNTA(H4:H6))/K6 -> 0.95596271 | M6: =($B$31-SUM(N4:N5))*B13 -> 84.151393 | N6: =O6-M6 -> 804.33649 | O6: =O5 -> 888.48789 | P6: =($B9-SUM(N4:N5))/N6-1 -> 9.4622125 | Q6: =(O$2-COUNTA(M4:M6))/P6 -> 0.95115175 | R6: =($B$31-SUM(S4:S5))*B13 -> 85.444621 | S6: =T6-R6 -> 738.70358 | T6: =T5 -> 824.1482 | U6: =($B9-SUM(S4:S5))/S6-1 -> 10.566835 | V6: =(T$2-COUNTA(R4:R6))/U6 -> 0.94635719 | W6: =($B$31-SUM(X4:X5))*B13 -> 86.552864 | X6: =Y6-W6 -> 682.45885 | Y6: =Y5 -> 769.01172 | Z6: =($B9-SUM(X4:X5))/X6-1 -> 11.682503 | AA6: =(Y$2-COUNTA(W4:W6))/Z6 -> 0.94157904 | AB6: =($B$31-SUM(AC4:AC5))*B13 -> 87.51312 | AC6: =AD6-AB6 -> 633.72468 | AD6: =AD5 -> 721.2378 | AE6: =($B9-SUM(AC4:AC5))/AC6-1 -> 12.809328 | AF6: =(AD$2-COUNTA(AB4:AB6))/AE6 -> 0.93681729 | AG6: =($B$31-SUM(AH4:AH5))*B13 -> 88.353136 | AH6: =AI6-AG6 -> 591.09283 | AI6: =AI5 -> 679.44597 | AJ6: =($B9-SUM(AH4:AH5))/AH6-1 -> 13.947421 | AK6: =(AI$2-COUNTA(AG4:AG6))/AJ6 -> 0.93207194 | AL6: =($B$31-SUM(AM4:AM5))*B13 -> 89.094131 | AM6: =AN6-AL6 -> 553.48642 | AN6: =AN5 -> 642.58055 | AO6: =($B9-SUM(AM4:AM5))/AM6-1 -> 15.096896 | AP6: =(AN$2-COUNTA(AL4:AL6))/AO6 -> 0.92734297 | AQ6: =($B$31-SUM(AR4:AR5))*B13 -> 89.752608 | AR6: =AS6-AQ6 -> 520.06787 | AS6: =AS5 -> 609.82048 | AT6: =($B9-SUM(AR4:AR5))/AR6-1 -> 16.257864 | AU6: =(AS$2-COUNTA(AQ4:AQ6))/AT6 -> 0.9226304 | AV6: =($B$31-SUM(AW4:AW5))*B13 -> 90.341598 | AW6: =AX6-AV6 -> 490.17594 | AX6: =AX5 -> 580.51754 | AY6: =($B9-SUM(AW4:AW5))/AW6-1 -> 17.430443 | AZ6: =(AX$2-COUNTA(AV4:AV6))/AY6 -> 0.91793421 | BA6: =($B$31-SUM(BB4:BB5))*B13 -> 90.871522 | BB6: =BC6-BA6 -> 463.28163 | BC6: =BC5 -> 554.15315 | BD6: =($B9-SUM(BB4:BB5))/BB6-1 -> 18.614748 | BE6: =(BC$2-COUNTA(BA4:BA6))/BD6 -> 0.91325439
C7: =($B$31-SUM(D4:D6))*B13 -> 71.037675 | D7: =E7-C7 -> 984.78309 | E7: =E6 -> 1055.8208 | F7: =($B9-SUM(D4:D6))/D7-1 -> 6.2135352 | G7: =(E$2-COUNTA(C4:C7))/F7 -> 0.96563386 | H7: =($B$31-SUM(I4:I6))*B13 -> 73.803551 | I7: =J7-H7 -> 890.73721 | J7: =J6 -> 964.54076 | K7: =($B9-SUM(I4:I6))/I7-1 -> 7.2856706 | L7: =(J$2-COUNTA(H4:H7))/K7 -> 0.96079008 | M7: =($B$31-SUM(N4:N6))*B13 -> 76.108029 | N7: =O7-M7 -> 812.37986 | O7: =O6 -> 888.48789 | P7: =($B9-SUM(N4:N6))/N7-1 -> 8.3685273 | Q7: =(O$2-COUNTA(M4:M7))/P7 -> 0.95596271 | R7: =($B$31-SUM(S4:S6))*B13 -> 78.057585 | S7: =T7-R7 -> 746.09061 | T7: =T6 -> 824.1482 | U7: =($B9-SUM(S4:S6))/S7-1 -> 9.4622125 | V7: =(T$2-COUNTA(R4:R7))/U7 -> 0.95115175 | W7: =($B$31-SUM(X4:X6))*B13 -> 79.728276 | X7: =Y7-W7 -> 689.28344 | Y7: =Y6 -> 769.01172 | Z7: =($B9-SUM(X4:X6))/X7-1 -> 10.566835 | AA7: =(Y$2-COUNTA(W4:W7))/Z7 -> 0.94635719 | AB7: =($B$31-SUM(AC4:AC6))*B13 -> 81.175873 | AC7: =AD7-AB7 -> 640.06193 | AD7: =AD6 -> 721.2378 | AE7: =($B9-SUM(AC4:AC6))/AC7-1 -> 11.682503 | AF7: =(AD$2-COUNTA(AB4:AB7))/AE7 -> 0.94157904 | AG7: =($B$31-SUM(AH4:AH6))*B13 -> 82.442208 | AH7: =AI7-AG7 -> 597.00376 | AI7: =AI6 -> 679.44597 | AJ7: =($B9-SUM(AH4:AH6))/AH7-1 -> 12.809328 | AK7: =(AI$2-COUNTA(AG4:AG7))/AJ7 -> 0.93681729 | AL7: =($B$31-SUM(AM4:AM6))*B13 -> 83.559267 | AM7: =AN7-AL7 -> 559.02128 | AN7: =AN6 -> 642.58055 | AO7: =($B9-SUM(AM4:AM6))/AM7-1 -> 13.947421 | AP7: =(AN$2-COUNTA(AL4:AL7))/AO7 -> 0.93207194 | AQ7: =($B$31-SUM(AR4:AR6))*B13 -> 84.55193 | AR7: =AS7-AQ7 -> 525.26855 | AS7: =AS6 -> 609.82048 | AT7: =($B9-SUM(AR4:AR6))/AR7-1 -> 15.096896 | AU7: =(AS$2-COUNTA(AQ4:AQ7))/AT7 -> 0.92734297 | AV7: =($B$31-SUM(AW4:AW6))*B13 -> 85.439838 | AW7: =AX7-AV7 -> 495.0777 | AX7: =AX6 -> 580.51754 | AY7: =($B9-SUM(AW4:AW6))/AW7-1 -> 16.257864 | AZ7: =(AX$2-COUNTA(AV4:AV7))/AY7 -> 0.9226304 | BA7: =($B$31-SUM(BB4:BB6))*B13 -> 86.238705 | BB7: =BC7-BA7 -> 467.91444 | BC7: =BC6 -> 554.15315 | BD7: =($B9-SUM(BB4:BB6))/BB7-1 -> 17.430443 | BE7: =(BC$2-COUNTA(BA4:BA7))/BD7 -> 0.91793421
C8: =($B$31-SUM(D4:D7))*B13 -> 61.189844 | D8: =E8-C8 -> 994.63092 | E8: =E7 -> 1055.8208 | F8: =($B9-SUM(D4:D7))/D8-1 -> 5.1520151 | G8: =(E$2-COUNTA(C4:C8))/F8 -> 0.97049406 | H8: =($B$31-SUM(I4:I7))*B13 -> 64.896178 | I8: =J8-H8 -> 899.64458 | J8: =J7 -> 964.54076 | K8: =($B9-SUM(I4:I7))/I8-1 -> 6.2135352 | L8: =(J$2-COUNTA(H4:H8))/K8 -> 0.96563386 | M8: =($B$31-SUM(N4:N7))*B13 -> 67.98423 | N8: =O8-M8 -> 820.50366 | O8: =O7 -> 888.48789 | P8: =($B9-SUM(N4:N7))/N8-1 -> 7.2856706 | Q8: =(O$2-COUNTA(M4:M8))/P8 -> 0.96079008 | R8: =($B$31-SUM(S4:S7))*B13 -> 70.596679 | S8: =T8-R8 -> 753.55152 | T8: =T7 -> 824.1482 | U8: =($B9-SUM(S4:S7))/S8-1 -> 8.3685273 | V8: =(T$2-COUNTA(R4:R8))/U8 -> 0.95596271 | W8: =($B$31-SUM(X4:X7))*B13 -> 72.835442 | X8: =Y8-W8 -> 696.17628 | Y8: =Y7 -> 769.01172 | Z8: =($B9-SUM(X4:X7))/X8-1 -> 9.4622125 | AA8: =(Y$2-COUNTA(W4:W8))/Z8 -> 0.95115175 | AB8: =($B$31-SUM(AC4:AC7))*B13 -> 74.775254 | AC8: =AD8-AB8 -> 646.46255 | AD8: =AD7 -> 721.2378 | AE8: =($B9-SUM(AC4:AC7))/AC8-1 -> 10.566835 | AF8: =(AD$2-COUNTA(AB4:AB8))/AE8 -> 0.94635719 | AG8: =($B$31-SUM(AH4:AH7))*B13 -> 76.47217 | AH8: =AI8-AG8 -> 602.9738 | AI8: =AI7 -> 679.44597 | AJ8: =($B9-SUM(AH4:AH7))/AH8-1 -> 11.682503 | AK8: =(AI$2-COUNTA(AG4:AG8))/AJ8 -> 0.94157904 | AL8: =($B$31-SUM(AM4:AM7))*B13 -> 77.969054 | AM8: =AN8-AL8 -> 564.6115 | AN8: =AN7 -> 642.58055 | AO8: =($B9-SUM(AM4:AM7))/AM8-1 -> 12.809328 | AP8: =(AN$2-COUNTA(AL4:AL8))/AO8 -> 0.93681729 | AQ8: =($B$31-SUM(AR4:AR7))*B13 -> 79.299244 | AR8: =AS8-AQ8 -> 530.52123 | AS8: =AS7 -> 609.82048 | AT8: =($B9-SUM(AR4:AR7))/AR8-1 -> 13.947421 | AU8: =(AS$2-COUNTA(AQ4:AQ8))/AT8 -> 0.93207194 | AV8: =($B$31-SUM(AW4:AW7))*B13 -> 80.489061 | AW8: =AX8-AV8 -> 500.02847 | AX8: =AX7 -> 580.51754 | AY8: =($B9-SUM(AW4:AW7))/AW8-1 -> 15.096896 | AZ8: =(AX$2-COUNTA(AV4:AV8))/AY8 -> 0.92734297 | BA8: =($B$31-SUM(BB4:BB7))*B13 -> 81.559561 | BB8: =BC8-BA8 -> 472.59359 | BC8: =BC7 -> 554.15315 | BD8: =($B9-SUM(BB4:BB7))/BB8-1 -> 16.257864 | BE8: =(BC$2-COUNTA(BA4:BA8))/BD8 -> 0.9226304
A9: K | B9: 10000 | C9: =($B$31-SUM(D4:D8))*B13 -> 51.243535 | D9: =E9-C9 -> 1004.5772 | E9: =E8 -> 1055.8208 | F9: =($B9-SUM(D4:D8))/D9-1 -> 4.101005 | G9: =(E$2-COUNTA(C4:C9))/F9 -> 0.97537067 | H9: =($B$31-SUM(I4:I8))*B13 -> 55.899733 | I9: =J9-H9 -> 908.64102 | J9: =J8 -> 964.54076 | K9: =($B9-SUM(I4:I8))/I9-1 -> 5.1520151 | L9: =(J$2-COUNTA(H4:H9))/K9 -> 0.97049406 | M9: =($B$31-SUM(N4:N8))*B13 -> 59.779193 | N9: =O9-M9 -> 828.70869 | O9: =O8 -> 888.48789 | P9: =($B9-SUM(N4:N8))/N9-1 -> 6.2135352 | Q9: =(O$2-COUNTA(M4:M9))/P9 -> 0.96563386 | R9: =($B$31-SUM(S4:S8))*B13 -> 63.061164 | S9: =T9-R9 -> 761.08703 | T9: =T8 -> 824.1482 | U9: =($B9-SUM(S4:S8))/S9-1 -> 7.2856706 | V9: =(T$2-COUNTA(R4:R9))/U9 -> 0.96079008 | W9: =($B$31-SUM(X4:X8))*B13 -> 65.873679 | X9: =Y9-W9 -> 703.13804 | Y9: =Y8 -> 769.01172 | Z9: =($B9-SUM(X4:X8))/X9-1 -> 8.3685273 | AA9: =(Y$2-COUNTA(W4:W9))/Z9 -> 0.95596271 | AB9: =($B$31-SUM(AC4:AC8))*B13 -> 68.310629 | AC9: =AD9-AB9 -> 652.92717 | AD9: =AD8 -> 721.2378 | AE9: =($B9-SUM(AC4:AC8))/AC9-1 -> 9.4622125 | AF9: =(AD$2-COUNTA(AB4:AB9))/AE9 -> 0.95115175 | AG9: =($B$31-SUM(AH4:AH8))*B13 -> 70.442432 | AH9: =AI9-AG9 -> 609.00354 | AI9: =AI8 -> 679.44597 | AJ9: =($B9-SUM(AH4:AH8))/AH9-1 -> 10.566835 | AK9: =(AI$2-COUNTA(AG4:AG9))/AJ9 -> 0.94635719 | AL9: =($B$31-SUM(AM4:AM8))*B13 -> 72.322939 | AM9: =AN9-AL9 -> 570.25761 | AN9: =AN8 -> 642.58055 | AO9: =($B9-SUM(AM4:AM8))/AM9-1 -> 11.682503 | AP9: =(AN$2-COUNTA(AL4:AL9))/AO9 -> 0.94157904 | AQ9: =($B$31-SUM(AR4:AR8))*B13 -> 73.994032 | AR9: =AS9-AQ9 -> 535.82645 | AS9: =AS8 -> 609.82048 | AT9: =($B9-SUM(AR4:AR8))/AR9-1 -> 12.809328 | AU9: =(AS$2-COUNTA(AQ4:AQ9))/AT9 -> 0.93681729 | AV9: =($B$31-SUM(AW4:AW8))*B13 -> 75.488776 | AW9: =AX9-AV9 -> 505.02876 | AX9: =AX8 -> 580.51754 | AY9: =($B9-SUM(AW4:AW8))/AW9-1 -> 13.947421 | AZ9: =(AX$2-COUNTA(AV4:AV9))/AY9 -> 0.93207194 | BA9: =($B$31-SUM(BB4:BB8))*B13 -> 76.833625 | BB9: =BC9-BA9 -> 477.31952 | BC9: =BC8 -> 554.15315 | BD9: =($B9-SUM(BB4:BB8))/BB9-1 -> 15.096896 | BE9: =(BC$2-COUNTA(BA4:BA9))/BD9 -> 0.92734297
C10: =($B$31-SUM(D4:D9))*B13 -> 41.197763 | D10: =E10-C10 -> 1014.623 | E10: =E9 -> 1055.8208 | F10: =($B9-SUM(D4:D9))/D10-1 -> 3.060401 | G10: =(E$2-COUNTA(C4:C10))/F10 -> 0.9802637 | H10: =($B$31-SUM(I4:I9))*B13 -> 46.813322 | I10: =J10-H10 -> 917.72743 | J10: =J9 -> 964.54076 | K10: =($B9-SUM(I4:I9))/I10-1 -> 4.101005 | L10: =(J$2-COUNTA(H4:H10))/K10 -> 0.97537067 | M10: =($B$31-SUM(N4:N9))*B13 -> 51.492106 | N10: =O10-M10 -> 836.99578 | O10: =O9 -> 888.48789 | P10: =($B9-SUM(N4:N9))/N10-1 -> 5.1520151 | Q10: =(O$2-COUNTA(M4:M10))/P10 -> 0.97049406 | R10: =($B$31-SUM(S4:S9))*B13 -> 55.450294 | S10: =T10-R10 -> 768.6979 | T10: =T9 -> 824.1482 | U10: =($B9-SUM(S4:S9))/S10-1 -> 6.2135352 | V10: =(T$2-COUNTA(R4:R10))/U10 -> 0.96563386 | W10: =($B$31-SUM(X4:X9))*B13 -> 58.842298 | X10: =Y10-W10 -> 710.16942 | Y10: =Y9 -> 769.01172 | Z10: =($B9-SUM(X4:X9))/X10-1 -> 7.2856706 | AA10: =(Y$2-COUNTA(W4:W10))/Z10 -> 0.96079008 | AB10: =($B$31-SUM(AC4:AC9))*B13 -> 61.781357 | AC10: =AD10-AB10 -> 659.45644 | AD10: =AD9 -> 721.2378 | AE10: =($B9-SUM(AC4:AC9))/AC10-1 -> 8.3685273 | AF10: =(AD$2-COUNTA(AB4:AB10))/AE10 -> 0.95596271 | AG10: =($B$31-SUM(AH4:AH9))*B13 -> 64.352397 | AH10: =AI10-AG10 -> 615.09357 | AI10: =AI9 -> 679.44597 | AJ10: =($B9-SUM(AH4:AH9))/AH10-1 -> 9.4622125 | AK10: =(AI$2-COUNTA(AG4:AG10))/AJ10 -> 0.95115175 | AL10: =($B$31-SUM(AM4:AM9))*B13 -> 66.620363 | AM10: =AN10-AL10 -> 575.96019 | AN10: =AN9 -> 642.58055 | AO10: =($B9-SUM(AM4:AM9))/AM10-1 -> 10.566835 | AP10: =(AN$2-COUNTA(AL4:AL10))/AO10 -> 0.94635719 | AQ10: =($B$31-SUM(AR4:AR9))*B13 -> 68.635767 | AR10: =AS10-AQ10 -> 541.18471 | AS10: =AS9 -> 609.82048 | AT10: =($B9-SUM(AR4:AR9))/AR10-1 -> 11.682503 | AU10: =(AS$2-COUNTA(AQ4:AQ10))/AT10 -> 0.94157904 | AV10: =($B$31-SUM(AW4:AW9))*B13 -> 70.438489 | AW10: =AX10-AV10 -> 510.07905 | AX10: =AX9 -> 580.51754 | AY10: =($B9-SUM(AW4:AW9))/AW10-1 -> 12.809328 | AZ10: =(AX$2-COUNTA(AV4:AV10))/AY10 -> 0.93681729 | BA10: =($B$31-SUM(BB4:BB9))*B13 -> 72.06043 | BB10: =BC10-BA10 -> 482.09272 | BC10: =BC9 -> 554.15315 | BD10: =($B9-SUM(BB4:BB9))/BB10-1 -> 13.947421 | BE10: =(BC$2-COUNTA(BA4:BA10))/BD10 -> 0.93207194
C11: =($B$31-SUM(D4:D10))*B13 -> 31.051533 | D11: =E11-C11 -> 1024.7692 | E11: =E10 -> 1055.8208 | F11: =($B9-SUM(D4:D10))/D11-1 -> 2.0301 | G11: =(E$2-COUNTA(C4:C11))/F11 -> 0.98517314 | H11: =($B$31-SUM(I4:I10))*B13 -> 37.636048 | I11: =J11-H11 -> 926.90471 | J11: =J10 -> 964.54076 | K11: =($B9-SUM(I4:I10))/I11-1 -> 3.060401 | L11: =(J$2-COUNTA(H4:H11))/K11 -> 0.9802637 | M11: =($B$31-SUM(N4:N10))*B13 -> 43.122149 | N11: =O11-M11 -> 845.36574 | O11: =O10 -> 888.48789 | P11: =($B9-SUM(N4:N10))/N11-1 -> 4.101005 | Q11: =(O$2-COUNTA(M4:M11))/P11 -> 0.97537067 | R11: =($B$31-SUM(S4:S10))*B13 -> 47.763315 | S11: =T11-R11 -> 776.38488 | T11: =T10 -> 824.1482 | U11: =($B9-SUM(S4:S10))/S11-1 -> 5.1520151 | V11: =(T$2-COUNTA(R4:R11))/U11 -> 0.97049406 | W11: =($B$31-SUM(X4:X10))*B13 -> 51.740604 | X11: =Y11-W11 -> 717.27111 | Y11: =Y10 -> 769.01172 | Z11: =($B9-SUM(X4:X10))/X11-1 -> 6.2135352 | AA11: =(Y$2-COUNTA(W4:W11))/Z11 -> 0.96563386 | AB11: =($B$31-SUM(AC4:AC10))*B13 -> 55.186792 | AC11: =AD11-AB11 -> 666.05101 | AD11: =AD10 -> 721.2378 | AE11: =($B9-SUM(AC4:AC10))/AC11-1 -> 7.2856706 | AF11: =(AD$2-COUNTA(AB4:AB11))/AE11 -> 0.96079008 | AG11: =($B$31-SUM(AH4:AH10))*B13 -> 58.201461 | AH11: =AI11-AG11 -> 621.24451 | AI11: =AI10 -> 679.44597 | AJ11: =($B9-SUM(AH4:AH10))/AH11-1 -> 8.3685273 | AK11: =(AI$2-COUNTA(AG4:AG11))/AJ11 -> 0.95596271 | AL11: =($B$31-SUM(AM4:AM10))*B13 -> 60.860761 | AM11: =AN11-AL11 -> 581.71979 | AN11: =AN10 -> 642.58055 | AO11: =($B9-SUM(AM4:AM10))/AM11-1 -> 9.4622125 | AP11: =(AN$2-COUNTA(AL4:AL11))/AO11 -> 0.95115175 | AQ11: =($B$31-SUM(AR4:AR10))*B13 -> 63.22392 | AR11: =AS11-AQ11 -> 546.59656 | AS11: =AS10 -> 609.82048 | AT11: =($B9-SUM(AR4:AR10))/AR11-1 -> 10.566835 | AU11: =(AS$2-COUNTA(AQ4:AQ11))/AT11 -> 0.94635719 | AV11: =($B$31-SUM(AW4:AW10))*B13 -> 65.337698 | AW11: =AX11-AV11 -> 515.17984 | AX11: =AX10 -> 580.51754 | AY11: =($B9-SUM(AW4:AW10))/AW11-1 -> 11.682503 | AZ11: =(AX$2-COUNTA(AV4:AV11))/AY11 -> 0.94157904 | BA11: =($B$31-SUM(BB4:BB10))*B13 -> 67.239503 | BB11: =BC11-BA11 -> 486.91365 | BC11: =BC10 -> 554.15315 | BD11: =($B9-SUM(BB4:BB10))/BB11-1 -> 12.809328 | BE11: =(BC$2-COUNTA(BA4:BA11))/BD11 -> 0.93681729
C12: =($B$31-SUM(D4:D11))*B13 -> 20.80384 | D12: =E12-C12 -> 1035.0169 | E12: =E11 -> 1055.8208 | F12: =($B9-SUM(D4:D11))/D12-1 -> 1.01 | G12: =(E$2-COUNTA(C4:C12))/F12 -> 0.99009901 | H12: =($B$31-SUM(I4:I11))*B13 -> 28.367001 | I12: =J12-H12 -> 936.17376 | J12: =J11 -> 964.54076 | K12: =($B9-SUM(I4:I11))/I12-1 -> 2.0301 | L12: =(J$2-COUNTA(H4:H12))/K12 -> 0.98517314 | M12: =($B$31-SUM(N4:N11))*B13 -> 34.668491 | N12: =O12-M12 -> 853.8194 | O12: =O11 -> 888.48789 | P12: =($B9-SUM(N4:N11))/N12-1 -> 3.060401 | Q12: =(O$2-COUNTA(M4:M12))/P12 -> 0.9802637 | R12: =($B$31-SUM(S4:S11))*B13 -> 39.999466 | S12: =T12-R12 -> 784.14873 | T12: =T11 -> 824.1482 | U12: =($B9-SUM(S4:S11))/S12-1 -> 4.101005 | V12: =(T$2-COUNTA(R4:R12))/U12 -> 0.97537067 | W12: =($B$31-SUM(X4:X11))*B13 -> 44.567893 | X12: =Y12-W12 -> 724.44382 | Y12: =Y11 -> 769.01172 | Z12: =($B9-SUM(X4:X11))/X12-1 -> 5.1520151 | AA12: =(Y$2-COUNTA(W4:W12))/Z12 -> 0.97049406 | AB12: =($B$31-SUM(AC4:AC11))*B13 -> 48.526282 | AC12: =AD12-AB12 -> 672.71152 | AD12: =AD11 -> 721.2378 | AE12: =($B9-SUM(AC4:AC11))/AC12-1 -> 6.2135352 | AF12: =(AD$2-COUNTA(AB4:AB12))/AE12 -> 0.96563386 | AG12: =($B$31-SUM(AH4:AH11))*B13 -> 51.989016 | AH12: =AI12-AG12 -> 627.45695 | AI12: =AI11 -> 679.44597 | AJ12: =($B9-SUM(AH4:AH11))/AH12-1 -> 7.2856706 | AK12: =(AI$2-COUNTA(AG4:AG12))/AJ12 -> 0.96079008 | AL12: =($B$31-SUM(AM4:AM11))*B13 -> 55.043563 | AM12: =AN12-AL12 -> 587.53699 | AN12: =AN11 -> 642.58055 | AO12: =($B9-SUM(AM4:AM11))/AM12-1 -> 8.3685273 | AP12: =(AN$2-COUNTA(AL4:AL12))/AO12 -> 0.95596271 | AQ12: =($B$31-SUM(AR4:AR11))*B13 -> 57.757955 | AR12: =AS12-AQ12 -> 552.06252 | AS12: =AS11 -> 609.82048 | AT12: =($B9-SUM(AR4:AR11))/AR12-1 -> 9.4622125 | AU12: =(AS$2-COUNTA(AQ4:AQ12))/AT12 -> 0.95115175 | AV12: =($B$31-SUM(AW4:AW11))*B13 -> 60.1859 | AW12: =AX12-AV12 -> 520.33164 | AX12: =AX11 -> 580.51754 | AY12: =($B9-SUM(AW4:AW11))/AW12-1 -> 10.566835 | AZ12: =(AX$2-COUNTA(AV4:AV12))/AY12 -> 0.94635719 | BA12: =($B$31-SUM(BB4:BB11))*B13 -> 62.370366 | BB12: =BC12-BA12 -> 491.78278 | BC12: =BC11 -> 554.15315 | BD12: =($B9-SUM(BB4:BB11))/BB12-1 -> 11.682503 | BE12: =(BC$2-COUNTA(BA4:BA12))/BD12 -> 0.94157904
A13: Taux | B13: 0.01 | C13: =($B$31-SUM(D4:D12))*B13 -> 10.453671 | D13: =E13-C13 -> 1045.3671 | E13: =E12 -> 1055.8208 | F13: =($B9-SUM(D4:D12))/D13-1 -> 1.4876989e-14 | G13: =(E$2-COUNTA(C4:C13))/F13 -> 0 | H13: =($B$31-SUM(I4:I12))*B13 -> 19.005263 | I13: =J13-H13 -> 945.53549 | J13: =J12 -> 964.54076 | K13: =($B9-SUM(I4:I12))/I13-1 -> 1.01 | L13: =(J$2-COUNTA(H4:H13))/K13 -> 0.99009901 | M13: =($B$31-SUM(N4:N12))*B13 -> 26.130297 | N13: =O13-M13 -> 862.35759 | O13: =O12 -> 888.48789 | P13: =($B9-SUM(N4:N12))/N13-1 -> 2.0301 | Q13: =(O$2-COUNTA(M4:M13))/P13 -> 0.98517314 | R13: =($B$31-SUM(S4:S12))*B13 -> 32.157979 | S13: =T13-R13 -> 791.99022 | T13: =T12 -> 824.1482 | U13: =($B9-SUM(S4:S12))/S13-1 -> 3.060401 | V13: =(T$2-COUNTA(R4:R13))/U13 -> 0.9802637 | W13: =($B$31-SUM(X4:X12))*B13 -> 37.323455 | X13: =Y13-W13 -> 731.68826 | Y13: =Y12 -> 769.01172 | Z13: =($B9-SUM(X4:X12))/X13-1 -> 4.101005 | AA13: =(Y$2-COUNTA(W4:W13))/Z13 -> 0.97537067 | AB13: =($B$31-SUM(AC4:AC12))*B13 -> 41.799167 | AC13: =AD13-AB13 -> 679.43863 | AD13: =AD12 -> 721.2378 | AE13: =($B9-SUM(AC4:AC12))/AC13-1 -> 5.1520151 | AF13: =(AD$2-COUNTA(AB4:AB13))/AE13 -> 0.97049406 | AG13: =($B$31-SUM(AH4:AH12))*B13 -> 45.714446 | AH13: =AI13-AG13 -> 633.73152 | AI13: =AI12 -> 679.44597 | AJ13: =($B9-SUM(AH4:AH12))/AH13-1 -> 6.2135352 | AK13: =(AI$2-COUNTA(AG4:AG13))/AJ13 -> 0.96563386 | AL13: =($B$31-SUM(AM4:AM12))*B13 -> 49.168193 | AM13: =AN13-AL13 -> 593.41236 | AN13: =AN12 -> 642.58055 | AO13: =($B9-SUM(AM4:AM12))/AM13-1 -> 7.2856706 | AP13: =(AN$2-COUNTA(AL4:AL13))/AO13 -> 0.96079008 | AQ13: =($B$31-SUM(AR4:AR12))*B13 -> 52.237329 | AR13: =AS13-AQ13 -> 557.58315 | AS13: =AS12 -> 609.82048 | AT13: =($B9-SUM(AR4:AR12))/AR13-1 -> 8.3685273 | AU13: =(AS$2-COUNTA(AQ4:AQ13))/AT13 -> 0.95596271 | AV13: =($B$31-SUM(AW4:AW12))*B13 -> 54.982584 | AW13: =AX13-AV13 -> 525.53495 | AX13: =AX12 -> 580.51754 | AY13: =($B9-SUM(AW4:AW12))/AW13-1 -> 9.4622125 | AZ13: =(AX$2-COUNTA(AV4:AV13))/AY13 -> 0.95115175 | BA13: =($B$31-SUM(BB4:BB12))*B13 -> 57.452538 | BB13: =BC13-BA13 -> 496.70061 | BC13: =BC12 -> 554.15315 | BD13: =($B9-SUM(BB4:BB12))/BB13-1 -> 10.566835 | BE13: =(BC$2-COUNTA(BA4:BA13))/BD13 -> 0.94635719
D14: =SUM($D4:D13)-$B9 -> -1.4551915e-11 | H14: =($B$31-SUM(I4:I13))*B13 -> 9.5499085 | I14: =J14-H14 -> 954.99085 | J14: =J13 -> 964.54076 | K14: =($B9-SUM(I4:I13))/I14-1 -> -1.9984014e-15 | L14: =(J$2-COUNTA(H4:H14))/K14 -> 0 | M14: =($B$31-SUM(N4:N13))*B13 -> 17.506721 | N14: =O14-M14 -> 870.98117 | O14: =O13 -> 888.48789 | P14: =($B9-SUM(N4:N13))/N14-1 -> 1.01 | Q14: =(O$2-COUNTA(M4:M14))/P14 -> 0.99009901 | R14: =($B$31-SUM(S4:S13))*B13 -> 24.238077 | S14: =T14-R14 -> 799.91012 | T14: =T13 -> 824.1482 | U14: =($B9-SUM(S4:S13))/S14-1 -> 2.0301 | V14: =(T$2-COUNTA(R4:R14))/U14 -> 0.98517314 | W14: =($B$31-SUM(X4:X13))*B13 -> 30.006572 | X14: =Y14-W14 -> 739.00514 | Y14: =Y13 -> 769.01172 | Z14: =($B9-SUM(X4:X13))/X14-1 -> 3.060401 | AA14: =(Y$2-COUNTA(W4:W14))/Z14 -> 0.9802637 | AB14: =($B$31-SUM(AC4:AC13))*B13 -> 35.004781 | AC14: =AD14-AB14 -> 686.23302 | AD14: =AD13 -> 721.2378 | AE14: =($B9-SUM(AC4:AC13))/AC14-1 -> 4.101005 | AF14: =(AD$2-COUNTA(AB4:AB14))/AE14 -> 0.97537067 | AG14: =($B$31-SUM(AH4:AH13))*B13 -> 39.377131 | AH14: =AI14-AG14 -> 640.06884 | AI14: =AI13 -> 679.44597 | AJ14: =($B9-SUM(AH4:AH13))/AH14-1 -> 5.1520151 | AK14: =(AI$2-COUNTA(AG4:AG14))/AJ14 -> 0.97049406 | AL14: =($B$31-SUM(AM4:AM13))*B13 -> 43.23407 | AM14: =AN14-AL14 -> 599.34648 | AN14: =AN13 -> 642.58055 | AO14: =($B9-SUM(AM4:AM13))/AM14-1 -> 6.2135352 | AP14: =(AN$2-COUNTA(AL4:AL14))/AO14 -> 0.96563386 | AQ14: =($B$31-SUM(AR4:AR13))*B13 -> 46.661498 | AR14: =AS14-AQ14 -> 563.15898 | AS14: =AS13 -> 609.82048 | AT14: =($B9-SUM(AR4:AR13))/AR14-1 -> 7.2856706 | AU14: =(AS$2-COUNTA(AQ4:AQ14))/AT14 -> 0.96079008 | AV14: =($B$31-SUM(AW4:AW13))*B13 -> 49.727234 | AW14: =AX14-AV14 -> 530.7903 | AX14: =AX13 -> 580.51754 | AY14: =($B9-SUM(AW4:AW13))/AW14-1 -> 8.3685273 | AZ14: =(AX$2-COUNTA(AV4:AV14))/AY14 -> 0.95596271 | BA14: =($B$31-SUM(BB4:BB13))*B13 -> 52.485532 | BB14: =BC14-BA14 -> 501.66762 | BC14: =BC13 -> 554.15315 | BD14: =($B9-SUM(BB4:BB13))/BB14-1 -> 9.4622125 | BE14: =(BC$2-COUNTA(BA4:BA14))/BD14 -> 0.95115175
I15: =SUM($I4:I14)-$B9 -> 0 | M15: =($B$31-SUM(N4:N14))*B13 -> 8.7969098 | N15: =O15-M15 -> 879.69098 | O15: =O14 -> 888.48789 | P15: =($B9-SUM(N4:N14))/N15-1 -> -1.8873791e-15 | Q15: =(O$2-COUNTA(M4:M15))/P15 -> 0 | R15: =($B$31-SUM(S4:S14))*B13 -> 16.238975 | S15: =T15-R15 -> 807.90922 | T15: =T14 -> 824.1482 | U15: =($B9-SUM(S4:S14))/S15-1 -> 1.01 | V15: =(T$2-COUNTA(R4:R15))/U15 -> 0.99009901 | W15: =($B$31-SUM(X4:X14))*B13 -> 22.616521 | X15: =Y15-W15 -> 746.3952 | Y15: =Y14 -> 769.01172 | Z15: =($B9-SUM(X4:X14))/X15-1 -> 2.0301 | AA15: =(Y$2-COUNTA(W4:W15))/Z15 -> 0.98517314 | AB15: =($B$31-SUM(AC4:AC14))*B13 -> 28.142451 | AC15: =AD15-AB15 -> 693.09535 | AD15: =AD14 -> 721.2378 | AE15: =($B9-SUM(AC4:AC14))/AC15-1 -> 3.060401 | AF15: =(AD$2-COUNTA(AB4:AB15))/AE15 -> 0.9802637 | AG15: =($B$31-SUM(AH4:AH14))*B13 -> 32.976443 | AH15: =AI15-AG15 -> 646.46953 | AI15: =AI14 -> 679.44597 | AJ15: =($B9-SUM(AH4:AH14))/AH15-1 -> 4.101005 | AK15: =(AI$2-COUNTA(AG4:AG15))/AJ15 -> 0.97537067 | AL15: =($B$31-SUM(AM4:AM14))*B13 -> 37.240605 | AM15: =AN15-AL15 -> 605.33995 | AN15: =AN14 -> 642.58055 | AO15: =($B9-SUM(AM4:AM14))/AM15-1 -> 5.1520151 | AP15: =(AN$2-COUNTA(AL4:AL15))/AO15 -> 0.97049406 | AQ15: =($B$31-SUM(AR4:AR14))*B13 -> 41.029908 | AR15: =AS15-AQ15 -> 568.79057 | AS15: =AS14 -> 609.82048 | AT15: =($B9-SUM(AR4:AR14))/AR15-1 -> 6.2135352 | AU15: =(AS$2-COUNTA(AQ4:AQ15))/AT15 -> 0.96563386 | AV15: =($B$31-SUM(AW4:AW14))*B13 -> 44.419331 | AW15: =AX15-AV15 -> 536.0982 | AX15: =AX14 -> 580.51754 | AY15: =($B9-SUM(AW4:AW14))/AW15-1 -> 7.2856706 | AZ15: =(AX$2-COUNTA(AV4:AV15))/AY15 -> 0.96079008 | BA15: =($B$31-SUM(BB4:BB14))*B13 -> 47.468856 | BB15: =BC15-BA15 -> 506.68429 | BC15: =BC14 -> 554.15315 | BD15: =($B9-SUM(BB4:BB14))/BB15-1 -> 8.3685273 | BE15: =(BC$2-COUNTA(BA4:BA15))/BD15 -> 0.95596271
N16: =SUM($N4:N15)-$B9 -> 0 | R16: =($B$31-SUM(S4:S15))*B13 -> 8.1598831 | S16: =T16-R16 -> 815.98831 | T16: =T15 -> 824.1482 | U16: =($B9-SUM(S4:S15))/S16-1 -> 1.3766766e-14 | V16: =(T$2-COUNTA(R4:R16))/U16 -> 0 | W16: =($B$31-SUM(X4:X15))*B13 -> 15.152569 | X16: =Y16-W16 -> 753.85915 | Y16: =Y15 -> 769.01172 | Z16: =($B9-SUM(X4:X15))/X16-1 -> 1.01 | AA16: =(Y$2-COUNTA(W4:W16))/Z16 -> 0.99009901 | AB16: =($B$31-SUM(AC4:AC15))*B13 -> 21.211497 | AC16: =AD16-AB16 -> 700.0263 | AD16: =AD15 -> 721.2378 | AE16: =($B9-SUM(AC4:AC15))/AC16-1 -> 2.0301 | AF16: =(AD$2-COUNTA(AB4:AB16))/AE16 -> 0.98517314 | AG16: =($B$31-SUM(AH4:AH15))*B13 -> 26.511748 | AH16: =AI16-AG16 -> 652.93422 | AI16: =AI15 -> 679.44597 | AJ16: =($B9-SUM(AH4:AH15))/AH16-1 -> 3.060401 | AK16: =(AI$2-COUNTA(AG4:AG16))/AJ16 -> 0.9802637 | AL16: =($B$31-SUM(AM4:AM15))*B13 -> 31.187205 | AM16: =AN16-AL16 -> 611.39335 | AN16: =AN15 -> 642.58055 | AO16: =($B9-SUM(AM4:AM15))/AM16-1 -> 4.101005 | AP16: =(AN$2-COUNTA(AL4:AL16))/AO16 -> 0.97537067 | AQ16: =($B$31-SUM(AR4:AR15))*B13 -> 35.342002 | AR16: =AS16-AQ16 -> 574.47848 | AS16: =AS15 -> 609.82048 | AT16: =($B9-SUM(AR4:AR15))/AR16-1 -> 5.1520151 | AU16: =(AS$2-COUNTA(AQ4:AQ16))/AT16 -> 0.97049406 | AV16: =($B$31-SUM(AW4:AW15))*B13 -> 39.058349 | AW16: =AX16-AV16 -> 541.45919 | AX16: =AX15 -> 580.51754 | AY16: =($B9-SUM(AW4:AW15))/AW16-1 -> 6.2135352 | AZ16: =(AX$2-COUNTA(AV4:AV16))/AY16 -> 0.96563386 | BA16: =($B$31-SUM(BB4:BB15))*B13 -> 42.402013 | BB16: =BC16-BA16 -> 511.75114 | BC16: =BC15 -> 554.15315 | BD16: =($B9-SUM(BB4:BB15))/BB16-1 -> 7.2856706 | BE16: =(BC$2-COUNTA(BA4:BA16))/BD16 -> 0.96079008
S17: =SUM($S4:S16)-$B9 -> 0 | W17: =($B$31-SUM(X4:X16))*B13 -> 7.6139774 | X17: =Y17-W17 -> 761.39774 | Y17: =Y16 -> 769.01172 | Z17: =($B9-SUM(X4:X16))/X17-1 -> 1.5543122e-14 | AA17: 0 | AB17: =($B$31-SUM(AC4:AC16))*B13 -> 14.211234 | AC17: =AD17-AB17 -> 707.02657 | AD17: =AD16 -> 721.2378 | AE17: =($B9-SUM(AC4:AC16))/AC17-1 -> 1.01 | AF17: =(AD$2-COUNTA(AB4:AB17))/AE17 -> 0.99009901 | AG17: =($B$31-SUM(AH4:AH16))*B13 -> 19.982405 | AH17: =AI17-AG17 -> 659.46356 | AI17: =AI16 -> 679.44597 | AJ17: =($B9-SUM(AH4:AH16))/AH17-1 -> 2.0301 | AK17: =(AI$2-COUNTA(AG4:AG17))/AJ17 -> 0.98517314 | AL17: =($B$31-SUM(AM4:AM16))*B13 -> 25.073272 | AM17: =AN17-AL17 -> 617.50728 | AN17: =AN16 -> 642.58055 | AO17: =($B9-SUM(AM4:AM16))/AM17-1 -> 3.060401 | AP17: =(AN$2-COUNTA(AL4:AL17))/AO17 -> 0.9802637 | AQ17: =($B$31-SUM(AR4:AR16))*B13 -> 29.597218 | AR17: =AS17-AQ17 -> 580.22326 | AS17: =AS16 -> 609.82048 | AT17: =($B9-SUM(AR4:AR16))/AR17-1 -> 4.101005 | AU17: =(AS$2-COUNTA(AQ4:AQ17))/AT17 -> 0.97537067 | AV17: =($B$31-SUM(AW4:AW16))*B13 -> 33.643757 | AW17: =AX17-AV17 -> 546.87378 | AX17: =AX16 -> 580.51754 | AY17: =($B9-SUM(AW4:AW16))/AW17-1 -> 5.1520151 | AZ17: =(AX$2-COUNTA(AV4:AV17))/AY17 -> 0.97049406 | BA17: =($B$31-SUM(BB4:BB16))*B13 -> 37.284502 | BB17: =BC17-BA17 -> 516.86865 | BC17: =BC16 -> 554.15315 | BD17: =($B9-SUM(BB4:BB16))/BB17-1 -> 6.2135352 | BE17: =(BC$2-COUNTA(BA4:BA17))/BD17 -> 0.96563386
X18: =SUM($X4:X17)-$B9 -> 0 | AB18: =($B$31-SUM(AC4:AC17))*B13 -> 7.1409683 | AC18: =AD18-AB18 -> 714.09683 | AD18: =AD17 -> 721.2378 | AE18: =($B9-SUM(AC4:AC17))/AC18-1 -> -1.1435297e-14 | AF18: =(AD$2-COUNTA(AB4:AB18))/AE18 -> 0 | AG18: =($B$31-SUM(AH4:AH17))*B13 -> 13.38777 | AH18: =AI18-AG18 -> 666.0582 | AI18: =AI17 -> 679.44597 | AJ18: =($B9-SUM(AH4:AH17))/AH18-1 -> 1.01 | AK18: =(AI$2-COUNTA(AG4:AG18))/AJ18 -> 0.99009901 | AL18: =($B$31-SUM(AM4:AM17))*B13 -> 18.898199 | AM18: =AN18-AL18 -> 623.68235 | AN18: =AN17 -> 642.58055 | AO18: =($B9-SUM(AM4:AM17))/AM18-1 -> 2.0301 | AP18: =(AN$2-COUNTA(AL4:AL18))/AO18 -> 0.98517314 | AQ18: =($B$31-SUM(AR4:AR17))*B13 -> 23.794985 | AR18: =AS18-AQ18 -> 586.02549 | AS18: =AS17 -> 609.82048 | AT18: =($B9-SUM(AR4:AR17))/AR18-1 -> 3.060401 | AU18: =(AS$2-COUNTA(AQ4:AQ18))/AT18 -> 0.9802637 | AV18: =($B$31-SUM(AW4:AW17))*B13 -> 28.175019 | AW18: =AX18-AV18 -> 552.34252 | AX18: =AX17 -> 580.51754 | AY18: =($B9-SUM(AW4:AW17))/AW18-1 -> 4.101005 | AZ18: =(AX$2-COUNTA(AV4:AV18))/AY18 -> 0.97537067 | BA18: =($B$31-SUM(BB4:BB17))*B13 -> 32.115815 | BB18: =BC18-BA18 -> 522.03733 | BC18: =BC17 -> 554.15315 | BD18: =($B9-SUM(BB4:BB17))/BB18-1 -> 5.1520151 | BE18: =(BC$2-COUNTA(BA4:BA18))/BD18 -> 0.97049406
AC19: =SUM($AC4:AC18)-$B9 -> 0 | AG19: =($B$31-SUM(AH4:AH18))*B13 -> 6.7271878 | AH19: =AI19-AG19 -> 672.71878 | AI19: =AI18 -> 679.44597 | AJ19: =($B9-SUM(AH4:AH18))/AH19-1 -> 2.7089442e-14 | AK19: =(AI$2-COUNTA(AG4:AG19))/AJ19 -> 0 | AL19: =($B$31-SUM(AM4:AM18))*B13 -> 12.661375 | AM19: =AN19-AL19 -> 629.91918 | AN19: =AN18 -> 642.58055 | AO19: =($B9-SUM(AM4:AM18))/AM19-1 -> 1.01 | AP19: =(AN$2-COUNTA(AL4:AL19))/AO19 -> 0.99009901 | AQ19: =($B$31-SUM(AR4:AR18))*B13 -> 17.93473 | AR19: =AS19-AQ19 -> 591.88575 | AS19: =AS18 -> 609.82048 | AT19: =($B9-SUM(AR4:AR18))/AR19-1 -> 2.0301 | AU19: =(AS$2-COUNTA(AQ4:AQ19))/AT19 -> 0.98517314 | AV19: =($B$31-SUM(AW4:AW18))*B13 -> 22.651594 | AW19: =AX19-AV19 -> 557.86594 | AX19: =AX18 -> 580.51754 | AY19: =($B9-SUM(AW4:AW18))/AW19-1 -> 3.060401 | AZ19: =(AX$2-COUNTA(AV4:AV19))/AY19 -> 0.9802637 | BA19: =($B$31-SUM(BB4:BB18))*B13 -> 26.895442 | BB19: =BC19-BA19 -> 527.25771 | BC19: =BC18 -> 554.15315 | BD19: =($B9-SUM(BB4:BB18))/BB19-1 -> 4.101005 | BE19: =(BC$2-COUNTA(BA4:BA19))/BD19 -> 0.97537067
AH20: =SUM($AH4:AH19)-$B9 -> -1.8189894e-11 | AL20: =($B$31-SUM(AM4:AM19))*B13 -> 6.3621837 | AM20: =AN20-AL20 -> 636.21837 | AN20: =AN19 -> 642.58055 | AO20: =($B9-SUM(AM4:AM19))/AM20-1 -> 3.2640557e-14 | AP20: =(AN$2-COUNTA(AL5:AL20))/AO20 -> 30636732158983 | AQ20: =($B$31-SUM(AR4:AR19))*B13 -> 12.015873 | AR20: =AS20-AQ20 -> 597.80461 | AS20: =AS19 -> 609.82048 | AT20: =($B9-SUM(AR4:AR19))/AR20-1 -> 1.01 | AU20: =(AS$2-COUNTA(AQ4:AQ20))/AT20 -> 0.99009901 | AV20: =($B$31-SUM(AW4:AW19))*B13 -> 17.072935 | AW20: =AX20-AV20 -> 563.4446 | AX20: =AX19 -> 580.51754 | AY20: =($B9-SUM(AW4:AW19))/AW20-1 -> 2.0301 | AZ20: =(AX$2-COUNTA(AV4:AV20))/AY20 -> 0.98517314 | BA20: =($B$31-SUM(BB4:BB19))*B13 -> 21.622865 | BB20: =BC20-BA20 -> 532.53028 | BC20: =BC19 -> 554.15315 | BD20: =($B9-SUM(BB4:BB19))/BB20-1 -> 3.060401 | BE20: =(BC$2-COUNTA(BA4:BA20))/BD20 -> 0.9802637
AM21: =SUM($AM4:AM20)-$B9 -> -2.0008883e-11 | AQ21: =($B$31-SUM(AR4:AR20))*B13 -> 6.0378265 | AR21: =AS21-AQ21 -> 603.78265 | AS21: =AS20 -> 609.82048 | AT21: =($B9-SUM(AR4:AR20))/AR21-1 -> 3.0198066e-14 | AU21: =(AS$2-COUNTA(AQ4:AQ21))/AT21 -> 0 | AV21: =($B$31-SUM(AW4:AW20))*B13 -> 11.438489 | AW21: =AX21-AV21 -> 569.07905 | AX21: =AX20 -> 580.51754 | AY21: =($B9-SUM(AW4:AW20))/AW21-1 -> 1.01 | AZ21: =(AX$2-COUNTA(AV4:AV21))/AY21 -> 0.99009901 | BA21: =($B$31-SUM(BB4:BB20))*B13 -> 16.297562 | BB21: =BC21-BA21 -> 537.85559 | BC21: =BC20 -> 554.15315 | BD21: =($B9-SUM(BB4:BB20))/BB21-1 -> 2.0301 | BE21: =(BC$2-COUNTA(BA4:BA21))/BD21 -> 0.98517314
AR22: =SUM($AR4:AR21)-$B9 -> -1.8189894e-11 | AV22: =($B$31-SUM(AW4:AW21))*B13 -> 5.7476984 | AW22: =AX22-AV22 -> 574.76984 | AX22: =AX21 -> 580.51754 | AY22: =($B9-SUM(AW4:AW21))/AW22-1 -> 9.1038288e-15 | AZ22: =(AX$2-COUNTA(AV4:AV22))/AY22 -> 0 | BA22: =($B$31-SUM(BB4:BB21))*B13 -> 10.919006 | BB22: =BC22-BA22 -> 543.23414 | BC22: =BC21 -> 554.15315 | BD22: =($B9-SUM(BB4:BB21))/BB22-1 -> 1.01 | BE22: =(BC$2-COUNTA(BA4:BA22))/BD22 -> 0.99009901
AW23: =SUM($AW4:AW22)-$B9 -> 0 | BA23: =($B$31-SUM(BB4:BB22))*B13 -> 5.4866648 | BB23: =BC23-BA23 -> 548.66648 | BC23: =BC22 -> 554.15315 | BD23: =($B9-SUM(BB4:BB22))/BB23-1 -> 2.6867397e-14 | BE23: =(BC$2-COUNTA(BA4:BA23))/BD23 -> 0
BB24: =SUM($BB4:BB23)-$B9 -> -1.4551915e-11
C26: =$B31*B35 -> 200 | D26: =E26-C26 -> 913.26528 | E26: =$B31*$B35/(1-(1+$B35)^-$E$2) -> 1113.2653 | F26: =$B31/D26-1 -> 9.949721 | G26: =(E$2-COUNTA(C26:C26))/F26 -> 0.90454798 | H26: =$B31*B35 -> 200 | I26: =J26-H26 -> 821.77943 | J26: =$B31*$B35/(1-(1+$B35)^-$J$2) -> 1021.7794 | K26: =$B31/I26-1 -> 11.168715 | L26: =(J$2-COUNTA(H26:H26))/K26 -> 0.89535812 | M26: =$B31*B35 -> 200 | N26: =O26-M26 -> 745.59597 | O26: =$B31*$B35/(1-(1+$B35)^-$O$2) -> 945.59597 | P26: =$B31/N26-1 -> 12.41209 | Q26: =(O$2-COUNTA(M26:M26))/P26 -> 0.88623272 | R26: =$B31*B35 -> 200 | S26: =T26-R26 -> 681.18353 | T26: =$B31*$B35/(1-(1+$B35)^-$T$2) -> 881.18353 | U26: =$B31/S26-1 -> 13.680332 | V26: =(T$2-COUNTA(R26:R26))/U26 -> 0.87717172 | W26: =$B31*B35 -> 200 | X26: =Y26-W26 -> 626.0197 | Y26: =$B31*$B35/(1-(1+$B35)^-$Y$2) -> 826.0197 | Z26: =$B31/X26-1 -> 14.973938 | AA26: =(Y$2-COUNTA(W26:W26))/Z26 -> 0.86817508 | AB26: =$B31*B35 -> 200 | AC26: =AD26-AB26 -> 578.25472 | AD26: =$B31*$B35/(1-(1+$B35)^-$AD$2) -> 778.25472 | AE26: =$B31/AC26-1 -> 16.293417 | AF26: =(AD$2-COUNTA(AB26:AB26))/AE26 -> 0.85924273 | AG26: =$B31*B35 -> 200 | AH26: =AI26-AG26 -> 536.50126 | AI26: =$B31*$B35/(1-(1+$B35)^-$AI$2) -> 736.50126 | AJ26: =$B31/AH26-1 -> 17.639285 | AK26: =(AI$2-COUNTA(AG26:AG26))/AJ26 -> 0.85037459 | AL26: =$B31*B35 -> 200 | AM26: =AN26-AL26 -> 499.69841 | AN26: =$B31*$B35/(1-(1+$B35)^-$AN$2) -> 699.69841 | AO26: =$B31/AM26-1 -> 19.012071 | AP26: =(AN$2-COUNTA(AL26:AL26))/AO26 -> 0.8415706 | AQ26: =$B31*B35 -> 200 | AR26: =AS26-AQ26 -> 467.02102 | AS26: =$B31*$B35/(1-(1+$B35)^-$AS$2) -> 667.02102 | AT26: =$B31/AR26-1 -> 20.412312 | AU26: =(AS$2-COUNTA(AQ26:AQ26))/AT26 -> 0.83283068 | AV26: =$B31*B35 -> 200 | AW26: =AX26-AV26 -> 437.81766 | AX26: =$B31*$B35/(1-(1+$B35)^-$AX$2) -> 637.81766 | AY26: =$B31/AW26-1 -> 21.840559 | AZ26: =(AX$2-COUNTA(AV26:AV26))/AY26 -> 0.82415474 | BA26: =$B31*B35 -> 200 | BB26: =BC26-BA26 -> 411.56718 | BC26: =$B31*$B35/(1-(1+$B35)^-$BC$2) -> 611.56718 | BD26: =$B31/BB26-1 -> 23.29737 | BE26: =(BC$2-COUNTA(BA26:BA26))/BD26 -> 0.81554271
C27: =($B$31-SUM(D26:D26))*B35 -> 181.73469 | D27: =E27-C27 -> 931.53058 | E27: =E26 -> 1113.2653 | F27: =($B31-SUM(D26:D26))/D27-1 -> 8.7546284 | G27: =(E$2-COUNTA(C26:C27))/F27 -> 0.91380235 | H27: =($B$31-SUM(I26:I26))*B35 -> 183.56441 | I27: =J27-H27 -> 838.21502 | J27: =J26 -> 1021.7794 | K27: =($B31-SUM(I26:I26))/I27-1 -> 9.949721 | L27: =(J$2-COUNTA(H26:H27))/K27 -> 0.90454798 | M27: =($B$31-SUM(N26:N26))*B35 -> 185.08808 | N27: =O27-M27 -> 760.50789 | O27: =O26 -> 945.59597 | P27: =($B31-SUM(N26:N26))/N27-1 -> 11.168715 | Q27: =(O$2-COUNTA(M26:M27))/P27 -> 0.89535812 | R27: =($B$31-SUM(S26:S26))*B35 -> 186.37633 | S27: =T27-R27 -> 694.8072 | T27: =T26 -> 881.18353 | U27: =($B31-SUM(S26:S26))/S27-1 -> 12.41209 | V27: =(T$2-COUNTA(R26:R27))/U27 -> 0.88623272 | W27: =($B$31-SUM(X26:X26))*B35 -> 187.47961 | X27: =Y27-W27 -> 638.5401 | Y27: =Y26 -> 826.0197 | Z27: =($B31-SUM(X26:X26))/X27-1 -> 13.680332 | AA27: =(Y$2-COUNTA(W26:W27))/Z27 -> 0.87717172 | AB27: =($B$31-SUM(AC26:AC26))*B35 -> 188.43491 | AC27: =AD27-AB27 -> 589.81982 | AD27: =AD26 -> 778.25472 | AE27: =($B31-SUM(AC26:AC26))/AC27-1 -> 14.973938 | AF27: =(AD$2-COUNTA(AB26:AB27))/AE27 -> 0.86817508 | AG27: =($B$31-SUM(AH26:AH26))*B35 -> 189.26997 | AH27: =AI27-AG27 -> 547.23128 | AI27: =AI26 -> 736.50126 | AJ27: =($B31-SUM(AH26:AH26))/AH27-1 -> 16.293417 | AK27: =(AI$2-COUNTA(AG26:AG27))/AJ27 -> 0.85924273 | AL27: =($B$31-SUM(AM26:AM26))*B35 -> 190.00603 | AM27: =AN27-AL27 -> 509.69238 | AN27: =AN26 -> 699.69841 | AO27: =($B31-SUM(AM26:AM26))/AM27-1 -> 17.639285 | AP27: =(AN$2-COUNTA(AL26:AL27))/AO27 -> 0.85037459 | AQ27: =($B$31-SUM(AR26:AR26))*B35 -> 190.65958 | AR27: =AS27-AQ27 -> 476.36144 | AS27: =AS26 -> 667.02102 | AT27: =($B31-SUM(AR26:AR26))/AR27-1 -> 19.012071 | AU27: =(AS$2-COUNTA(AQ26:AQ27))/AT27 -> 0.8415706 | AV27: =($B$31-SUM(AW26:AW26))*B35 -> 191.24365 | AW27: =AX27-AV27 -> 446.57402 | AX27: =AX26 -> 637.81766 | AY27: =($B31-SUM(AW26:AW26))/AW27-1 -> 20.412312 | AZ27: =(AX$2-COUNTA(AV26:AV27))/AY27 -> 0.83283068 | BA27: =($B$31-SUM(BB26:BB26))*B35 -> 191.76866 | BB27: =BC27-BA27 -> 419.79852 | BC27: =BC26 -> 611.56718 | BD27: =($B31-SUM(BB26:BB26))/BB27-1 -> 21.840559 | BE27: =(BC$2-COUNTA(BA26:BA27))/BD27 -> 0.82415474
C28: =($B$31-SUM(D26:D27))*B35 -> 163.10408 | D28: =E28-C28 -> 950.1612 | E28: =E27 -> 1113.2653 | F28: =($B31-SUM(D26:D27))/D28-1 -> 7.5829691 | G28: =(E$2-COUNTA(C26:C28))/F28 -> 0.92312127 | H28: =($B$31-SUM(I26:I27))*B35 -> 166.80011 | I28: =J28-H28 -> 854.97932 | J28: =J27 -> 1021.7794 | K28: =($B31-SUM(I26:I27))/I28-1 -> 8.7546284 | L28: =(J$2-COUNTA(H26:H28))/K28 -> 0.91380235 | M28: =($B$31-SUM(N26:N27))*B35 -> 169.87792 | N28: =O28-M28 -> 775.71804 | O28: =O27 -> 945.59597 | P28: =($B31-SUM(N26:N27))/N28-1 -> 9.949721 | Q28: =(O$2-COUNTA(M26:M28))/P28 -> 0.90454798 | R28: =($B$31-SUM(S26:S27))*B35 -> 172.48019 | S28: =T28-R28 -> 708.70334 | T28: =T27 -> 881.18353 | U28: =($B31-SUM(S26:S27))/S28-1 -> 11.168715 | V28: =(T$2-COUNTA(R26:R28))/U28 -> 0.89535812 | W28: =($B$31-SUM(X26:X27))*B35 -> 174.7088 | X28: =Y28-W28 -> 651.3109 | Y28: =Y27 -> 826.0197 | Z28: =($B31-SUM(X26:X27))/X28-1 -> 12.41209 | AA28: =(Y$2-COUNTA(W26:W28))/Z28 -> 0.88623272 | AB28: =($B$31-SUM(AC26:AC27))*B35 -> 176.63851 | AC28: =AD28-AB28 -> 601.61621 | AD28: =AD27 -> 778.25472 | AE28: =($B31-SUM(AC26:AC27))/AC28-1 -> 13.680332 | AF28: =(AD$2-COUNTA(AB26:AB28))/AE28 -> 0.87717172 | AG28: =($B$31-SUM(AH26:AH27))*B35 -> 178.32535 | AH28: =AI28-AG28 -> 558.17591 | AI28: =AI27 -> 736.50126 | AJ28: =($B31-SUM(AH26:AH27))/AH28-1 -> 14.973938 | AK28: =(AI$2-COUNTA(AG26:AG28))/AJ28 -> 0.86817508 | AL28: =($B$31-SUM(AM26:AM27))*B35 -> 179.81218 | AM28: =AN28-AL28 -> 519.88622 | AN28: =AN27 -> 699.69841 | AO28: =($B31-SUM(AM26:AM27))/AM28-1 -> 16.293417 | AP28: =(AN$2-COUNTA(AL26:AL28))/AO28 -> 0.85924273 | AQ28: =($B$31-SUM(AR26:AR27))*B35 -> 181.13235 | AR28: =AS28-AQ28 -> 485.88867 | AS28: =AS27 -> 667.02102 | AT28: =($B31-SUM(AR26:AR27))/AR28-1 -> 17.639285 | AU28: =(AS$2-COUNTA(AQ26:AQ28))/AT28 -> 0.85037459 | AV28: =($B$31-SUM(AW26:AW27))*B35 -> 182.31217 | AW28: =AX28-AV28 -> 455.5055 | AX28: =AX27 -> 637.81766 | AY28: =($B31-SUM(AW26:AW27))/AW28-1 -> 19.012071 | AZ28: =(AX$2-COUNTA(AV26:AV28))/AY28 -> 0.8415706 | BA28: =($B$31-SUM(BB26:BB27))*B35 -> 183.37269 | BB28: =BC28-BA28 -> 428.1945 | BC28: =BC27 -> 611.56718 | BD28: =($B31-SUM(BB26:BB27))/BB28-1 -> 20.412312 | BE28: =(BC$2-COUNTA(BA26:BA28))/BD28 -> 0.83283068
C29: =($B$31-SUM(D26:D28))*B35 -> 144.10086 | D29: =E29-C29 -> 969.16442 | E29: =E28 -> 1113.2653 | F29: =($B31-SUM(D26:D28))/D29-1 -> 6.4342834 | G29: =(E$2-COUNTA(C26:C29))/F29 -> 0.93250478 | H29: =($B$31-SUM(I26:I28))*B35 -> 149.70052 | I29: =J29-H29 -> 872.0789 | J29: =J28 -> 1021.7794 | K29: =($B31-SUM(I26:I28))/I29-1 -> 7.5829691 | L29: =(J$2-COUNTA(H26:H29))/K29 -> 0.92312127 | M29: =($B$31-SUM(N26:N28))*B35 -> 154.36356 | N29: =O29-M29 -> 791.2324 | O29: =O28 -> 945.59597 | P29: =($B31-SUM(N26:N28))/N29-1 -> 8.7546284 | Q29: =(O$2-COUNTA(M26:M29))/P29 -> 0.91380235 | R29: =($B$31-SUM(S26:S28))*B35 -> 158.30612 | S29: =T29-R29 -> 722.87741 | T29: =T28 -> 881.18353 | U29: =($B31-SUM(S26:S28))/S29-1 -> 9.949721 | V29: =(T$2-COUNTA(R26:R29))/U29 -> 0.90454798 | W29: =($B$31-SUM(X26:X28))*B35 -> 161.68259 | X29: =Y29-W29 -> 664.33712 | Y29: =Y28 -> 826.0197 | Z29: =($B31-SUM(X26:X28))/X29-1 -> 11.168715 | AA29: =(Y$2-COUNTA(W26:W29))/Z29 -> 0.89535812 | AB29: =($B$31-SUM(AC26:AC28))*B35 -> 164.60618 | AC29: =AD29-AB29 -> 613.64854 | AD29: =AD28 -> 778.25472 | AE29: =($B31-SUM(AC26:AC28))/AC29-1 -> 12.41209 | AF29: =(AD$2-COUNTA(AB26:AB29))/AE29 -> 0.88623272 | AG29: =($B$31-SUM(AH26:AH28))*B35 -> 167.16183 | AH29: =AI29-AG29 -> 569.33943 | AI29: =AI28 -> 736.50126 | AJ29: =($B31-SUM(AH26:AH28))/AH29-1 -> 13.680332 | AK29: =(AI$2-COUNTA(AG26:AG29))/AJ29 -> 0.87717172 | AL29: =($B$31-SUM(AM26:AM28))*B35 -> 169.41446 | AM29: =AN29-AL29 -> 530.28395 | AN29: =AN28 -> 699.69841 | AO29: =($B31-SUM(AM26:AM28))/AM29-1 -> 14.973938 | AP29: =(AN$2-COUNTA(AL26:AL29))/AO29 -> 0.86817508 | AQ29: =($B$31-SUM(AR26:AR28))*B35 -> 171.41458 | AR29: =AS29-AQ29 -> 495.60644 | AS29: =AS28 -> 667.02102 | AT29: =($B31-SUM(AR26:AR28))/AR29-1 -> 16.293417 | AU29: =(AS$2-COUNTA(AQ26:AQ29))/AT29 -> 0.85924273 | AV29: =($B$31-SUM(AW26:AW28))*B35 -> 173.20206 | AW29: =AX29-AV29 -> 464.61561 | AX29: =AX28 -> 637.81766 | AY29: =($B31-SUM(AW26:AW28))/AW29-1 -> 17.639285 | AZ29: =(AX$2-COUNTA(AV26:AV29))/AY29 -> 0.85037459 | BA29: =($B$31-SUM(BB26:BB28))*B35 -> 174.8088 | BB29: =BC29-BA29 -> 436.75839 | BC29: =BC28 -> 611.56718 | BD29: =($B31-SUM(BB26:BB28))/BB29-1 -> 19.012071 | BE29: =(BC$2-COUNTA(BA26:BA29))/BD29 -> 0.8415706
C30: =($B$31-SUM(D26:D29))*B35 -> 124.71757 | D30: =E30-C30 -> 988.54771 | E30: =E29 -> 1113.2653 | F30: =($B31-SUM(D26:D29))/D30-1 -> 5.308121 | G30: =(E$2-COUNTA(C26:C30))/F30 -> 0.94195291 | H30: =($B$31-SUM(I26:I29))*B35 -> 132.25895 | I30: =J30-H30 -> 889.52048 | J30: =J29 -> 1021.7794 | K30: =($B31-SUM(I26:I29))/I30-1 -> 6.4342834 | L30: =(J$2-COUNTA(H26:H30))/K30 -> 0.93250478 | M30: =($B$31-SUM(N26:N29))*B35 -> 138.53891 | N30: =O30-M30 -> 807.05705 | O30: =O29 -> 945.59597 | P30: =($B31-SUM(N26:N29))/N30-1 -> 7.5829691 | Q30: =(O$2-COUNTA(M26:M30))/P30 -> 0.92312127 | R30: =($B$31-SUM(S26:S29))*B35 -> 143.84857 | S30: =T30-R30 -> 737.33496 | T30: =T29 -> 881.18353 | U30: =($B31-SUM(S26:S29))/S30-1 -> 8.7546284 | V30: =(T$2-COUNTA(R26:R30))/U30 -> 0.91380235 | W30: =($B$31-SUM(X26:X29))*B35 -> 148.39584 | X30: =Y30-W30 -> 677.62386 | Y30: =Y29 -> 826.0197 | Z30: =($B31-SUM(X26:X29))/X30-1 -> 9.949721 | AA30: =(Y$2-COUNTA(W26:W30))/Z30 -> 0.90454798 | AB30: =($B$31-SUM(AC26:AC29))*B35 -> 152.33321 | AC30: =AD30-AB30 -> 625.92151 | AD30: =AD29 -> 778.25472 | AE30: =($B31-SUM(AC26:AC29))/AC30-1 -> 11.168715 | AF30: =(AD$2-COUNTA(AB26:AB30))/AE30 -> 0.89535812 | AG30: =($B$31-SUM(AH26:AH29))*B35 -> 155.77504 | AH30: =AI30-AG30 -> 580.72622 | AI30: =AI29 -> 736.50126 | AJ30: =($B31-SUM(AH26:AH29))/AH30-1 -> 12.41209 | AK30: =(AI$2-COUNTA(AG26:AG30))/AJ30 -> 0.88623272 | AL30: =($B$31-SUM(AM26:AM29))*B35 -> 158.80878 | AM30: =AN30-AL30 -> 540.88963 | AN30: =AN29 -> 699.69841 | AO30: =($B31-SUM(AM26:AM29))/AM30-1 -> 13.680332 | AP30: =(AN$2-COUNTA(AL26:AL30))/AO30 -> 0.87717172 | AQ30: =($B$31-SUM(AR26:AR29))*B35 -> 161.50245 | AR30: =AS30-AQ30 -> 505.51857 | AS30: =AS29 -> 667.02102 | AT30: =($B31-SUM(AR26:AR29))/AR30-1 -> 14.973938 | AU30: =(AS$2-COUNTA(AQ26:AQ30))/AT30 -> 0.86817508 | AV30: =($B$31-SUM(AW26:AW29))*B35 -> 163.90974 | AW30: =AX30-AV30 -> 473.90792 | AX30: =AX29 -> 637.81766 | AY30: =($B31-SUM(AW26:AW29))/AW30-1 -> 16.293417 | AZ30: =(AX$2-COUNTA(AV26:AV30))/AY30 -> 0.85924273 | BA30: =($B$31-SUM(BB26:BB29))*B35 -> 166.07363 | BB30: =BC30-BA30 -> 445.49355 | BC30: =BC29 -> 611.56718 | BD30: =($B31-SUM(BB26:BB29))/BB30-1 -> 17.639285 | BE30: =(BC$2-COUNTA(BA26:BA30))/BD30 -> 0.85037459
A31: K | B31: 10000 | C31: =($B$31-SUM(D26:D30))*B35 -> 104.94662 | D31: =E31-C31 -> 1008.3187 | E31: =E30 -> 1113.2653 | F31: =($B31-SUM(D26:D30))/D31-1 -> 4.2040402 | G31: =(E$2-COUNTA(C26:C31))/F31 -> 0.9514657 | H31: =($B$31-SUM(I26:I30))*B35 -> 114.46854 | I31: =J31-H31 -> 907.31089 | J31: =J30 -> 1021.7794 | K31: =($B31-SUM(I26:I30))/I31-1 -> 5.308121 | L31: =(J$2-COUNTA(H26:H31))/K31 -> 0.94195291 | M31: =($B$31-SUM(N26:N30))*B35 -> 122.39777 | N31: =O31-M31 -> 823.19819 | O31: =O30 -> 945.59597 | P31: =($B31-SUM(N26:N30))/N31-1 -> 6.4342834 | Q31: =(O$2-COUNTA(M26:M31))/P31 -> 0.93250478 | R31: =($B$31-SUM(S26:S30))*B35 -> 129.10187 | S31: =T31-R31 -> 752.08166 | T31: =T30 -> 881.18353 | U31: =($B31-SUM(S26:S30))/S31-1 -> 7.5829691 | V31: =(T$2-COUNTA(R26:R31))/U31 -> 0.92312127 | W31: =($B$31-SUM(X26:X30))*B35 -> 134.84337 | X31: =Y31-W31 -> 691.17634 | Y31: =Y30 -> 826.0197 | Z31: =($B31-SUM(X26:X30))/X31-1 -> 8.7546284 | AA31: =(Y$2-COUNTA(W26:W31))/Z31 -> 0.91380235 | AB31: =($B$31-SUM(AC26:AC30))*B35 -> 139.81478 | AC31: =AD31-AB31 -> 638.43994 | AD31: =AD30 -> 778.25472 | AE31: =($B31-SUM(AC26:AC30))/AC31-1 -> 9.949721 | AF31: =(AD$2-COUNTA(AB26:AB31))/AE31 -> 0.90454798 | AG31: =($B$31-SUM(AH26:AH30))*B35 -> 144.16052 | AH31: =AI31-AG31 -> 592.34074 | AI31: =AI30 -> 736.50126 | AJ31: =($B31-SUM(AH26:AH30))/AH31-1 -> 11.168715 | AK31: =(AI$2-COUNTA(AG26:AG31))/AJ31 -> 0.89535812 | AL31: =($B$31-SUM(AM26:AM30))*B35 -> 147.99099 | AM31: =AN31-AL31 -> 551.70742 | AN31: =AN30 -> 699.69841 | AO31: =($B31-SUM(AM26:AM30))/AM31-1 -> 12.41209 | AP31: =(AN$2-COUNTA(AL26:AL31))/AO31 -> 0.88623272 | AQ31: =($B$31-SUM(AR26:AR30))*B35 -> 151.39208 | AR31: =AS31-AQ31 -> 515.62894 | AS31: =AS30 -> 667.02102 | AT31: =($B31-SUM(AR26:AR30))/AR31-1 -> 13.680332 | AU31: =(AS$2-COUNTA(AQ26:AQ31))/AT31 -> 0.87717172 | AV31: =($B$31-SUM(AW26:AW30))*B35 -> 154.43159 | AW31: =AX31-AV31 -> 483.38608 | AX31: =AX30 -> 637.81766 | AY31: =($B31-SUM(AW26:AW30))/AW31-1 -> 14.973938 | AZ31: =(AX$2-COUNTA(AV26:AV31))/AY31 -> 0.86817508 | BA31: =($B$31-SUM(BB26:BB30))*B35 -> 157.16376 | BB31: =BC31-BA31 -> 454.40342 | BC31: =BC30 -> 611.56718 | BD31: =($B31-SUM(BB26:BB30))/BB31-1 -> 16.293417 | BE31: =(BC$2-COUNTA(BA26:BA31))/BD31 -> 0.85924273
C32: =($B$31-SUM(D26:D31))*B35 -> 84.780243 | D32: =E32-C32 -> 1028.485 | E32: =E31 -> 1113.2653 | F32: =($B31-SUM(D26:D31))/D32-1 -> 3.121608 | G32: =(E$2-COUNTA(C26:C32))/F32 -> 0.96104315 | H32: =($B$31-SUM(I26:I31))*B35 -> 96.322319 | I32: =J32-H32 -> 925.45711 | J32: =J31 -> 1021.7794 | K32: =($B31-SUM(I26:I31))/I32-1 -> 4.2040402 | L32: =(J$2-COUNTA(H26:H32))/K32 -> 0.9514657 | M32: =($B$31-SUM(N26:N31))*B35 -> 105.93381 | N32: =O32-M32 -> 839.66216 | O32: =O31 -> 945.59597 | P32: =($B31-SUM(N26:N31))/N32-1 -> 5.308121 | Q32: =(O$2-COUNTA(M26:M32))/P32 -> 0.94195291 | R32: =($B$31-SUM(S26:S31))*B35 -> 114.06024 | S32: =T32-R32 -> 767.12329 | T32: =T31 -> 881.18353 | U32: =($B31-SUM(S26:S31))/S32-1 -> 6.4342834 | V32: =(T$2-COUNTA(R26:R32))/U32 -> 0.93250478 | W32: =($B$31-SUM(X26:X31))*B35 -> 121.01984 | X32: =Y32-W32 -> 704.99986 | Y32: =Y31 -> 826.0197 | Z32: =($B31-SUM(X26:X31))/X32-1 -> 7.5829691 | AA32: =(Y$2-COUNTA(W26:W32))/Z32 -> 0.92312127 | AB32: =($B$31-SUM(AC26:AC31))*B35 -> 127.04599 | AC32: =AD32-AB32 -> 651.20874 | AD32: =AD31 -> 778.25472 | AE32: =($B31-SUM(AC26:AC31))/AC32-1 -> 8.7546284 | AF32: =(AD$2-COUNTA(AB26:AB32))/AE32 -> 0.91380235 | AG32: =($B$31-SUM(AH26:AH31))*B35 -> 132.3137 | AH32: =AI32-AG32 -> 604.18756 | AI32: =AI31 -> 736.50126 | AJ32: =($B31-SUM(AH26:AH31))/AH32-1 -> 9.949721 | AK32: =(AI$2-COUNTA(AG26:AG32))/AJ32 -> 0.90454798 | AL32: =($B$31-SUM(AM26:AM31))*B35 -> 136.95684 | AM32: =AN32-AL32 -> 562.74157 | AN32: =AN31 -> 699.69841 | AO32: =($B31-SUM(AM26:AM31))/AM32-1 -> 11.168715 | AP32: =(AN$2-COUNTA(AL26:AL32))/AO32 -> 0.89535812 | AQ32: =($B$31-SUM(AR26:AR31))*B35 -> 141.0795 | AR32: =AS32-AQ32 -> 525.94152 | AS32: =AS31 -> 667.02102 | AT32: =($B31-SUM(AR26:AR31))/AR32-1 -> 12.41209 | AU32: =(AS$2-COUNTA(AQ26:AQ32))/AT32 -> 0.88623272 | AV32: =($B$31-SUM(AW26:AW31))*B35 -> 144.76386 | AW32: =AX32-AV32 -> 493.0538 | AX32: =AX31 -> 637.81766 | AY32: =($B31-SUM(AW26:AW31))/AW32-1 -> 13.680332 | AZ32: =(AX$2-COUNTA(AV26:AV32))/AY32 -> 0.87717172 | BA32: =($B$31-SUM(BB26:BB31))*B35 -> 148.07569 | BB32: =BC32-BA32 -> 463.49149 | BC32: =BC31 -> 611.56718 | BD32: =($B31-SUM(BB26:BB31))/BB32-1 -> 14.973938 | BE32: =(BC$2-COUNTA(BA26:BA32))/BD32 -> 0.86817508
C33: =($B$31-SUM(D26:D32))*B35 -> 64.210542 | D33: =E33-C33 -> 1049.0547 | E33: =E32 -> 1113.2653 | F33: =($B31-SUM(D26:D32))/D33-1 -> 2.0604 | G33: =(E$2-COUNTA(C26:C33))/F33 -> 0.9706853 | H33: =($B$31-SUM(I26:I32))*B35 -> 77.813177 | I33: =J33-H33 -> 943.96625 | J33: =J32 -> 1021.7794 | K33: =($B31-SUM(I26:I32))/I33-1 -> 3.121608 | L33: =(J$2-COUNTA(H26:H33))/K33 -> 0.96104315 | M33: =($B$31-SUM(N26:N32))*B35 -> 89.140566 | N33: =O33-M33 -> 856.4554 | O33: =O32 -> 945.59597 | P33: =($B31-SUM(N26:N32))/N33-1 -> 4.2040402 | Q33: =(O$2-COUNTA(M26:M33))/P33 -> 0.9514657 | R33: =($B$31-SUM(S26:S32))*B35 -> 98.717773 | S33: =T33-R33 -> 782.46575 | T33: =T32 -> 881.18353 | U33: =($B31-SUM(S26:S32))/S33-1 -> 5.308121 | V33: =(T$2-COUNTA(R26:R33))/U33 -> 0.94195291 | W33: =($B$31-SUM(X26:X32))*B35 -> 106.91984 | X33: =Y33-W33 -> 719.09986 | Y33: =Y32 -> 826.0197 | Z33: =($B31-SUM(X26:X32))/X33-1 -> 6.4342834 | AA33: =(Y$2-COUNTA(W26:W33))/Z33 -> 0.93250478 | AB33: =($B$31-SUM(AC26:AC32))*B35 -> 114.02181 | AC33: =AD33-AB33 -> 664.23291 | AD33: =AD32 -> 778.25472 | AE33: =($B31-SUM(AC26:AC32))/AC33-1 -> 7.5829691 | AF33: =(AD$2-COUNTA(AB26:AB33))/AE33 -> 0.92312127 | AG33: =($B$31-SUM(AH26:AH32))*B35 -> 120.22995 | AH33: =AI33-AG33 -> 616.27131 | AI33: =AI32 -> 736.50126 | AJ33: =($B31-SUM(AH26:AH32))/AH33-1 -> 8.7546284 | AK33: =(AI$2-COUNTA(AG26:AG33))/AJ33 -> 0.91380235 | AL33: =($B$31-SUM(AM26:AM32))*B35 -> 125.70201 | AM33: =AN33-AL33 -> 573.9964 | AN33: =AN32 -> 699.69841 | AO33: =($B31-SUM(AM26:AM32))/AM33-1 -> 9.949721 | AP33: =(AN$2-COUNTA(AL26:AL33))/AO33 -> 0.90454798 | AQ33: =($B$31-SUM(AR26:AR32))*B35 -> 130.56067 | AR33: =AS33-AQ33 -> 536.46035 | AS33: =AS32 -> 667.02102 | AT33: =($B31-SUM(AR26:AR32))/AR33-1 -> 11.168715 | AU33: =(AS$2-COUNTA(AQ26:AQ33))/AT33 -> 0.89535812 | AV33: =($B$31-SUM(AW26:AW32))*B35 -> 134.90279 | AW33: =AX33-AV33 -> 502.91487 | AX33: =AX32 -> 637.81766 | AY33: =($B31-SUM(AW26:AW32))/AW33-1 -> 12.41209 | AZ33: =(AX$2-COUNTA(AV26:AV33))/AY33 -> 0.88623272 | BA33: =($B$31-SUM(BB26:BB32))*B35 -> 138.80586 | BB33: =BC33-BA33 -> 472.76132 | BC33: =BC32 -> 611.56718 | BD33: =($B31-SUM(BB26:BB32))/BB33-1 -> 13.680332 | BE33: =(BC$2-COUNTA(BA26:BA33))/BD33 -> 0.87717172
C34: =($B$31-SUM(D26:D33))*B35 -> 43.229448 | D34: =E34-C34 -> 1070.0358 | E34: =E33 -> 1113.2653 | F34: =($B31-SUM(D26:D33))/D34-1 -> 1.02 | G34: =(E$2-COUNTA(C26:C34))/F34 -> 0.98039216 | H34: =($B$31-SUM(I26:I33))*B35 -> 58.933852 | I34: =J34-H34 -> 962.84558 | J34: =J33 -> 1021.7794 | K34: =($B31-SUM(I26:I33))/I34-1 -> 2.0604 | L34: =(J$2-COUNTA(H26:H34))/K34 -> 0.9706853 | M34: =($B$31-SUM(N26:N33))*B35 -> 72.011458 | N34: =O34-M34 -> 873.58451 | O34: =O33 -> 945.59597 | P34: =($B31-SUM(N26:N33))/N34-1 -> 3.121608 | Q34: =(O$2-COUNTA(M26:M34))/P34 -> 0.96104315 | R34: =($B$31-SUM(S26:S33))*B35 -> 83.068457 | S34: =T34-R34 -> 798.11507 | T34: =T33 -> 881.18353 | U34: =($B31-SUM(S26:S33))/S34-1 -> 4.2040402 | V34: =(T$2-COUNTA(R26:R34))/U34 -> 0.9514657 | W34: =($B$31-SUM(X26:X33))*B35 -> 92.537845 | X34: =Y34-W34 -> 733.48186 | Y34: =Y33 -> 826.0197 | Z34: =($B31-SUM(X26:X33))/X34-1 -> 5.308121 | AA34: =(Y$2-COUNTA(W26:W34))/Z34 -> 0.94195291 | AB34: =($B$31-SUM(AC26:AC33))*B35 -> 100.73715 | AC34: =AD34-AB34 -> 677.51757 | AD34: =AD33 -> 778.25472 | AE34: =($B31-SUM(AC26:AC33))/AC34-1 -> 6.4342834 | AF34: =(AD$2-COUNTA(AB26:AB34))/AE34 -> 0.93250478 | AG34: =($B$31-SUM(AH26:AH33))*B35 -> 107.90453 | AH34: =AI34-AG34 -> 628.59673 | AI34: =AI33 -> 736.50126 | AJ34: =($B31-SUM(AH26:AH33))/AH34-1 -> 7.5829691 | AK34: =(AI$2-COUNTA(AG26:AG34))/AJ34 -> 0.92312127 | AL34: =($B$31-SUM(AM26:AM33))*B35 -> 114.22208 | AM34: =AN34-AL34 -> 585.47633 | AN34: =AN33 -> 699.69841 | AO34: =($B31-SUM(AM26:AM33))/AM34-1 -> 8.7546284 | AP34: =(AN$2-COUNTA(AL26:AL34))/AO34 -> 0.91380235 | AQ34: =($B$31-SUM(AR26:AR33))*B35 -> 119.83146 | AR34: =AS34-AQ34 -> 547.18956 | AS34: =AS33 -> 667.02102 | AT34: =($B31-SUM(AR26:AR33))/AR34-1 -> 9.949721 | AU34: =(AS$2-COUNTA(AQ26:AQ34))/AT34 -> 0.90454798 | AV34: =($B$31-SUM(AW26:AW33))*B35 -> 124.84449 | AW34: =AX34-AV34 -> 512.97317 | AX34: =AX33 -> 637.81766 | AY34: =($B31-SUM(AW26:AW33))/AW34-1 -> 11.168715 | AZ34: =(AX$2-COUNTA(AV26:AV34))/AY34 -> 0.89535812 | BA34: =($B$31-SUM(BB26:BB33))*B35 -> 129.35063 | BB34: =BC34-BA34 -> 482.21655 | BC34: =BC33 -> 611.56718 | BD34: =($B31-SUM(BB26:BB33))/BB34-1 -> 12.41209 | BE34: =(BC$2-COUNTA(BA26:BA34))/BD34 -> 0.88623272
A35: Taux | B35: 0.02 | C35: =($B$31-SUM(D26:D34))*B35 -> 21.828731 | D35: =E35-C35 -> 1091.4365 | E35: =E34 -> 1113.2653 | F35: =($B31-SUM(D26:D34))/D35-1 -> -3.9968029e-15 | G35: =(E$2-COUNTA(C26:C35))/F35 -> 0 | H35: =($B$31-SUM(I26:I34))*B35 -> 39.676941 | I35: =J35-H35 -> 982.10249 | J35: =J34 -> 1021.7794 | K35: =($B31-SUM(I26:I34))/I35-1 -> 1.02 | L35: =(J$2-COUNTA(H26:H35))/K35 -> 0.98039216 | M35: =($B$31-SUM(N26:N34))*B35 -> 54.539768 | N35: =O35-M35 -> 891.0562 | O35: =O34 -> 945.59597 | P35: =($B31-SUM(N26:N34))/N35-1 -> 2.0604 | Q35: =(O$2-COUNTA(M26:M35))/P35 -> 0.9706853 | R35: =($B$31-SUM(S26:S34))*B35 -> 67.106156 | S35: =T35-R35 -> 814.07737 | T35: =T34 -> 881.18353 | U35: =($B31-SUM(S26:S34))/S35-1 -> 3.121608 | V35: =(T$2-COUNTA(R26:R35))/U35 -> 0.96104315 | W35: =($B$31-SUM(X26:X34))*B35 -> 77.868208 | X35: =Y35-W35 -> 748.15149 | Y35: =Y34 -> 826.0197 | Z35: =($B31-SUM(X26:X34))/X35-1 -> 4.2040402 | AA35: =(Y$2-COUNTA(W26:W35))/Z35 -> 0.9514657 | AB35: =($B$31-SUM(AC26:AC34))*B35 -> 87.186801 | AC35: =AD35-AB35 -> 691.06792 | AD35: =AD34 -> 778.25472 | AE35: =($B31-SUM(AC26:AC34))/AC35-1 -> 5.308121 | AF35: =(AD$2-COUNTA(AB26:AB35))/AE35 -> 0.94195291 | AG35: =($B$31-SUM(AH26:AH34))*B35 -> 95.332591 | AH35: =AI35-AG35 -> 641.16867 | AI35: =AI34 -> 736.50126 | AJ35: =($B31-SUM(AH26:AH34))/AH35-1 -> 6.4342834 | AK35: =(AI$2-COUNTA(AG26:AG35))/AJ35 -> 0.93250478 | AL35: =($B$31-SUM(AM26:AM34))*B35 -> 102.51255 | AM35: =AN35-AL35 -> 597.18585 | AN35: =AN34 -> 699.69841 | AO35: =($B31-SUM(AM26:AM34))/AM35-1 -> 7.5829691 | AP35: =(AN$2-COUNTA(AL26:AL35))/AO35 -> 0.92312127 | AQ35: =($B$31-SUM(AR26:AR34))*B35 -> 108.88767 | AR35: =AS35-AQ35 -> 558.13335 | AS35: =AS34 -> 667.02102 | AT35: =($B31-SUM(AR26:AR34))/AR35-1 -> 8.7546284 | AU35: =(AS$2-COUNTA(AQ26:AQ35))/AT35 -> 0.91380235 | AV35: =($B$31-SUM(AW26:AW34))*B35 -> 114.58503 | AW35: =AX35-AV35 -> 523.23264 | AX35: =AX34 -> 637.81766 | AY35: =($B31-SUM(AW26:AW34))/AW35-1 -> 9.949721 | AZ35: =(AX$2-COUNTA(AV26:AV35))/AY35 -> 0.90454798 | BA35: =($B$31-SUM(BB26:BB34))*B35 -> 119.7063 | BB35: =BC35-BA35 -> 491.86088 | BC35: =BC34 -> 611.56718 | BD35: =($B31-SUM(BB26:BB34))/BB35-1 -> 11.168715 | BE35: =(BC$2-COUNTA(BA26:BA35))/BD35 -> 0.89535812
D36: =SUM($D26:D35)-$B31 -> 0 | H36: =($B$31-SUM(I26:I35))*B35 -> 20.034891 | I36: =J36-H36 -> 1001.7445 | J36: =J35 -> 1021.7794 | K36: =($B31-SUM(I26:I35))/I36-1 -> -1.0436096e-14 | L36: =(J$2-COUNTA(H26:H36))/K36 -> 0 | M36: =($B$31-SUM(N26:N35))*B35 -> 36.718644 | N36: =O36-M36 -> 908.87732 | O36: =O35 -> 945.59597 | P36: =($B31-SUM(N26:N35))/N36-1 -> 1.02 | Q36: =(O$2-COUNTA(M26:M36))/P36 -> 0.98039216 | R36: =($B$31-SUM(S26:S35))*B35 -> 50.824609 | S36: =T36-R36 -> 830.35892 | T36: =T35 -> 881.18353 | U36: =($B31-SUM(S26:S35))/S36-1 -> 2.0604 | V36: =(T$2-COUNTA(R26:R36))/U36 -> 0.9706853 | W36: =($B$31-SUM(X26:X35))*B35 -> 62.905178 | X36: =Y36-W36 -> 763.11452 | Y36: =Y35 -> 826.0197 | Z36: =($B31-SUM(X26:X35))/X36-1 -> 3.121608 | AA36: =(Y$2-COUNTA(W26:W36))/Z36 -> 0.96104315 | AB36: =($B$31-SUM(AC26:AC35))*B35 -> 73.365442 | AC36: =AD36-AB36 -> 704.88928 | AD36: =AD35 -> 778.25472 | AE36: =($B31-SUM(AC26:AC35))/AC36-1 -> 4.2040402 | AF36: =(AD$2-COUNTA(AB26:AB36))/AE36 -> 0.9514657 | AG36: =($B$31-SUM(AH26:AH35))*B35 -> 82.509218 | AH36: =AI36-AG36 -> 653.99204 | AI36: =AI35 -> 736.50126 | AJ36: =($B31-SUM(AH26:AH35))/AH36-1 -> 5.308121 | AK36: =(AI$2-COUNTA(AG26:AG36))/AJ36 -> 0.94195291 | AL36: =($B$31-SUM(AM26:AM35))*B35 -> 90.568837 | AM36: =AN36-AL36 -> 609.12957 | AN36: =AN35 -> 699.69841 | AO36: =($B31-SUM(AM26:AM35))/AM36-1 -> 6.4342834 | AP36: =(AN$2-COUNTA(AL26:AL36))/AO36 -> 0.93250478 | AQ36: =($B$31-SUM(AR26:AR35))*B35 -> 97.725002 | AR36: =AS36-AQ36 -> 569.29602 | AS36: =AS35 -> 667.02102 | AT36: =($B31-SUM(AR26:AR35))/AR36-1 -> 7.5829691 | AU36: =(AS$2-COUNTA(AQ26:AQ36))/AT36 -> 0.92312127 | AV36: =($B$31-SUM(AW26:AW35))*B35 -> 104.12037 | AW36: =AX36-AV36 -> 533.69729 | AX36: =AX35 -> 637.81766 | AY36: =($B31-SUM(AW26:AW35))/AW36-1 -> 8.7546284 | AZ36: =(AX$2-COUNTA(AV26:AV36))/AY36 -> 0.91380235 | BA36: =($B$31-SUM(BB26:BB35))*B35 -> 109.86908 | BB36: =BC36-BA36 -> 501.6981 | BC36: =BC35 -> 611.56718 | BD36: =($B31-SUM(BB26:BB35))/BB36-1 -> 9.949721 | BE36: =(BC$2-COUNTA(BA26:BA36))/BD36 -> 0.90454798
I37: =SUM($I26:I36)-$B31 -> 0 | M37: =($B$31-SUM(N26:N36))*B35 -> 18.541097 | N37: =O37-M37 -> 927.05487 | O37: =O36 -> 945.59597 | P37: =($B31-SUM(N26:N36))/N37-1 -> -2.9976022e-15 | Q37: =(O$2-COUNTA(M26:M37))/P37 -> 0 | R37: =($B$31-SUM(S26:S36))*B35 -> 34.21743 | S37: =T37-R37 -> 846.9661 | T37: =T36 -> 881.18353 | U37: =($B31-SUM(S26:S36))/S37-1 -> 1.02 | V37: =(T$2-COUNTA(R26:R37))/U37 -> 0.98039216 | W37: =($B$31-SUM(X26:X36))*B35 -> 47.642888 | X37: =Y37-W37 -> 778.37681 | Y37: =Y36 -> 826.0197 | Z37: =($B31-SUM(X26:X36))/X37-1 -> 2.0604 | AA37: =(Y$2-COUNTA(W26:W37))/Z37 -> 0.9706853 | AB37: =($B$31-SUM(AC26:AC36))*B35 -> 59.267657 | AC37: =AD37-AB37 -> 718.98707 | AD37: =AD36 -> 778.25472 | AE37: =($B31-SUM(AC26:AC36))/AC37-1 -> 3.121608 | AF37: =(AD$2-COUNTA(AB26:AB37))/AE37 -> 0.96104315 | AG37: =($B$31-SUM(AH26:AH36))*B35 -> 69.429377 | AH37: =AI37-AG37 -> 667.07188 | AI37: =AI36 -> 736.50126 | AJ37: =($B31-SUM(AH26:AH36))/AH37-1 -> 4.2040402 | AK37: =(AI$2-COUNTA(AG26:AG37))/AJ37 -> 0.9514657 | AL37: =($B$31-SUM(AM26:AM36))*B35 -> 78.386246 | AM37: =AN37-AL37 -> 621.31216 | AN37: =AN36 -> 699.69841 | AO37: =($B31-SUM(AM26:AM36))/AM37-1 -> 5.308121 | AP37: =(AN$2-COUNTA(AL26:AL37))/AO37 -> 0.94195291 | AQ37: =($B$31-SUM(AR26:AR36))*B35 -> 86.339082 | AR37: =AS37-AQ37 -> 580.68194 | AS37: =AS36 -> 667.02102 | AT37: =($B31-SUM(AR26:AR36))/AR37-1 -> 6.4342834 | AU37: =(AS$2-COUNTA(AQ26:AQ37))/AT37 -> 0.93250478 | AV37: =($B$31-SUM(AW26:AW36))*B35 -> 93.446429 | AW37: =AX37-AV37 -> 544.37123 | AX37: =AX36 -> 637.81766 | AY37: =($B31-SUM(AW26:AW36))/AW37-1 -> 7.5829691 | AZ37: =(AX$2-COUNTA(AV26:AV37))/AY37 -> 0.92312127 | BA37: =($B$31-SUM(BB26:BB36))*B35 -> 99.835122 | BB37: =BC37-BA37 -> 511.73206 | BC37: =BC36 -> 611.56718 | BD37: =($B31-SUM(BB26:BB36))/BB37-1 -> 8.7546284 | BE37: =(BC$2-COUNTA(BA26:BA37))/BD37 -> 0.91380235
N38: =SUM($N26:N37)-$B31 -> 0 | R38: =($B$31-SUM(S26:S37))*B35 -> 17.278108 | S38: =T38-R38 -> 863.90542 | T38: =T37 -> 881.18353 | U38: =($B31-SUM(S26:S37))/S38-1 -> -1.0547119e-14 | V38: =(T$2-COUNTA(R26:R38))/U38 -> 0 | W38: =($B$31-SUM(X26:X37))*B35 -> 32.075352 | X38: =Y38-W38 -> 793.94435 | Y38: =Y37 -> 826.0197 | Z38: =($B31-SUM(X26:X37))/X38-1 -> 1.02 | AA38: =(Y$2-COUNTA(W26:W38))/Z38 -> 0.98039216 | AB38: =($B$31-SUM(AC26:AC37))*B35 -> 44.887916 | AC38: =AD38-AB38 -> 733.36681 | AD38: =AD37 -> 778.25472 | AE38: =($B31-SUM(AC26:AC37))/AC38-1 -> 2.0604 | AF38: =(AD$2-COUNTA(AB26:AB38))/AE38 -> 0.9706853 | AG38: =($B$31-SUM(AH26:AH37))*B35 -> 56.08794 | AH38: =AI38-AG38 -> 680.41332 | AI38: =AI37 -> 736.50126 | AJ38: =($B31-SUM(AH26:AH37))/AH38-1 -> 3.121608 | AK38: =(AI$2-COUNTA(AG26:AG38))/AJ38 -> 0.96104315 | AL38: =($B$31-SUM(AM26:AM37))*B35 -> 65.960002 | AM38: =AN38-AL38 -> 633.73841 | AN38: =AN37 -> 699.69841 | AO38: =($B31-SUM(AM26:AM37))/AM38-1 -> 4.2040402 | AP38: =(AN$2-COUNTA(AL26:AL38))/AO38 -> 0.9514657 | AQ38: =($B$31-SUM(AR26:AR37))*B35 -> 74.725443 | AR38: =AS38-AQ38 -> 592.29558 | AS38: =AS37 -> 667.02102 | AT38: =($B31-SUM(AR26:AR37))/AR38-1 -> 5.308121 | AU38: =(AS$2-COUNTA(AQ26:AQ38))/AT38 -> 0.94195291 | AV38: =($B$31-SUM(AW26:AW37))*B35 -> 82.559004 | AW38: =AX38-AV38 -> 555.25866 | AX38: =AX37 -> 637.81766 | AY38: =($B31-SUM(AW26:AW37))/AW38-1 -> 6.4342834 | AZ38: =(AX$2-COUNTA(AV26:AV38))/AY38 -> 0.93250478 | BA38: =($B$31-SUM(BB26:BB37))*B35 -> 89.600481 | BB38: =BC38-BA38 -> 521.9667 | BC38: =BC37 -> 611.56718 | BD38: =($B31-SUM(BB26:BB37))/BB38-1 -> 7.5829691 | BE38: =(BC$2-COUNTA(BA26:BA38))/BD38 -> 0.92312127
S39: =SUM($S26:S38)-$B31 -> 0 | W39: =($B$31-SUM(X26:X38))*B35 -> 16.196465 | X39: =Y39-W39 -> 809.82324 | Y39: =Y38 -> 826.0197 | Z39: =($B31-SUM(X26:X38))/X39-1 -> 0 | AA39: 0 | AB39: =($B$31-SUM(AC26:AC38))*B35 -> 30.220579 | AC39: =AD39-AB39 -> 748.03414 | AD39: =AD38 -> 778.25472 | AE39: =($B31-SUM(AC26:AC38))/AC39-1 -> 1.02 | AF39: =(AD$2-COUNTA(AB26:AB39))/AE39 -> 0.98039216 | AG39: =($B$31-SUM(AH26:AH38))*B35 -> 42.479673 | AH39: =AI39-AG39 -> 694.02159 | AI39: =AI38 -> 736.50126 | AJ39: =($B31-SUM(AH26:AH38))/AH39-1 -> 2.0604 | AK39: =(AI$2-COUNTA(AG26:AG39))/AJ39 -> 0.9706853 | AL39: =($B$31-SUM(AM26:AM38))*B35 -> 53.285234 | AM39: =AN39-AL39 -> 646.41317 | AN39: =AN38 -> 699.69841 | AO39: =($B31-SUM(AM26:AM38))/AM39-1 -> 3.121608 | AP39: =(AN$2-COUNTA(AL26:AL39))/AO39 -> 0.96104315 | AQ39: =($B$31-SUM(AR26:AR38))*B35 -> 62.879532 | AR39: =AS39-AQ39 -> 604.14149 | AS39: =AS38 -> 667.02102 | AT39: =($B31-SUM(AR26:AR38))/AR39-1 -> 4.2040402 | AU39: =(AS$2-COUNTA(AQ26:AQ39))/AT39 -> 0.9514657 | AV39: =($B$31-SUM(AW26:AW38))*B35 -> 71.453831 | AW39: =AX39-AV39 -> 566.36383 | AX39: =AX38 -> 637.81766 | AY39: =($B31-SUM(AW26:AW38))/AW39-1 -> 5.308121 | AZ39: =(AX$2-COUNTA(AV26:AV39))/AY39 -> 0.94195291 | BA39: =($B$31-SUM(BB26:BB38))*B35 -> 79.161147 | BB39: =BC39-BA39 -> 532.40603 | BC39: =BC38 -> 611.56718 | BD39: =($B31-SUM(BB26:BB38))/BB39-1 -> 6.4342834 | BE39: =(BC$2-COUNTA(BA26:BA39))/BD39 -> 0.93250478
X40: =SUM($X26:X39)-$B31 -> 0 | AB40: =($B$31-SUM(AC26:AC39))*B35 -> 15.259897 | AC40: =AD40-AB40 -> 762.99483 | AD40: =AD39 -> 778.25472 | AE40: =($B31-SUM(AC26:AC39))/AC40-1 -> -1.0880186e-14 | AF40: =(AD$2-COUNTA(AB26:AB40))/AE40 -> 0 | AG40: =($B$31-SUM(AH26:AH39))*B35 -> 28.599241 | AH40: =AI40-AG40 -> 707.90202 | AI40: =AI39 -> 736.50126 | AJ40: =($B31-SUM(AH26:AH39))/AH40-1 -> 1.02 | AK40: =(AI$2-COUNTA(AG26:AG40))/AJ40 -> 0.98039216 | AL40: =($B$31-SUM(AM26:AM39))*B35 -> 40.356971 | AM40: =AN40-AL40 -> 659.34144 | AN40: =AN39 -> 699.69841 | AO40: =($B31-SUM(AM26:AM39))/AM40-1 -> 2.0604 | AP40: =(AN$2-COUNTA(AL26:AL40))/AO40 -> 0.9706853 | AQ40: =($B$31-SUM(AR26:AR39))*B35 -> 50.796702 | AR40: =AS40-AQ40 -> 616.22432 | AS40: =AS39 -> 667.02102 | AT40: =($B31-SUM(AR26:AR39))/AR40-1 -> 3.121608 | AU40: =(AS$2-COUNTA(AQ26:AQ40))/AT40 -> 0.96104315 | AV40: =($B$31-SUM(AW26:AW39))*B35 -> 60.126555 | AW40: =AX40-AV40 -> 577.69111 | AX40: =AX39 -> 637.81766 | AY40: =($B31-SUM(AW26:AW39))/AW40-1 -> 4.2040402 | AZ40: =(AX$2-COUNTA(AV26:AV40))/AY40 -> 0.9514657 | BA40: =($B$31-SUM(BB26:BB39))*B35 -> 68.513026 | BB40: =BC40-BA40 -> 543.05416 | BC40: =BC39 -> 611.56718 | BD40: =($B31-SUM(BB26:BB39))/BB40-1 -> 5.308121 | BE40: =(BC$2-COUNTA(BA26:BA40))/BD40 -> 0.94195291
AC41: =SUM($AC26:AC40)-$B31 -> 0 | AG41: =($B$31-SUM(AH26:AH40))*B35 -> 14.441201 | AH41: =AI41-AG41 -> 722.06006 | AI41: =AI40 -> 736.50126 | AJ41: =($B31-SUM(AH26:AH40))/AH41-1 -> -5.2180482e-15 | AK41: =(AI$2-COUNTA(AG26:AG41))/AJ41 -> 0 | AL41: =($B$31-SUM(AM26:AM40))*B35 -> 27.170142 | AM41: =AN41-AL41 -> 672.52827 | AN41: =AN40 -> 699.69841 | AO41: =($B31-SUM(AM26:AM40))/AM41-1 -> 1.02 | AP41: =(AN$2-COUNTA(AL26:AL41))/AO41 -> 0.98039216 | AQ41: =($B$31-SUM(AR26:AR40))*B35 -> 38.472215 | AR41: =AS41-AQ41 -> 628.54881 | AS41: =AS40 -> 667.02102 | AT41: =($B31-SUM(AR26:AR40))/AR41-1 -> 2.0604 | AU41: =(AS$2-COUNTA(AQ26:AQ41))/AT41 -> 0.9706853 | AV41: =($B$31-SUM(AW26:AW40))*B35 -> 48.572732 | AW41: =AX41-AV41 -> 589.24493 | AX41: =AX40 -> 637.81766 | AY41: =($B31-SUM(AW26:AW40))/AW41-1 -> 3.121608 | AZ41: =(AX$2-COUNTA(AV26:AV41))/AY41 -> 0.96104315 | BA41: =($B$31-SUM(BB26:BB40))*B35 -> 57.651943 | BB41: =BC41-BA41 -> 553.91524 | BC41: =BC40 -> 611.56718 | BD41: =($B31-SUM(BB26:BB40))/BB41-1 -> 4.2040402 | BE41: =(BC$2-COUNTA(BA26:BA41))/BD41 -> 0.9514657
AH42: =SUM($AH26:AH41)-$B31 -> 0 | AL42: =($B$31-SUM(AM26:AM41))*B35 -> 13.719577 | AM42: =AN42-AL42 -> 685.97883 | AN42: =AN41 -> 699.69841 | AO42: =($B31-SUM(AM26:AM41))/AM42-1 -> 0 | AP42: =(AN$2-COUNTA(AL27:AL42))/AO42 -> #DIV/0! | AQ42: =($B$31-SUM(AR26:AR41))*B35 -> 25.901239 | AR42: =AS42-AQ42 -> 641.11978 | AS42: =AS41 -> 667.02102 | AT42: =($B31-SUM(AR26:AR41))/AR42-1 -> 1.02 | AU42: =(AS$2-COUNTA(AQ26:AQ42))/AT42 -> 0.98039216 | AV42: =($B$31-SUM(AW26:AW41))*B35 -> 36.787834 | AW42: =AX42-AV42 -> 601.02983 | AX42: =AX41 -> 637.81766 | AY42: =($B31-SUM(AW26:AW41))/AW42-1 -> 2.0604 | AZ42: =(AX$2-COUNTA(AV26:AV42))/AY42 -> 0.9706853 | BA42: =($B$31-SUM(BB26:BB41))*B35 -> 46.573638 | BB42: =BC42-BA42 -> 564.99354 | BC42: =BC41 -> 611.56718 | BD42: =($B31-SUM(BB26:BB41))/BB42-1 -> 3.121608 | BE42: =(BC$2-COUNTA(BA26:BA42))/BD42 -> 0.96104315
AM43: =SUM($AM26:AM42)-$B31 -> 0 | AQ43: =($B$31-SUM(AR26:AR42))*B35 -> 13.078844 | AR43: =AS43-AQ43 -> 653.94218 | AS43: =AS42 -> 667.02102 | AT43: =($B31-SUM(AR26:AR42))/AR43-1 -> -1.0769163e-14 | AU43: =(AS$2-COUNTA(AQ26:AQ43))/AT43 -> 0 | AV43: =($B$31-SUM(AW26:AW42))*B35 -> 24.767237 | AW43: =AX43-AV43 -> 613.05043 | AX43: =AX42 -> 637.81766 | AY43: =($B31-SUM(AW26:AW42))/AW43-1 -> 1.02 | AZ43: =(AX$2-COUNTA(AV26:AV43))/AY43 -> 0.98039216 | BA43: =($B$31-SUM(BB26:BB42))*B35 -> 35.273767 | BB43: =BC43-BA43 -> 576.29341 | BC43: =BC42 -> 611.56718 | BD43: =($B31-SUM(BB26:BB42))/BB43-1 -> 2.0604 | BE43: =(BC$2-COUNTA(BA26:BA43))/BD43 -> 0.9706853
AR44: =SUM($AR26:AR43)-$B31 -> 0 | AV44: =($B$31-SUM(AW26:AW43))*B35 -> 12.506229 | AW44: =AX44-AV44 -> 625.31143 | AX44: =AX43 -> 637.81766 | AY44: =($B31-SUM(AW26:AW43))/AW44-1 -> -5.9952043e-15 | AZ44: =(AX$2-COUNTA(AV26:AV44))/AY44 -> 0 | BA44: =($B$31-SUM(BB26:BB43))*B35 -> 23.747899 | BB44: =BC44-BA44 -> 587.81928 | BC44: =BC43 -> 611.56718 | BD44: =($B31-SUM(BB26:BB43))/BB44-1 -> 1.02 | BE44: =(BC$2-COUNTA(BA26:BA44))/BD44 -> 0.98039216
AW45: =SUM($AW26:AW44)-$B31 -> 0 | BA45: =($B$31-SUM(BB26:BB44))*B35 -> 11.991513 | BB45: =BC45-BA45 -> 599.57567 | BC45: =BC44 -> 611.56718 | BD45: =($B31-SUM(BB26:BB44))/BB45-1 -> -6.4392935e-15 | BE45: =(BC$2-COUNTA(BA26:BA45))/BD45 -> 0
BB46: =SUM($BB26:BB45)-$B31 -> 0
C48: =$B53*B57 -> 300 | D48: =E48-C48 -> 872.30507 | E48: =$B53*$B57/(1-(1+$B57)^-$E$2) -> 1172.3051 | F48: =$B53/D48-1 -> 10.463879 | G48: =(E$2-COUNTA(C48:C48))/F48 -> 0.86010166 | H48: =$B53*B57 -> 300 | I48: =J48-H48 -> 780.77448 | J48: =$B53*$B57/(1-(1+$B57)^-$J$2) -> 1080.7745 | K48: =$B53/I48-1 -> 11.807796 | L48: =(J$2-COUNTA(H48:H48))/K48 -> 0.84689812 | M48: =$B53*B57 -> 300 | N48: =O48-M48 -> 704.62085 | O48: =$B53*$B57/(1-(1+$B57)^-$O$2) -> 1004.6209 | P48: =$B53/N48-1 -> 13.19203 | Q48: =(O$2-COUNTA(M48:M48))/P48 -> 0.83383682 | R48: =$B53*B57 -> 300 | S48: =T48-R48 -> 640.29544 | T48: =$B53*$B57/(1-(1+$B57)^-$T$2) -> 940.29544 | U48: =$B53/S48-1 -> 14.61779 | V48: =(T$2-COUNTA(R48:R48))/U48 -> 0.8209175 | W48: =$B53*B57 -> 300 | X48: =Y48-W48 -> 585.26339 | Y48: =$B53*$B57/(1-(1+$B57)^-$Y$2) -> 885.26339 | Z48: =$B53/X48-1 -> 16.086324 | AA48: =(Y$2-COUNTA(W48:W48))/Z48 -> 0.80813988 | AB48: =$B53*B57 -> 300 | AC48: =AD48-AB48 -> 537.6658 | AD48: =$B53*$B57/(1-(1+$B57)^-$AD$2) -> 837.6658 | AE48: =$B53/AC48-1 -> 17.598914 | AF48: =(AD$2-COUNTA(AB48:AB48))/AE48 -> 0.79550364 | AG48: =$B53*B57 -> 300 | AH48: =AI48-AG48 -> 496.10849 | AI48: =$B53*$B57/(1-(1+$B57)^-$AI$2) -> 796.10849 | AJ48: =$B53/AH48-1 -> 19.156881 | AK48: =(AI$2-COUNTA(AG48:AG48))/AJ48 -> 0.78300845 | AL48: =$B53*B57 -> 300 | AM48: =AN48-AL48 -> 459.52529 | AN48: =$B53*$B57/(1-(1+$B57)^-$AN$2) -> 759.52529 | AO48: =$B53/AM48-1 -> 20.761588 | AP48: =(AN$2-COUNTA(AL48:AL48))/AO48 -> 0.77065397 | AQ48: =$B53*B57 -> 300 | AR48: =AS48-AQ48 -> 427.08696 | AS48: =$B53*$B57/(1-(1+$B57)^-$AS$2) -> 727.08696 | AT48: =$B53/AR48-1 -> 22.414435 | AU48: =(AS$2-COUNTA(AQ48:AQ48))/AT48 -> 0.75843981 | AV48: =$B53*B57 -> 300 | AW48: =AX48-AV48 -> 398.13881 | AX48: =$B53*$B57/(1-(1+$B57)^-$AX$2) -> 698.13881 | AY48: =$B53/AW48-1 -> 24.116868 | AZ48: =(AX$2-COUNTA(AV48:AV48))/AY48 -> 0.74636556 | BA48: =$B53*B57 -> 300 | BB48: =BC48-BA48 -> 372.15708 | BC48: =$B53*$B57/(1-(1+$B57)^-$BC$2) -> 672.15708 | BD48: =$B53/BB48-1 -> 25.870374 | BE48: =(BC$2-COUNTA(BA48:BA48))/BD48 -> 0.73443081
C49: =($B$31-SUM(D48:D48))*B57 -> 273.83085 | D49: =E49-C49 -> 898.47422 | E49: =E48 -> 1172.3051 | F49: =($B53-SUM(D48:D48))/D49-1 -> 9.1591061 | G49: =(E$2-COUNTA(C48:C49))/F49 -> 0.87344768 | H49: =($B$31-SUM(I48:I48))*B57 -> 276.57677 | I49: =J49-H49 -> 804.19771 | J49: =J48 -> 1080.7745 | K49: =($B53-SUM(I48:I48))/I49-1 -> 10.463879 | L49: =(J$2-COUNTA(H48:H49))/K49 -> 0.86010166 | M49: =($B$31-SUM(N48:N48))*B57 -> 278.86137 | N49: =O49-M49 -> 725.75948 | O49: =O48 -> 1004.6209 | P49: =($B53-SUM(N48:N48))/N49-1 -> 11.807796 | Q49: =(O$2-COUNTA(M48:M49))/P49 -> 0.84689812 | R49: =($B$31-SUM(S48:S48))*B57 -> 280.79114 | S49: =T49-R49 -> 659.5043 | T49: =T48 -> 940.29544 | U49: =($B53-SUM(S48:S48))/S49-1 -> 13.19203 | V49: =(T$2-COUNTA(R48:R49))/U49 -> 0.83383682 | W49: =($B$31-SUM(X48:X48))*B57 -> 282.4421 | X49: =Y49-W49 -> 602.82129 | Y49: =Y48 -> 885.26339 | Z49: =($B53-SUM(X48:X48))/X49-1 -> 14.61779 | AA49: =(Y$2-COUNTA(W48:W49))/Z49 -> 0.8209175 | AB49: =($B$31-SUM(AC48:AC48))*B57 -> 283.87003 | AC49: =AD49-AB49 -> 553.79578 | AD49: =AD48 -> 837.6658 | AE49: =($B53-SUM(AC48:AC48))/AC49-1 -> 16.086324 | AF49: =(AD$2-COUNTA(AB48:AB49))/AE49 -> 0.80813988 | AG49: =($B$31-SUM(AH48:AH48))*B57 -> 285.11675 | AH49: =AI49-AG49 -> 510.99175 | AI49: =AI48 -> 796.10849 | AJ49: =($B53-SUM(AH48:AH48))/AH49-1 -> 17.598914 | AK49: =(AI$2-COUNTA(AG48:AG49))/AJ49 -> 0.79550364 | AL49: =($B$31-SUM(AM48:AM48))*B57 -> 286.21424 | AM49: =AN49-AL49 -> 473.31105 | AN49: =AN48 -> 759.52529 | AO49: =($B53-SUM(AM48:AM48))/AM49-1 -> 19.156881 | AP49: =(AN$2-COUNTA(AL48:AL49))/AO49 -> 0.78300845 | AQ49: =($B$31-SUM(AR48:AR48))*B57 -> 287.18739 | AR49: =AS49-AQ49 -> 439.89957 | AS49: =AS48 -> 727.08696 | AT49: =($B53-SUM(AR48:AR48))/AR49-1 -> 20.761588 | AU49: =(AS$2-COUNTA(AQ48:AQ49))/AT49 -> 0.77065397 | AV49: =($B$31-SUM(AW48:AW48))*B57 -> 288.05584 | AW49: =AX49-AV49 -> 410.08297 | AX49: =AX48 -> 698.13881 | AY49: =($B53-SUM(AW48:AW48))/AW49-1 -> 22.414435 | AZ49: =(AX$2-COUNTA(AV48:AV49))/AY49 -> 0.75843981 | BA49: =($B$31-SUM(BB48:BB48))*B57 -> 288.83529 | BB49: =BC49-BA49 -> 383.32179 | BC49: =BC48 -> 672.15708 | BD49: =($B53-SUM(BB48:BB48))/BB49-1 -> 24.116868 | BE49: =(BC$2-COUNTA(BA48:BA49))/BD49 -> 0.74636556
C50: =($B$31-SUM(D48:D49))*B57 -> 246.87662 | D50: =E50-C50 -> 925.42844 | E50: =E49 -> 1172.3051 | F50: =($B53-SUM(D48:D49))/D50-1 -> 7.892336 | G50: =(E$2-COUNTA(C48:C50))/F50 -> 0.88693638 | H50: =($B$31-SUM(I48:I49))*B57 -> 252.45083 | I50: =J50-H50 -> 828.32364 | J50: =J49 -> 1080.7745 | K50: =($B53-SUM(I48:I49))/I50-1 -> 9.1591061 | L50: =(J$2-COUNTA(H48:H50))/K50 -> 0.87344768 | M50: =($B$31-SUM(N48:N49))*B57 -> 257.08859 | N50: =O50-M50 -> 747.53226 | O50: =O49 -> 1004.6209 | P50: =($B53-SUM(N48:N49))/N50-1 -> 10.463879 | Q50: =(O$2-COUNTA(M48:M50))/P50 -> 0.86010166 | R50: =($B$31-SUM(S48:S49))*B57 -> 261.00601 | S50: =T50-R50 -> 679.28943 | T50: =T49 -> 940.29544 | U50: =($B53-SUM(S48:S49))/S50-1 -> 11.807796 | V50: =(T$2-COUNTA(R48:R50))/U50 -> 0.84689812 | W50: =($B$31-SUM(X48:X49))*B57 -> 264.35746 | X50: =Y50-W50 -> 620.90593 | Y50: =Y49 -> 885.26339 | Z50: =($B53-SUM(X48:X49))/X50-1 -> 13.19203 | AA50: =(Y$2-COUNTA(W48:W50))/Z50 -> 0.83383682 | AB50: =($B$31-SUM(AC48:AC49))*B57 -> 267.25615 | AC50: =AD50-AB50 -> 570.40965 | AD50: =AD49 -> 837.6658 | AE50: =($B53-SUM(AC48:AC49))/AC50-1 -> 14.61779 | AF50: =(AD$2-COUNTA(AB48:AB50))/AE50 -> 0.8209175 | AG50: =($B$31-SUM(AH48:AH49))*B57 -> 269.78699 | AH50: =AI50-AG50 -> 526.3215 | AI50: =AI49 -> 796.10849 | AJ50: =($B53-SUM(AH48:AH49))/AH50-1 -> 16.086324 | AK50: =(AI$2-COUNTA(AG48:AG50))/AJ50 -> 0.80813988 | AL50: =($B$31-SUM(AM48:AM49))*B57 -> 272.01491 | AM50: =AN50-AL50 -> 487.51038 | AN50: =AN49 -> 759.52529 | AO50: =($B53-SUM(AM48:AM49))/AM50-1 -> 17.598914 | AP50: =(AN$2-COUNTA(AL48:AL50))/AO50 -> 0.79550364 | AQ50: =($B$31-SUM(AR48:AR49))*B57 -> 273.9904 | AR50: =AS50-AQ50 -> 453.09655 | AS50: =AS49 -> 727.08696 | AT50: =($B53-SUM(AR48:AR49))/AR50-1 -> 19.156881 | AU50: =(AS$2-COUNTA(AQ48:AQ50))/AT50 -> 0.78300845 | AV50: =($B$31-SUM(AW48:AW49))*B57 -> 275.75335 | AW50: =AX50-AV50 -> 422.38546 | AX50: =AX49 -> 698.13881 | AY50: =($B53-SUM(AW48:AW49))/AW50-1 -> 20.761588 | AZ50: =(AX$2-COUNTA(AV48:AV50))/AY50 -> 0.77065397 | BA50: =($B$31-SUM(BB48:BB49))*B57 -> 277.33563 | BB50: =BC50-BA50 -> 394.82144 | BC50: =BC49 -> 672.15708 | BD50: =($B53-SUM(BB48:BB49))/BB50-1 -> 22.414435 | BE50: =(BC$2-COUNTA(BA48:BA50))/BD50 -> 0.75843981
C51: =($B$31-SUM(D48:D50))*B57 -> 219.11377 | D51: =E51-C51 -> 953.1913 | E51: =E50 -> 1172.3051 | F51: =($B53-SUM(D48:D50))/D51-1 -> 6.6624622 | G51: =(E$2-COUNTA(C48:C51))/F51 -> 0.90056796 | H51: =($B$31-SUM(I48:I50))*B57 -> 227.60112 | I51: =J51-H51 -> 853.17335 | J51: =J50 -> 1080.7745 | K51: =($B53-SUM(I48:I50))/I51-1 -> 7.892336 | L51: =(J$2-COUNTA(H48:H51))/K51 -> 0.88693638 | M51: =($B$31-SUM(N48:N50))*B57 -> 234.66262 | N51: =O51-M51 -> 769.95823 | O51: =O50 -> 1004.6209 | P51: =($B53-SUM(N48:N50))/N51-1 -> 9.1591061 | Q51: =(O$2-COUNTA(M48:M51))/P51 -> 0.87344768 | R51: =($B$31-SUM(S48:S50))*B57 -> 240.62732 | S51: =T51-R51 -> 699.66811 | T51: =T50 -> 940.29544 | U51: =($B53-SUM(S48:S50))/S51-1 -> 10.463879 | V51: =(T$2-COUNTA(R48:R51))/U51 -> 0.86010166 | W51: =($B$31-SUM(X48:X50))*B57 -> 245.73028 | X51: =Y51-W51 -> 639.53311 | Y51: =Y50 -> 885.26339 | Z51: =($B53-SUM(X48:X50))/X51-1 -> 11.807796 | AA51: =(Y$2-COUNTA(W48:W51))/Z51 -> 0.84689812 | AB51: =($B$31-SUM(AC48:AC50))*B57 -> 250.14386 | AC51: =AD51-AB51 -> 587.52194 | AD51: =AD50 -> 837.6658 | AE51: =($B53-SUM(AC48:AC50))/AC51-1 -> 13.19203 | AF51: =(AD$2-COUNTA(AB48:AB51))/AE51 -> 0.83383682 | AG51: =($B$31-SUM(AH48:AH50))*B57 -> 253.99735 | AH51: =AI51-AG51 -> 542.11114 | AI51: =AI50 -> 796.10849 | AJ51: =($B53-SUM(AH48:AH50))/AH51-1 -> 14.61779 | AK51: =(AI$2-COUNTA(AG48:AG51))/AJ51 -> 0.8209175 | AL51: =($B$31-SUM(AM48:AM50))*B57 -> 257.3896 | AM51: =AN51-AL51 -> 502.1357 | AN51: =AN50 -> 759.52529 | AO51: =($B53-SUM(AM48:AM50))/AM51-1 -> 16.086324 | AP51: =(AN$2-COUNTA(AL48:AL51))/AO51 -> 0.80813988 | AQ51: =($B$31-SUM(AR48:AR50))*B57 -> 260.39751 | AR51: =AS51-AQ51 -> 466.68945 | AS51: =AS50 -> 727.08696 | AT51: =($B53-SUM(AR48:AR50))/AR51-1 -> 17.598914 | AU51: =(AS$2-COUNTA(AQ48:AQ51))/AT51 -> 0.79550364 | AV51: =($B$31-SUM(AW48:AW50))*B57 -> 263.08178 | AW51: =AX51-AV51 -> 435.05702 | AX51: =AX50 -> 698.13881 | AY51: =($B53-SUM(AW48:AW50))/AW51-1 -> 19.156881 | AZ51: =(AX$2-COUNTA(AV48:AV51))/AY51 -> 0.78300845 | BA51: =($B$31-SUM(BB48:BB50))*B57 -> 265.49099 | BB51: =BC51-BA51 -> 406.66609 | BC51: =BC50 -> 672.15708 | BD51: =($B53-SUM(BB48:BB50))/BB51-1 -> 20.761588 | BE51: =(BC$2-COUNTA(BA48:BA51))/BD51 -> 0.77065397
C52: =($B$31-SUM(D48:D51))*B57 -> 190.51803 | D52: =E52-C52 -> 981.78704 | E52: =E51 -> 1172.3051 | F52: =($B53-SUM(D48:D51))/D52-1 -> 5.4684099 | G52: =(E$2-COUNTA(C48:C52))/F52 -> 0.91434258 | H52: =($B$31-SUM(I48:I51))*B57 -> 202.00592 | I52: =J52-H52 -> 878.76855 | J52: =J51 -> 1080.7745 | K52: =($B53-SUM(I48:I51))/I52-1 -> 6.6624622 | L52: =(J$2-COUNTA(H48:H52))/K52 -> 0.90056796 | M52: =($B$31-SUM(N48:N51))*B57 -> 211.56388 | N52: =O52-M52 -> 793.05698 | O52: =O51 -> 1004.6209 | P52: =($B53-SUM(N48:N51))/N52-1 -> 7.892336 | Q52: =(O$2-COUNTA(M48:M52))/P52 -> 0.88693638 | R52: =($B$31-SUM(S48:S51))*B57 -> 219.63728 | S52: =T52-R52 -> 720.65816 | T52: =T51 -> 940.29544 | U52: =($B53-SUM(S48:S51))/S52-1 -> 9.1591061 | V52: =(T$2-COUNTA(R48:R52))/U52 -> 0.87344768 | W52: =($B$31-SUM(X48:X51))*B57 -> 226.54429 | X52: =Y52-W52 -> 658.7191 | Y52: =Y51 -> 885.26339 | Z52: =($B53-SUM(X48:X51))/X52-1 -> 10.463879 | AA52: =(Y$2-COUNTA(W48:W52))/Z52 -> 0.86010166 | AB52: =($B$31-SUM(AC48:AC51))*B57 -> 232.5182 | AC52: =AD52-AB52 -> 605.1476 | AD52: =AD51 -> 837.6658 | AE52: =($B53-SUM(AC48:AC51))/AC52-1 -> 11.807796 | AF52: =(AD$2-COUNTA(AB48:AB52))/AE52 -> 0.84689812 | AG52: =($B$31-SUM(AH48:AH51))*B57 -> 237.73401 | AH52: =AI52-AG52 -> 558.37448 | AI52: =AI51 -> 796.10849 | AJ52: =($B53-SUM(AH48:AH51))/AH52-1 -> 13.19203 | AK52: =(AI$2-COUNTA(AG48:AG52))/AJ52 -> 0.83383682 | AL52: =($B$31-SUM(AM48:AM51))*B57 -> 242.32553 | AM52: =AN52-AL52 -> 517.19977 | AN52: =AN51 -> 759.52529 | AO52: =($B53-SUM(AM48:AM51))/AM52-1 -> 14.61779 | AP52: =(AN$2-COUNTA(AL48:AL52))/AO52 -> 0.8209175 | AQ52: =($B$31-SUM(AR48:AR51))*B57 -> 246.39682 | AR52: =AS52-AQ52 -> 480.69013 | AS52: =AS51 -> 727.08696 | AT52: =($B53-SUM(AR48:AR51))/AR52-1 -> 16.086324 | AU52: =(AS$2-COUNTA(AQ48:AQ52))/AT52 -> 0.80813988 | AV52: =($B$31-SUM(AW48:AW51))*B57 -> 250.03007 | AW52: =AX52-AV52 -> 448.10873 | AX52: =AX51 -> 698.13881 | AY52: =($B53-SUM(AW48:AW51))/AW52-1 -> 17.598914 | AZ52: =(AX$2-COUNTA(AV48:AV52))/AY52 -> 0.79550364 | BA52: =($B$31-SUM(BB48:BB51))*B57 -> 253.29101 | BB52: =BC52-BA52 -> 418.86607 | BC52: =BC51 -> 672.15708 | BD52: =($B53-SUM(BB48:BB51))/BB52-1 -> 19.156881 | BE52: =(BC$2-COUNTA(BA48:BA52))/BD52 -> 0.78300845
A53: K | B53: 10000 | C53: =($B$31-SUM(D48:D52))*B57 -> 161.06442 | D53: =E53-C53 -> 1011.2406 | E53: =E52 -> 1172.3051 | F53: =($B53-SUM(D48:D52))/D53-1 -> 4.3091358 | G53: =(E$2-COUNTA(C48:C53))/F53 -> 0.92826037 | H53: =($B$31-SUM(I48:I52))*B57 -> 175.64287 | I53: =J53-H53 -> 905.13161 | J53: =J52 -> 1080.7745 | K53: =($B53-SUM(I48:I52))/I53-1 -> 5.4684099 | L53: =(J$2-COUNTA(H48:H53))/K53 -> 0.91434258 | M53: =($B$31-SUM(N48:N52))*B57 -> 187.77217 | N53: =O53-M53 -> 816.84869 | O53: =O52 -> 1004.6209 | P53: =($B53-SUM(N48:N52))/N53-1 -> 6.6624622 | Q53: =(O$2-COUNTA(M48:M53))/P53 -> 0.90056796 | R53: =($B$31-SUM(S48:S52))*B57 -> 198.01754 | S53: =T53-R53 -> 742.2779 | T53: =T52 -> 940.29544 | U53: =($B53-SUM(S48:S52))/S53-1 -> 7.892336 | V53: =(T$2-COUNTA(R48:R53))/U53 -> 0.88693638 | W53: =($B$31-SUM(X48:X52))*B57 -> 206.78272 | X53: =Y53-W53 -> 678.48067 | Y53: =Y52 -> 885.26339 | Z53: =($B53-SUM(X48:X52))/X53-1 -> 9.1591061 | AA53: =(Y$2-COUNTA(W48:W53))/Z53 -> 0.87344768 | AB53: =($B$31-SUM(AC48:AC52))*B57 -> 214.36378 | AC53: =AD53-AB53 -> 623.30203 | AD53: =AD52 -> 837.6658 | AE53: =($B53-SUM(AC48:AC52))/AC53-1 -> 10.463879 | AF53: =(AD$2-COUNTA(AB48:AB53))/AE53 -> 0.86010166 | AG53: =($B$31-SUM(AH48:AH52))*B57 -> 220.98278 | AH53: =AI53-AG53 -> 575.12571 | AI53: =AI52 -> 796.10849 | AJ53: =($B53-SUM(AH48:AH52))/AH53-1 -> 11.807796 | AK53: =(AI$2-COUNTA(AG48:AG53))/AJ53 -> 0.84689812 | AL53: =($B$31-SUM(AM48:AM52))*B57 -> 226.80953 | AM53: =AN53-AL53 -> 532.71576 | AN53: =AN52 -> 759.52529 | AO53: =($B53-SUM(AM48:AM52))/AM53-1 -> 13.19203 | AP53: =(AN$2-COUNTA(AL48:AL53))/AO53 -> 0.83383682 | AQ53: =($B$31-SUM(AR48:AR52))*B57 -> 231.97612 | AR53: =AS53-AQ53 -> 495.11084 | AS53: =AS52 -> 727.08696 | AT53: =($B53-SUM(AR48:AR52))/AR53-1 -> 14.61779 | AU53: =(AS$2-COUNTA(AQ48:AQ53))/AT53 -> 0.8209175 | AV53: =($B$31-SUM(AW48:AW52))*B57 -> 236.58681 | AW53: =AX53-AV53 -> 461.552 | AX53: =AX52 -> 698.13881 | AY53: =($B53-SUM(AW48:AW52))/AW53-1 -> 16.086324 | AZ53: =(AX$2-COUNTA(AV48:AV53))/AY53 -> 0.80813988 | BA53: =($B$31-SUM(BB48:BB52))*B57 -> 240.72503 | BB53: =BC53-BA53 -> 431.43205 | BC53: =BC52 -> 672.15708 | BD53: =($B53-SUM(BB48:BB52))/BB53-1 -> 17.598914 | BE53: =(BC$2-COUNTA(BA48:BA53))/BD53 -> 0.79550364
C54: =($B$31-SUM(D48:D53))*B57 -> 130.7272 | D54: =E54-C54 -> 1041.5779 | E54: =E53 -> 1172.3051 | F54: =($B53-SUM(D48:D53))/D54-1 -> 3.183627 | G54: =(E$2-COUNTA(C48:C54))/F54 -> 0.94232145 | H54: =($B$31-SUM(I48:I53))*B57 -> 148.48892 | I54: =J54-H54 -> 932.28556 | J54: =J53 -> 1080.7745 | K54: =($B53-SUM(I48:I53))/I54-1 -> 4.3091358 | L54: =(J$2-COUNTA(H48:H54))/K54 -> 0.92826037 | M54: =($B$31-SUM(N48:N53))*B57 -> 163.2667 | N54: =O54-M54 -> 841.35415 | O54: =O53 -> 1004.6209 | P54: =($B53-SUM(N48:N53))/N54-1 -> 5.4684099 | Q54: =(O$2-COUNTA(M48:M54))/P54 -> 0.91434258 | R54: =($B$31-SUM(S48:S53))*B57 -> 175.7492 | S54: =T54-R54 -> 764.54624 | T54: =T53 -> 940.29544 | U54: =($B53-SUM(S48:S53))/S54-1 -> 6.6624622 | V54: =(T$2-COUNTA(R48:R54))/U54 -> 0.90056796 | W54: =($B$31-SUM(X48:X53))*B57 -> 186.4283 | X54: =Y54-W54 -> 698.83509 | Y54: =Y53 -> 885.26339 | Z54: =($B53-SUM(X48:X53))/X54-1 -> 7.892336 | AA54: =(Y$2-COUNTA(W48:W54))/Z54 -> 0.88693638 | AB54: =($B$31-SUM(AC48:AC53))*B57 -> 195.66472 | AC54: =AD54-AB54 -> 642.00109 | AD54: =AD53 -> 837.6658 | AE54: =($B53-SUM(AC48:AC53))/AC54-1 -> 9.1591061 | AF54: =(AD$2-COUNTA(AB48:AB54))/AE54 -> 0.87344768 | AG54: =($B$31-SUM(AH48:AH53))*B57 -> 203.72901 | AH54: =AI54-AG54 -> 592.37948 | AI54: =AI53 -> 796.10849 | AJ54: =($B53-SUM(AH48:AH53))/AH54-1 -> 10.463879 | AK54: =(AI$2-COUNTA(AG48:AG54))/AJ54 -> 0.86010166 | AL54: =($B$31-SUM(AM48:AM53))*B57 -> 210.82806 | AM54: =AN54-AL54 -> 548.69723 | AN54: =AN53 -> 759.52529 | AO54: =($B53-SUM(AM48:AM53))/AM54-1 -> 11.807796 | AP54: =(AN$2-COUNTA(AL48:AL54))/AO54 -> 0.84689812 | AQ54: =($B$31-SUM(AR48:AR53))*B57 -> 217.12279 | AR54: =AS54-AQ54 -> 509.96416 | AS54: =AS53 -> 727.08696 | AT54: =($B53-SUM(AR48:AR53))/AR54-1 -> 13.19203 | AU54: =(AS$2-COUNTA(AQ48:AQ54))/AT54 -> 0.83383682 | AV54: =($B$31-SUM(AW48:AW53))*B57 -> 222.74025 | AW54: =AX54-AV54 -> 475.39856 | AX54: =AX53 -> 698.13881 | AY54: =($B53-SUM(AW48:AW53))/AW54-1 -> 14.61779 | AZ54: =(AX$2-COUNTA(AV48:AV54))/AY54 -> 0.8209175 | BA54: =($B$31-SUM(BB48:BB53))*B57 -> 227.78206 | BB54: =BC54-BA54 -> 444.37501 | BC54: =BC53 -> 672.15708 | BD54: =($B53-SUM(BB48:BB53))/BB54-1 -> 16.086324 | BE54: =(BC$2-COUNTA(BA48:BA54))/BD54 -> 0.80813988
C55: =($B$31-SUM(D48:D54))*B57 -> 99.479863 | D55: =E55-C55 -> 1072.8252 | E55: =E54 -> 1172.3051 | F55: =($B53-SUM(D48:D54))/D55-1 -> 2.0909 | G55: =(E$2-COUNTA(C48:C55))/F55 -> 0.9565259 | H55: =($B$31-SUM(I48:I54))*B57 -> 120.52035 | I55: =J55-H55 -> 960.25413 | J55: =J54 -> 1080.7745 | K55: =($B53-SUM(I48:I54))/I55-1 -> 3.183627 | L55: =(J$2-COUNTA(H48:H55))/K55 -> 0.94232145 | M55: =($B$31-SUM(N48:N54))*B57 -> 138.02608 | N55: =O55-M55 -> 866.59477 | O55: =O54 -> 1004.6209 | P55: =($B53-SUM(N48:N54))/N55-1 -> 4.3091358 | Q55: =(O$2-COUNTA(M48:M55))/P55 -> 0.92826037 | R55: =($B$31-SUM(S48:S54))*B57 -> 152.81281 | S55: =T55-R55 -> 787.48263 | T55: =T54 -> 940.29544 | U55: =($B53-SUM(S48:S54))/S55-1 -> 5.4684099 | V55: =(T$2-COUNTA(R48:R55))/U55 -> 0.91434258 | W55: =($B$31-SUM(X48:X54))*B57 -> 165.46324 | X55: =Y55-W55 -> 719.80015 | Y55: =Y54 -> 885.26339 | Z55: =($B53-SUM(X48:X54))/X55-1 -> 6.6624622 | AA55: =(Y$2-COUNTA(W48:W55))/Z55 -> 0.90056796 | AB55: =($B$31-SUM(AC48:AC54))*B57 -> 176.40468 | AC55: =AD55-AB55 -> 661.26112 | AD55: =AD54 -> 837.6658 | AE55: =($B53-SUM(AC48:AC54))/AC55-1 -> 7.892336 | AF55: =(AD$2-COUNTA(AB48:AB55))/AE55 -> 0.88693638 | AG55: =($B$31-SUM(AH48:AH54))*B57 -> 185.95762 | AH55: =AI55-AG55 -> 610.15087 | AI55: =AI54 -> 796.10849 | AJ55: =($B53-SUM(AH48:AH54))/AH55-1 -> 9.1591061 | AK55: =(AI$2-COUNTA(AG48:AG55))/AJ55 -> 0.87344768 | AL55: =($B$31-SUM(AM48:AM54))*B57 -> 194.36714 | AM55: =AN55-AL55 -> 565.15815 | AN55: =AN54 -> 759.52529 | AO55: =($B53-SUM(AM48:AM54))/AM55-1 -> 10.463879 | AP55: =(AN$2-COUNTA(AL48:AL55))/AO55 -> 0.86010166 | AQ55: =($B$31-SUM(AR48:AR54))*B57 -> 201.82387 | AR55: =AS55-AQ55 -> 525.26309 | AS55: =AS54 -> 727.08696 | AT55: =($B53-SUM(AR48:AR54))/AR55-1 -> 11.807796 | AU55: =(AS$2-COUNTA(AQ48:AQ55))/AT55 -> 0.84689812 | AV55: =($B$31-SUM(AW48:AW54))*B57 -> 208.47829 | AW55: =AX55-AV55 -> 489.66051 | AX55: =AX54 -> 698.13881 | AY55: =($B53-SUM(AW48:AW54))/AW55-1 -> 13.19203 | AZ55: =(AX$2-COUNTA(AV48:AV55))/AY55 -> 0.83383682 | BA55: =($B$31-SUM(BB48:BB54))*B57 -> 214.45081 | BB55: =BC55-BA55 -> 457.70626 | BC55: =BC54 -> 672.15708 | BD55: =($B53-SUM(BB48:BB54))/BB55-1 -> 14.61779 | BE55: =(BC$2-COUNTA(BA48:BA55))/BD55 -> 0.8209175
C56: =($B$31-SUM(D48:D55))*B57 -> 67.295107 | D56: =E56-C56 -> 1105.01 | E56: =E55 -> 1172.3051 | F56: =($B53-SUM(D48:D55))/D56-1 -> 1.03 | G56: =(E$2-COUNTA(C48:C56))/F56 -> 0.97087379 | H56: =($B$31-SUM(I48:I55))*B57 -> 91.712729 | I56: =J56-H56 -> 989.06175 | J56: =J55 -> 1080.7745 | K56: =($B53-SUM(I48:I55))/I56-1 -> 2.0909 | L56: =(J$2-COUNTA(H48:H56))/K56 -> 0.9565259 | M56: =($B$31-SUM(N48:N55))*B57 -> 112.02824 | N56: =O56-M56 -> 892.59262 | O56: =O55 -> 1004.6209 | P56: =($B53-SUM(N48:N55))/N56-1 -> 3.183627 | Q56: =(O$2-COUNTA(M48:M56))/P56 -> 0.94232145 | R56: =($B$31-SUM(S48:S55))*B57 -> 129.18833 | S56: =T56-R56 -> 811.10711 | T56: =T55 -> 940.29544 | U56: =($B53-SUM(S48:S55))/S56-1 -> 4.3091358 | V56: =(T$2-COUNTA(R48:R56))/U56 -> 0.92826037 | W56: =($B$31-SUM(X48:X55))*B57 -> 143.86924 | X56: =Y56-W56 -> 741.39415 | Y56: =Y55 -> 885.26339 | Z56: =($B53-SUM(X48:X55))/X56-1 -> 5.4684099 | AA56: =(Y$2-COUNTA(W48:W56))/Z56 -> 0.91434258 | AB56: =($B$31-SUM(AC48:AC55))*B57 -> 156.56685 | AC56: =AD56-AB56 -> 681.09896 | AD56: =AD55 -> 837.6658 | AE56: =($B53-SUM(AC48:AC55))/AC56-1 -> 6.6624622 | AF56: =(AD$2-COUNTA(AB48:AB56))/AE56 -> 0.90056796 | AG56: =($B$31-SUM(AH48:AH55))*B57 -> 167.6531 | AH56: =AI56-AG56 -> 628.4554 | AI56: =AI55 -> 796.10849 | AJ56: =($B53-SUM(AH48:AH55))/AH56-1 -> 7.892336 | AK56: =(AI$2-COUNTA(AG48:AG56))/AJ56 -> 0.88693638 | AL56: =($B$31-SUM(AM48:AM55))*B57 -> 177.4124 | AM56: =AN56-AL56 -> 582.11289 | AN56: =AN55 -> 759.52529 | AO56: =($B53-SUM(AM48:AM55))/AM56-1 -> 9.1591061 | AP56: =(AN$2-COUNTA(AL48:AL56))/AO56 -> 0.87344768 | AQ56: =($B$31-SUM(AR48:AR55))*B57 -> 186.06598 | AR56: =AS56-AQ56 -> 541.02098 | AS56: =AS55 -> 727.08696 | AT56: =($B53-SUM(AR48:AR55))/AR56-1 -> 10.463879 | AU56: =(AS$2-COUNTA(AQ48:AQ56))/AT56 -> 0.86010166 | AV56: =($B$31-SUM(AW48:AW55))*B57 -> 193.78848 | AW56: =AX56-AV56 -> 504.35033 | AX56: =AX55 -> 698.13881 | AY56: =($B53-SUM(AW48:AW55))/AW56-1 -> 11.807796 | AZ56: =(AX$2-COUNTA(AV48:AV56))/AY56 -> 0.84689812 | BA56: =($B$31-SUM(BB48:BB55))*B57 -> 200.71963 | BB56: =BC56-BA56 -> 471.43745 | BC56: =BC55 -> 672.15708 | BD56: =($B53-SUM(BB48:BB55))/BB56-1 -> 13.19203 | BE56: =(BC$2-COUNTA(BA48:BA56))/BD56 -> 0.83383682
A57: Taux | B57: 0.03 | C57: =($B$31-SUM(D48:D56))*B57 -> 34.144808 | D57: =E57-C57 -> 1138.1603 | E57: =E56 -> 1172.3051 | F57: =($B53-SUM(D48:D56))/D57-1 -> -4.2188475e-15 | G57: =(E$2-COUNTA(C48:C57))/F57 -> 0 | H57: =($B$31-SUM(I48:I56))*B57 -> 62.040876 | I57: =J57-H57 -> 1018.7336 | J57: =J56 -> 1080.7745 | K57: =($B53-SUM(I48:I56))/I57-1 -> 1.03 | L57: =(J$2-COUNTA(H48:H57))/K57 -> 0.97087379 | M57: =($B$31-SUM(N48:N56))*B57 -> 85.250459 | N57: =O57-M57 -> 919.3704 | O57: =O56 -> 1004.6209 | P57: =($B53-SUM(N48:N56))/N57-1 -> 2.0909 | Q57: =(O$2-COUNTA(M48:M57))/P57 -> 0.9565259 | R57: =($B$31-SUM(S48:S56))*B57 -> 104.85512 | S57: =T57-R57 -> 835.44032 | T57: =T56 -> 940.29544 | U57: =($B53-SUM(S48:S56))/S57-1 -> 3.183627 | V57: =(T$2-COUNTA(R48:R57))/U57 -> 0.94232145 | W57: =($B$31-SUM(X48:X56))*B57 -> 121.62741 | X57: =Y57-W57 -> 763.63598 | Y57: =Y56 -> 885.26339 | Z57: =($B53-SUM(X48:X56))/X57-1 -> 4.3091358 | AA57: =(Y$2-COUNTA(W48:W57))/Z57 -> 0.92826037 | AB57: =($B$31-SUM(AC48:AC56))*B57 -> 136.13388 | AC57: =AD57-AB57 -> 701.53192 | AD57: =AD56 -> 837.6658 | AE57: =($B53-SUM(AC48:AC56))/AC57-1 -> 5.4684099 | AF57: =(AD$2-COUNTA(AB48:AB57))/AE57 -> 0.91434258 | AG57: =($B$31-SUM(AH48:AH56))*B57 -> 148.79944 | AH57: =AI57-AG57 -> 647.30906 | AI57: =AI56 -> 796.10849 | AJ57: =($B53-SUM(AH48:AH56))/AH57-1 -> 6.6624622 | AK57: =(AI$2-COUNTA(AG48:AG57))/AJ57 -> 0.90056796 | AL57: =($B$31-SUM(AM48:AM56))*B57 -> 159.94901 | AM57: =AN57-AL57 -> 599.57628 | AN57: =AN56 -> 759.52529 | AO57: =($B53-SUM(AM48:AM56))/AM57-1 -> 7.892336 | AP57: =(AN$2-COUNTA(AL48:AL57))/AO57 -> 0.88693638 | AQ57: =($B$31-SUM(AR48:AR56))*B57 -> 169.83535 | AR57: =AS57-AQ57 -> 557.25161 | AS57: =AS56 -> 727.08696 | AT57: =($B53-SUM(AR48:AR56))/AR57-1 -> 9.1591061 | AU57: =(AS$2-COUNTA(AQ48:AQ57))/AT57 -> 0.87344768 | AV57: =($B$31-SUM(AW48:AW56))*B57 -> 178.65797 | AW57: =AX57-AV57 -> 519.48084 | AX57: =AX56 -> 698.13881 | AY57: =($B53-SUM(AW48:AW56))/AW57-1 -> 10.463879 | AZ57: =(AX$2-COUNTA(AV48:AV57))/AY57 -> 0.86010166 | BA57: =($B$31-SUM(BB48:BB56))*B57 -> 186.5765 | BB57: =BC57-BA57 -> 485.58057 | BC57: =BC56 -> 672.15708 | BD57: =($B53-SUM(BB48:BB56))/BB57-1 -> 11.807796 | BE57: =(BC$2-COUNTA(BA48:BA57))/BD57 -> 0.84689812
D58: =SUM($D48:D57)-$B53 -> 0 | H58: =($B$31-SUM(I48:I57))*B57 -> 31.478868 | I58: =J58-H58 -> 1049.2956 | J58: =J57 -> 1080.7745 | K58: =($B53-SUM(I48:I57))/I58-1 -> -2.7755576e-15 | L58: =(J$2-COUNTA(H48:H58))/K58 -> 0 | M58: =($B$31-SUM(N48:N57))*B57 -> 57.669347 | N58: =O58-M58 -> 946.95151 | O58: =O57 -> 1004.6209 | P58: =($B53-SUM(N48:N57))/N58-1 -> 1.03 | Q58: =(O$2-COUNTA(M48:M58))/P58 -> 0.97087379 | R58: =($B$31-SUM(S48:S57))*B57 -> 79.791911 | S58: =T58-R58 -> 860.50353 | T58: =T57 -> 940.29544 | U58: =($B53-SUM(S48:S57))/S58-1 -> 2.0909 | V58: =(T$2-COUNTA(R48:R58))/U58 -> 0.9565259 | W58: =($B$31-SUM(X48:X57))*B57 -> 98.718334 | X58: =Y58-W58 -> 786.54506 | Y58: =Y57 -> 885.26339 | Z58: =($B53-SUM(X48:X57))/X58-1 -> 3.183627 | AA58: =(Y$2-COUNTA(W48:W58))/Z58 -> 0.94232145 | AB58: =($B$31-SUM(AC48:AC57))*B57 -> 115.08792 | AC58: =AD58-AB58 -> 722.57788 | AD58: =AD57 -> 837.6658 | AE58: =($B53-SUM(AC48:AC57))/AC58-1 -> 4.3091358 | AF58: =(AD$2-COUNTA(AB48:AB58))/AE58 -> 0.92826037 | AG58: =($B$31-SUM(AH48:AH57))*B57 -> 129.38016 | AH58: =AI58-AG58 -> 666.72833 | AI58: =AI57 -> 796.10849 | AJ58: =($B53-SUM(AH48:AH57))/AH58-1 -> 5.4684099 | AK58: =(AI$2-COUNTA(AG48:AG58))/AJ58 -> 0.91434258 | AL58: =($B$31-SUM(AM48:AM57))*B57 -> 141.96172 | AM58: =AN58-AL58 -> 617.56357 | AN58: =AN57 -> 759.52529 | AO58: =($B53-SUM(AM48:AM57))/AM58-1 -> 6.6624622 | AP58: =(AN$2-COUNTA(AL48:AL58))/AO58 -> 0.90056796 | AQ58: =($B$31-SUM(AR48:AR57))*B57 -> 153.1178 | AR58: =AS58-AQ58 -> 573.96916 | AS58: =AS57 -> 727.08696 | AT58: =($B53-SUM(AR48:AR57))/AR58-1 -> 7.892336 | AU58: =(AS$2-COUNTA(AQ48:AQ58))/AT58 -> 0.88693638 | AV58: =($B$31-SUM(AW48:AW57))*B57 -> 163.07354 | AW58: =AX58-AV58 -> 535.06526 | AX58: =AX57 -> 698.13881 | AY58: =($B53-SUM(AW48:AW57))/AW58-1 -> 9.1591061 | AZ58: =(AX$2-COUNTA(AV48:AV58))/AY58 -> 0.87344768 | BA58: =($B$31-SUM(BB48:BB57))*B57 -> 172.00909 | BB58: =BC58-BA58 -> 500.14799 | BC58: =BC57 -> 672.15708 | BD58: =($B53-SUM(BB48:BB57))/BB58-1 -> 10.463879 | BE58: =(BC$2-COUNTA(BA48:BA58))/BD58 -> 0.86010166
I59: =SUM($I48:I58)-$B53 -> 0 | M59: =($B$31-SUM(N48:N58))*B57 -> 29.260802 | N59: =O59-M59 -> 975.36005 | O59: =O58 -> 1004.6209 | P59: =($B53-SUM(N48:N58))/N59-1 -> -1.1435297e-14 | Q59: =(O$2-COUNTA(M48:M59))/P59 -> 0 | R59: =($B$31-SUM(S48:S58))*B57 -> 53.976805 | S59: =T59-R59 -> 886.31863 | T59: =T58 -> 940.29544 | U59: =($B53-SUM(S48:S58))/S59-1 -> 1.03 | V59: =(T$2-COUNTA(R48:R59))/U59 -> 0.97087379 | W59: =($B$31-SUM(X48:X58))*B57 -> 75.121982 | X59: =Y59-W59 -> 810.14141 | Y59: =Y58 -> 885.26339 | Z59: =($B53-SUM(X48:X58))/X59-1 -> 2.0909 | AA59: =(Y$2-COUNTA(W48:W59))/Z59 -> 0.9565259 | AB59: =($B$31-SUM(AC48:AC58))*B57 -> 93.410587 | AC59: =AD59-AB59 -> 744.25522 | AD59: =AD58 -> 837.6658 | AE59: =($B53-SUM(AC48:AC58))/AC59-1 -> 3.183627 | AF59: =(AD$2-COUNTA(AB48:AB59))/AE59 -> 0.94232145 | AG59: =($B$31-SUM(AH48:AH58))*B57 -> 109.37831 | AH59: =AI59-AG59 -> 686.73018 | AI59: =AI58 -> 796.10849 | AJ59: =($B53-SUM(AH48:AH58))/AH59-1 -> 4.3091358 | AK59: =(AI$2-COUNTA(AG48:AG59))/AJ59 -> 0.92826037 | AL59: =($B$31-SUM(AM48:AM58))*B57 -> 123.43482 | AM59: =AN59-AL59 -> 636.09048 | AN59: =AN58 -> 759.52529 | AO59: =($B53-SUM(AM48:AM58))/AM59-1 -> 5.4684099 | AP59: =(AN$2-COUNTA(AL48:AL59))/AO59 -> 0.91434258 | AQ59: =($B$31-SUM(AR48:AR58))*B57 -> 135.89872 | AR59: =AS59-AQ59 -> 591.18823 | AS59: =AS58 -> 727.08696 | AT59: =($B53-SUM(AR48:AR58))/AR59-1 -> 6.6624622 | AU59: =(AS$2-COUNTA(AQ48:AQ59))/AT59 -> 0.90056796 | AV59: =($B$31-SUM(AW48:AW58))*B57 -> 147.02159 | AW59: =AX59-AV59 -> 551.11722 | AX59: =AX58 -> 698.13881 | AY59: =($B53-SUM(AW48:AW58))/AW59-1 -> 7.892336 | AZ59: =(AX$2-COUNTA(AV48:AV59))/AY59 -> 0.88693638 | BA59: =($B$31-SUM(BB48:BB58))*B57 -> 157.00465 | BB59: =BC59-BA59 -> 515.15243 | BC59: =BC58 -> 672.15708 | BD59: =($B53-SUM(BB48:BB58))/BB59-1 -> 9.1591061 | BE59: =(BC$2-COUNTA(BA48:BA59))/BD59 -> 0.87344768
N60: =SUM($N48:N59)-$B53 -> 0 | R60: =($B$31-SUM(S48:S59))*B57 -> 27.387246 | S60: =T60-R60 -> 912.90819 | T60: =T59 -> 940.29544 | U60: =($B53-SUM(S48:S59))/S60-1 -> -9.3258734e-15 | V60: =(T$2-COUNTA(R48:R60))/U60 -> 0 | W60: =($B$31-SUM(X48:X59))*B57 -> 50.81774 | X60: =Y60-W60 -> 834.44565 | Y60: =Y59 -> 885.26339 | Z60: =($B53-SUM(X48:X59))/X60-1 -> 1.03 | AA60: =(Y$2-COUNTA(W48:W60))/Z60 -> 0.97087379 | AB60: =($B$31-SUM(AC48:AC59))*B57 -> 71.08293 | AC60: =AD60-AB60 -> 766.58287 | AD60: =AD59 -> 837.6658 | AE60: =($B53-SUM(AC48:AC59))/AC60-1 -> 2.0909 | AF60: =(AD$2-COUNTA(AB48:AB60))/AE60 -> 0.9565259 | AG60: =($B$31-SUM(AH48:AH59))*B57 -> 88.776408 | AH60: =AI60-AG60 -> 707.33208 | AI60: =AI59 -> 796.10849 | AJ60: =($B53-SUM(AH48:AH59))/AH60-1 -> 3.183627 | AK60: =(AI$2-COUNTA(AG48:AG60))/AJ60 -> 0.94232145 | AL60: =($B$31-SUM(AM48:AM59))*B57 -> 104.3521 | AM60: =AN60-AL60 -> 655.17319 | AN60: =AN59 -> 759.52529 | AO60: =($B53-SUM(AM48:AM59))/AM60-1 -> 4.3091358 | AP60: =(AN$2-COUNTA(AL48:AL60))/AO60 -> 0.92826037 | AQ60: =($B$31-SUM(AR48:AR59))*B57 -> 118.16308 | AR60: =AS60-AQ60 -> 608.92388 | AS60: =AS59 -> 727.08696 | AT60: =($B53-SUM(AR48:AR59))/AR60-1 -> 5.4684099 | AU60: =(AS$2-COUNTA(AQ48:AQ60))/AT60 -> 0.91434258 | AV60: =($B$31-SUM(AW48:AW59))*B57 -> 130.48807 | AW60: =AX60-AV60 -> 567.65074 | AX60: =AX59 -> 698.13881 | AY60: =($B53-SUM(AW48:AW59))/AW60-1 -> 6.6624622 | AZ60: =(AX$2-COUNTA(AV48:AV60))/AY60 -> 0.90056796 | BA60: =($B$31-SUM(BB48:BB59))*B57 -> 141.55007 | BB60: =BC60-BA60 -> 530.607 | BC60: =BC59 -> 672.15708 | BD60: =($B53-SUM(BB48:BB59))/BB60-1 -> 7.892336 | BE60: =(BC$2-COUNTA(BA48:BA60))/BD60 -> 0.88693638
S61: =SUM($S48:S60)-$B53 -> 0 | W61: =($B$31-SUM(X48:X60))*B57 -> 25.784371 | X61: =Y61-W61 -> 859.47902 | Y61: =Y60 -> 885.26339 | Z61: =($B53-SUM(X48:X60))/X61-1 -> -5.4400928e-15 | AA61: 0 | AB61: =($B$31-SUM(AC48:AC60))*B57 -> 48.085444 | AC61: =AD61-AB61 -> 789.58036 | AD61: =AD60 -> 837.6658 | AE61: =($B53-SUM(AC48:AC60))/AC61-1 -> 1.03 | AF61: =(AD$2-COUNTA(AB48:AB61))/AE61 -> 0.97087379 | AG61: =($B$31-SUM(AH48:AH60))*B57 -> 67.556446 | AH61: =AI61-AG61 -> 728.55205 | AI61: =AI60 -> 796.10849 | AJ61: =($B53-SUM(AH48:AH60))/AH61-1 -> 2.0909 | AK61: =(AI$2-COUNTA(AG48:AG61))/AJ61 -> 0.9565259 | AL61: =($B$31-SUM(AM48:AM60))*B57 -> 84.696908 | AM61: =AN61-AL61 -> 674.82839 | AN61: =AN60 -> 759.52529 | AO61: =($B53-SUM(AM48:AM60))/AM61-1 -> 3.183627 | AP61: =(AN$2-COUNTA(AL48:AL61))/AO61 -> 0.94232145 | AQ61: =($B$31-SUM(AR48:AR60))*B57 -> 99.895361 | AR61: =AS61-AQ61 -> 627.1916 | AS61: =AS60 -> 727.08696 | AT61: =($B53-SUM(AR48:AR60))/AR61-1 -> 4.3091358 | AU61: =(AS$2-COUNTA(AQ48:AQ61))/AT61 -> 0.92826037 | AV61: =($B$31-SUM(AW48:AW60))*B57 -> 113.45855 | AW61: =AX61-AV61 -> 584.68026 | AX61: =AX60 -> 698.13881 | AY61: =($B53-SUM(AW48:AW60))/AW61-1 -> 5.4684099 | AZ61: =(AX$2-COUNTA(AV48:AV61))/AY61 -> 0.91434258 | BA61: =($B$31-SUM(BB48:BB60))*B57 -> 125.63186 | BB61: =BC61-BA61 -> 546.52521 | BC61: =BC60 -> 672.15708 | BD61: =($B53-SUM(BB48:BB60))/BB61-1 -> 6.6624622 | BE61: =(BC$2-COUNTA(BA48:BA61))/BD61 -> 0.90056796
X62: =SUM($X48:X61)-$B53 -> 0 | AB62: =($B$31-SUM(AC48:AC61))*B57 -> 24.398033 | AC62: =AD62-AB62 -> 813.26777 | AD62: =AD61 -> 837.6658 | AE62: =($B53-SUM(AC48:AC61))/AC62-1 -> -8.8817842e-16 | AF62: =(AD$2-COUNTA(AB48:AB62))/AE62 -> 0 | AG62: =($B$31-SUM(AH48:AH61))*B57 -> 45.699884 | AH62: =AI62-AG62 -> 750.40861 | AI62: =AI61 -> 796.10849 | AJ62: =($B53-SUM(AH48:AH61))/AH62-1 -> 1.03 | AK62: =(AI$2-COUNTA(AG48:AG62))/AJ62 -> 0.97087379 | AL62: =($B$31-SUM(AM48:AM61))*B57 -> 64.452056 | AM62: =AN62-AL62 -> 695.07324 | AN62: =AN61 -> 759.52529 | AO62: =($B53-SUM(AM48:AM61))/AM62-1 -> 2.0909 | AP62: =(AN$2-COUNTA(AL48:AL62))/AO62 -> 0.9565259 | AQ62: =($B$31-SUM(AR48:AR61))*B57 -> 81.079613 | AR62: =AS62-AQ62 -> 646.00735 | AS62: =AS61 -> 727.08696 | AT62: =($B53-SUM(AR48:AR61))/AR62-1 -> 3.183627 | AU62: =(AS$2-COUNTA(AQ48:AQ62))/AT62 -> 0.94232145 | AV62: =($B$31-SUM(AW48:AW61))*B57 -> 95.918139 | AW62: =AX62-AV62 -> 602.22067 | AX62: =AX61 -> 698.13881 | AY62: =($B53-SUM(AW48:AW61))/AW62-1 -> 4.3091358 | AZ62: =(AX$2-COUNTA(AV48:AV62))/AY62 -> 0.92826037 | BA62: =($B$31-SUM(BB48:BB61))*B57 -> 109.23611 | BB62: =BC62-BA62 -> 562.92097 | BC62: =BC61 -> 672.15708 | BD62: =($B53-SUM(BB48:BB61))/BB62-1 -> 5.4684099 | BE62: =(BC$2-COUNTA(BA48:BA62))/BD62 -> 0.91434258
AC63: =SUM($AC48:AC62)-$B53 -> 0 | AG63: =($B$31-SUM(AH48:AH62))*B57 -> 23.187626 | AH63: =AI63-AG63 -> 772.92087 | AI63: =AI62 -> 796.10849 | AJ63: =($B53-SUM(AH48:AH62))/AH63-1 -> -1.0325074e-14 | AK63: =(AI$2-COUNTA(AG48:AG63))/AJ63 -> 0 | AL63: =($B$31-SUM(AM48:AM62))*B57 -> 43.599859 | AM63: =AN63-AL63 -> 715.92543 | AN63: =AN62 -> 759.52529 | AO63: =($B53-SUM(AM48:AM62))/AM63-1 -> 1.03 | AP63: =(AN$2-COUNTA(AL48:AL63))/AO63 -> 0.97087379 | AQ63: =($B$31-SUM(AR48:AR62))*B57 -> 61.699393 | AR63: =AS63-AQ63 -> 665.38757 | AS63: =AS62 -> 727.08696 | AT63: =($B53-SUM(AR48:AR62))/AR63-1 -> 2.0909 | AU63: =(AS$2-COUNTA(AQ48:AQ63))/AT63 -> 0.9565259 | AV63: =($B$31-SUM(AW48:AW62))*B57 -> 77.851519 | AW63: =AX63-AV63 -> 620.28729 | AX63: =AX62 -> 698.13881 | AY63: =($B53-SUM(AW48:AW62))/AW63-1 -> 3.183627 | AZ63: =(AX$2-COUNTA(AV48:AV63))/AY63 -> 0.94232145 | BA63: =($B$31-SUM(BB48:BB62))*B57 -> 92.348478 | BB63: =BC63-BA63 -> 579.8086 | BC63: =BC62 -> 672.15708 | BD63: =($B53-SUM(BB48:BB62))/BB63-1 -> 4.3091358 | BE63: =(BC$2-COUNTA(BA48:BA63))/BD63 -> 0.92826037
AH64: =SUM($AH48:AH63)-$B53 -> 0 | AL64: =($B$31-SUM(AM48:AM63))*B57 -> 22.122096 | AM64: =AN64-AL64 -> 737.4032 | AN64: =AN63 -> 759.52529 | AO64: =($B53-SUM(AM48:AM63))/AM64-1 -> -8.437695e-15 | AP64: =(AN$2-COUNTA(AL49:AL64))/AO64 -> -118515779667645 | AQ64: =($B$31-SUM(AR48:AR63))*B57 -> 41.737766 | AR64: =AS64-AQ64 -> 685.34919 | AS64: =AS63 -> 727.08696 | AT64: =($B53-SUM(AR48:AR63))/AR64-1 -> 1.03 | AU64: =(AS$2-COUNTA(AQ48:AQ64))/AT64 -> 0.97087379 | AV64: =($B$31-SUM(AW48:AW63))*B57 -> 59.242901 | AW64: =AX64-AV64 -> 638.89591 | AX64: =AX63 -> 698.13881 | AY64: =($B53-SUM(AW48:AW63))/AW64-1 -> 2.0909 | AZ64: =(AX$2-COUNTA(AV48:AV64))/AY64 -> 0.9565259 | BA64: =($B$31-SUM(BB48:BB63))*B57 -> 74.95422 | BB64: =BC64-BA64 -> 597.20286 | BC64: =BC63 -> 672.15708 | BD64: =($B53-SUM(BB48:BB63))/BB64-1 -> 3.183627 | BE64: =(BC$2-COUNTA(BA48:BA64))/BD64 -> 0.94232145
AM65: =SUM($AM48:AM64)-$B53 -> 0 | AQ65: =($B$31-SUM(AR48:AR64))*B57 -> 21.17729 | AR65: =AS65-AQ65 -> 705.90967 | AS65: =AS64 -> 727.08696 | AT65: =($B53-SUM(AR48:AR64))/AR65-1 -> -1.0991208e-14 | AU65: =(AS$2-COUNTA(AQ48:AQ65))/AT65 -> 0 | AV65: =($B$31-SUM(AW48:AW64))*B57 -> 40.076023 | AW65: =AX65-AV65 -> 658.06278 | AX65: =AX64 -> 698.13881 | AY65: =($B53-SUM(AW48:AW64))/AW65-1 -> 1.03 | AZ65: =(AX$2-COUNTA(AV48:AV65))/AY65 -> 0.97087379 | BA65: =($B$31-SUM(BB48:BB64))*B57 -> 57.038134 | BB65: =BC65-BA65 -> 615.11894 | BC65: =BC64 -> 672.15708 | BD65: =($B53-SUM(BB48:BB64))/BB65-1 -> 2.0909 | BE65: =(BC$2-COUNTA(BA48:BA65))/BD65 -> 0.9565259
AR66: =SUM($AR48:AR65)-$B53 -> 0 | AV66: =($B$31-SUM(AW48:AW65))*B57 -> 20.33414 | AW66: =AX66-AV66 -> 677.80467 | AX66: =AX65 -> 698.13881 | AY66: =($B53-SUM(AW48:AW65))/AW66-1 -> -8.5487173e-15 | AZ66: =(AX$2-COUNTA(AV48:AV66))/AY66 -> 0 | BA66: =($B$31-SUM(BB48:BB65))*B57 -> 38.584566 | BB66: =BC66-BA66 -> 633.57251 | BC66: =BC65 -> 672.15708 | BD66: =($B53-SUM(BB48:BB65))/BB66-1 -> 1.03 | BE66: =(BC$2-COUNTA(BA48:BA66))/BD66 -> 0.97087379
AW67: =SUM($AW48:AW66)-$B53 -> 0 | BA67: =($B$31-SUM(BB48:BB66))*B57 -> 19.577391 | BB67: =BC67-BA67 -> 652.57969 | BC67: =BC66 -> 672.15708 | BD67: =($B53-SUM(BB48:BB66))/BB67-1 -> -9.2148511e-15 | BE67: =(BC$2-COUNTA(BA48:BA67))/BD67 -> 0
BB68: =SUM($BB48:BB67)-$B53 -> 0
C70: =$B75*B79 -> 400 | D70: =E70-C70 -> 832.90944 | E70: =$B75*$B79/(1-(1+$B79)^-$E$2) -> 1232.9094 | F70: =$B75/D70-1 -> 11.006107 | G70: =(E$2-COUNTA(C70:C70))/F70 -> 0.81772782 | H70: =$B75*B79 -> 400 | I70: =J70-H70 -> 741.49039 | J70: =$B75*$B79/(1-(1+$B79)^-$J$2) -> 1141.4904 | K70: =$B75/I70-1 -> 12.486351 | L70: =(J$2-COUNTA(H70:H70))/K70 -> 0.80087446 | M70: =$B75*B79 -> 400 | N70: =O70-M70 -> 665.52173 | O70: =$B75*$B79/(1-(1+$B79)^-$O$2) -> 1065.5217 | P70: =$B75/N70-1 -> 14.025805 | Q70: =(O$2-COUNTA(M70:M70))/P70 -> 0.78426868 | R70: =$B75*B79 -> 400 | S70: =T70-R70 -> 601.43728 | T70: =$B75*$B79/(1-(1+$B79)^-$T$2) -> 1001.4373 | U70: =$B75/S70-1 -> 15.626838 | V70: =(T$2-COUNTA(R70:R70))/U70 -> 0.76790968 | W70: =$B75*B79 -> 400 | X70: =Y70-W70 -> 546.68973 | Y70: =$B75*$B79/(1-(1+$B79)^-$Y$2) -> 946.68973 | Z70: =$B75/X70-1 -> 17.291911 | AA70: =(Y$2-COUNTA(W70:W70))/Z70 -> 0.7517966 | AB70: =$B75*B79 -> 400 | AC70: =AD70-AB70 -> 499.411 | AD70: =$B75*$B79/(1-(1+$B79)^-$AD$2) -> 899.411 | AE70: =$B75/AC70-1 -> 19.023588 | AF70: =(AD$2-COUNTA(AB70:AB70))/AE70 -> 0.73592848 | AG70: =$B75*B79 -> 400 | AH70: =AI70-AG70 -> 458.19999 | AI70: =$B75*$B79/(1-(1+$B79)^-$AI$2) -> 858.19999 | AJ70: =$B75/AH70-1 -> 20.824531 | AK70: =(AI$2-COUNTA(AG70:AG70))/AJ70 -> 0.72030433 | AL70: =$B75*B79 -> 400 | AM70: =AN70-AL70 -> 421.98522 | AN70: =$B75*$B79/(1-(1+$B79)^-$AN$2) -> 821.98522 | AO70: =$B75/AM70-1 -> 22.697512 | AP70: =(AN$2-COUNTA(AL70:AL70))/AO70 -> 0.70492306 | AQ70: =$B75*B79 -> 400 | AR70: =AS70-AQ70 -> 389.93328 | AS70: =$B75*$B79/(1-(1+$B79)^-$AS$2) -> 789.93328 | AT70: =$B75/AR70-1 -> 24.645413 | AU70: =(AS$2-COUNTA(AQ70:AQ70))/AT70 -> 0.68978353 | AV70: =$B75*B79 -> 400 | AW70: =AX70-AV70 -> 361.38618 | AX70: =$B75*$B79/(1-(1+$B79)^-$AX$2) -> 761.38618 | AY70: =$B75/AW70-1 -> 26.671229 | AZ70: =(AX$2-COUNTA(AV70:AV70))/AY70 -> 0.67488453 | BA70: =$B75*B79 -> 400 | BB70: =BC70-BA70 -> 335.8175 | BC70: =$B75*$B79/(1-(1+$B79)^-$BC$2) -> 735.8175 | BD70: =$B75/BB70-1 -> 28.778079 | BE70: =(BC$2-COUNTA(BA70:BA70))/BD70 -> 0.66022476
C71: =($B$31-SUM(D70:D70))*B79 -> 366.68362 | D71: =E71-C71 -> 866.22582 | E71: =E70 -> 1232.9094 | F71: =($B75-SUM(D70:D70))/D71-1 -> 9.5827953 | G71: =(E$2-COUNTA(C70:C71))/F71 -> 0.83482948 | H71: =($B$31-SUM(I70:I70))*B79 -> 370.34038 | I71: =J71-H71 -> 771.15001 | J71: =J70 -> 1141.4904 | K71: =($B75-SUM(I70:I70))/I71-1 -> 11.006107 | L71: =(J$2-COUNTA(H70:H71))/K71 -> 0.81772782 | M71: =($B$31-SUM(N70:N70))*B79 -> 373.37913 | N71: =O71-M71 -> 692.1426 | O71: =O70 -> 1065.5217 | P71: =($B75-SUM(N70:N70))/N71-1 -> 12.486351 | Q71: =(O$2-COUNTA(M70:M71))/P71 -> 0.80087446 | R71: =($B$31-SUM(S70:S70))*B79 -> 375.94251 | S71: =T71-R71 -> 625.49477 | T71: =T70 -> 1001.4373 | U71: =($B75-SUM(S70:S70))/S71-1 -> 14.025805 | V71: =(T$2-COUNTA(R70:R71))/U71 -> 0.78426868 | W71: =($B$31-SUM(X70:X70))*B79 -> 378.13241 | X71: =Y71-W71 -> 568.55732 | Y71: =Y70 -> 946.68973 | Z71: =($B75-SUM(X70:X70))/X71-1 -> 15.626838 | AA71: =(Y$2-COUNTA(W70:W71))/Z71 -> 0.76790968 | AB71: =($B$31-SUM(AC70:AC70))*B79 -> 380.02356 | AC71: =AD71-AB71 -> 519.38744 | AD71: =AD70 -> 899.411 | AE71: =($B75-SUM(AC70:AC70))/AC71-1 -> 17.291911 | AF71: =(AD$2-COUNTA(AB70:AB71))/AE71 -> 0.7517966 | AG71: =($B$31-SUM(AH70:AH70))*B79 -> 381.672 | AH71: =AI71-AG71 -> 476.52799 | AI71: =AI70 -> 858.19999 | AJ71: =($B75-SUM(AH70:AH70))/AH71-1 -> 19.023588 | AK71: =(AI$2-COUNTA(AG70:AG71))/AJ71 -> 0.73592848 | AL71: =($B$31-SUM(AM70:AM70))*B79 -> 383.12059 | AM71: =AN71-AL71 -> 438.86463 | AN71: =AN70 -> 821.98522 | AO71: =($B75-SUM(AM70:AM70))/AM71-1 -> 20.824531 | AP71: =(AN$2-COUNTA(AL70:AL71))/AO71 -> 0.72030433 | AQ71: =($B$31-SUM(AR70:AR70))*B79 -> 384.40267 | AR71: =AS71-AQ71 -> 405.53061 | AS71: =AS70 -> 789.93328 | AT71: =($B75-SUM(AR70:AR70))/AR71-1 -> 22.697512 | AU71: =(AS$2-COUNTA(AQ70:AQ71))/AT71 -> 0.70492306 | AV71: =($B$31-SUM(AW70:AW70))*B79 -> 385.54455 | AW71: =AX71-AV71 -> 375.84163 | AX71: =AX70 -> 761.38618 | AY71: =($B75-SUM(AW70:AW70))/AW71-1 -> 24.645413 | AZ71: =(AX$2-COUNTA(AV70:AV71))/AY71 -> 0.68978353 | BA71: =($B$31-SUM(BB70:BB70))*B79 -> 386.5673 | BB71: =BC71-BA71 -> 349.2502 | BC71: =BC70 -> 735.8175 | BD71: =($B75-SUM(BB70:BB70))/BB71-1 -> 26.671229 | BE71: =(BC$2-COUNTA(BA70:BA71))/BD71 -> 0.67488453
C72: =($B$31-SUM(D70:D71))*B79 -> 332.03459 | D72: =E72-C72 -> 900.87485 | E72: =E71 -> 1232.9094 | F72: =($B75-SUM(D70:D71))/D72-1 -> 8.2142263 | G72: =(E$2-COUNTA(C70:C72))/F72 -> 0.85218008 | H72: =($B$31-SUM(I70:I71))*B79 -> 339.49438 | I72: =J72-H72 -> 801.99601 | J72: =J71 -> 1141.4904 | K72: =($B75-SUM(I70:I71))/I72-1 -> 9.5827953 | L72: =(J$2-COUNTA(H70:H72))/K72 -> 0.83482948 | M72: =($B$31-SUM(N70:N71))*B79 -> 345.69343 | N72: =O72-M72 -> 719.8283 | O72: =O71 -> 1065.5217 | P72: =($B75-SUM(N70:N71))/N72-1 -> 11.006107 | Q72: =(O$2-COUNTA(M70:M72))/P72 -> 0.81772782 | R72: =($B$31-SUM(S70:S71))*B79 -> 350.92272 | S72: =T72-R72 -> 650.51456 | T72: =T71 -> 1001.4373 | U72: =($B75-SUM(S70:S71))/S72-1 -> 12.486351 | V72: =(T$2-COUNTA(R70:R72))/U72 -> 0.80087446 | W72: =($B$31-SUM(X70:X71))*B79 -> 355.39012 | X72: =Y72-W72 -> 591.29961 | Y72: =Y71 -> 946.68973 | Z72: =($B75-SUM(X70:X71))/X72-1 -> 14.025805 | AA72: =(Y$2-COUNTA(W70:W72))/Z72 -> 0.78426868 | AB72: =($B$31-SUM(AC70:AC71))*B79 -> 359.24806 | AC72: =AD72-AB72 -> 540.16294 | AD72: =AD71 -> 899.411 | AE72: =($B75-SUM(AC70:AC71))/AC72-1 -> 15.626838 | AF72: =(AD$2-COUNTA(AB70:AB72))/AE72 -> 0.76790968 | AG72: =($B$31-SUM(AH70:AH71))*B79 -> 362.61088 | AH72: =AI72-AG72 -> 495.58911 | AI72: =AI71 -> 858.19999 | AJ72: =($B75-SUM(AH70:AH71))/AH72-1 -> 17.291911 | AK72: =(AI$2-COUNTA(AG70:AG72))/AJ72 -> 0.7517966 | AL72: =($B$31-SUM(AM70:AM71))*B79 -> 365.56601 | AM72: =AN72-AL72 -> 456.41921 | AN72: =AN71 -> 821.98522 | AO72: =($B75-SUM(AM70:AM71))/AM72-1 -> 19.023588 | AP72: =(AN$2-COUNTA(AL70:AL72))/AO72 -> 0.73592848 | AQ72: =($B$31-SUM(AR70:AR71))*B79 -> 368.18144 | AR72: =AS72-AQ72 -> 421.75184 | AS72: =AS71 -> 789.93328 | AT72: =($B75-SUM(AR70:AR71))/AR72-1 -> 20.824531 | AU72: =(AS$2-COUNTA(AQ70:AQ72))/AT72 -> 0.72030433 | AV72: =($B$31-SUM(AW70:AW71))*B79 -> 370.51089 | AW72: =AX72-AV72 -> 390.8753 | AX72: =AX71 -> 761.38618 | AY72: =($B75-SUM(AW70:AW71))/AW72-1 -> 22.697512 | AZ72: =(AX$2-COUNTA(AV70:AV72))/AY72 -> 0.70492306 | BA72: =($B$31-SUM(BB70:BB71))*B79 -> 372.59729 | BB72: =BC72-BA72 -> 363.22021 | BC72: =BC71 -> 735.8175 | BD72: =($B75-SUM(BB70:BB71))/BB72-1 -> 24.645413 | BE72: =(BC$2-COUNTA(BA70:BA72))/BD72 -> 0.68978353
C73: =($B$31-SUM(D70:D72))*B79 -> 295.9996 | D73: =E73-C73 -> 936.90985 | E73: =E72 -> 1232.9094 | F73: =($B75-SUM(D70:D72))/D73-1 -> 6.8982945 | G73: =(E$2-COUNTA(C70:C73))/F73 -> 0.86978021 | H73: =($B$31-SUM(I70:I72))*B79 -> 307.41454 | I73: =J73-H73 -> 834.07585 | J73: =J72 -> 1141.4904 | K73: =($B75-SUM(I70:I72))/I73-1 -> 8.2142263 | L73: =(J$2-COUNTA(H70:H73))/K73 -> 0.85218008 | M73: =($B$31-SUM(N70:N72))*B79 -> 316.9003 | N73: =O73-M73 -> 748.62143 | O73: =O72 -> 1065.5217 | P73: =($B75-SUM(N70:N72))/N73-1 -> 9.5827953 | Q73: =(O$2-COUNTA(M70:M73))/P73 -> 0.83482948 | R73: =($B$31-SUM(S70:S72))*B79 -> 324.90214 | S73: =T73-R73 -> 676.53514 | T73: =T72 -> 1001.4373 | U73: =($B75-SUM(S70:S72))/S73-1 -> 11.006107 | V73: =(T$2-COUNTA(R70:R73))/U73 -> 0.81772782 | W73: =($B$31-SUM(X70:X72))*B79 -> 331.73813 | X73: =Y73-W73 -> 614.9516 | Y73: =Y72 -> 946.68973 | Z73: =($B75-SUM(X70:X72))/X73-1 -> 12.486351 | AA73: =(Y$2-COUNTA(W70:W73))/Z73 -> 0.80087446 | AB73: =($B$31-SUM(AC70:AC72))*B79 -> 337.64154 | AC73: =AD73-AB73 -> 561.76946 | AD73: =AD72 -> 899.411 | AE73: =($B75-SUM(AC70:AC72))/AC73-1 -> 14.025805 | AF73: =(AD$2-COUNTA(AB70:AB73))/AE73 -> 0.78426868 | AG73: =($B$31-SUM(AH70:AH72))*B79 -> 342.78732 | AH73: =AI73-AG73 -> 515.41268 | AI73: =AI72 -> 858.19999 | AJ73: =($B75-SUM(AH70:AH72))/AH73-1 -> 15.626838 | AK73: =(AI$2-COUNTA(AG70:AG73))/AJ73 -> 0.76790968 | AL73: =($B$31-SUM(AM70:AM72))*B79 -> 347.30924 | AM73: =AN73-AL73 -> 474.67598 | AN73: =AN72 -> 821.98522 | AO73: =($B75-SUM(AM70:AM72))/AM73-1 -> 17.291911 | AP73: =(AN$2-COUNTA(AL70:AL73))/AO73 -> 0.7517966 | AQ73: =($B$31-SUM(AR70:AR72))*B79 -> 351.31137 | AR73: =AS73-AQ73 -> 438.62191 | AS73: =AS72 -> 789.93328 | AT73: =($B75-SUM(AR70:AR72))/AR73-1 -> 19.023588 | AU73: =(AS$2-COUNTA(AQ70:AQ73))/AT73 -> 0.73592848 | AV73: =($B$31-SUM(AW70:AW72))*B79 -> 354.87588 | AW73: =AX73-AV73 -> 406.51031 | AX73: =AX72 -> 761.38618 | AY73: =($B75-SUM(AW70:AW72))/AW73-1 -> 20.824531 | AZ73: =(AX$2-COUNTA(AV70:AV73))/AY73 -> 0.72030433 | BA73: =($B$31-SUM(BB70:BB72))*B79 -> 358.06848 | BB73: =BC73-BA73 -> 377.74902 | BC73: =BC72 -> 735.8175 | BD73: =($B75-SUM(BB70:BB72))/BB73-1 -> 22.697512 | BE73: =(BC$2-COUNTA(BA70:BA73))/BD73 -> 0.70492306
C74: =($B$31-SUM(D70:D73))*B79 -> 258.5232 | D74: =E74-C74 -> 974.38624 | E74: =E73 -> 1232.9094 | F74: =($B75-SUM(D70:D73))/D74-1 -> 5.6329755 | G74: =(E$2-COUNTA(C70:C74))/F74 -> 0.88763035 | H74: =($B$31-SUM(I70:I73))*B79 -> 274.05151 | I74: =J74-H74 -> 867.43888 | J74: =J73 -> 1141.4904 | K74: =($B75-SUM(I70:I73))/I74-1 -> 6.8982945 | L74: =(J$2-COUNTA(H70:H74))/K74 -> 0.86978021 | M74: =($B$31-SUM(N70:N73))*B79 -> 286.95544 | N74: =O74-M74 -> 778.56629 | O74: =O73 -> 1065.5217 | P74: =($B75-SUM(N70:N73))/N74-1 -> 8.2142263 | Q74: =(O$2-COUNTA(M70:M74))/P74 -> 0.85218008 | R74: =($B$31-SUM(S70:S73))*B79 -> 297.84073 | S74: =T74-R74 -> 703.59655 | T74: =T73 -> 1001.4373 | U74: =($B75-SUM(S70:S73))/S74-1 -> 9.5827953 | V74: =(T$2-COUNTA(R70:R74))/U74 -> 0.83482948 | W74: =($B$31-SUM(X70:X73))*B79 -> 307.14007 | X74: =Y74-W74 -> 639.54966 | Y74: =Y73 -> 946.68973 | Z74: =($B75-SUM(X70:X73))/X74-1 -> 11.006107 | AA74: =(Y$2-COUNTA(W70:W74))/Z74 -> 0.81772782 | AB74: =($B$31-SUM(AC70:AC73))*B79 -> 315.17077 | AC74: =AD74-AB74 -> 584.24024 | AD74: =AD73 -> 899.411 | AE74: =($B75-SUM(AC70:AC73))/AC74-1 -> 12.486351 | AF74: =(AD$2-COUNTA(AB70:AB74))/AE74 -> 0.80087446 | AG74: =($B$31-SUM(AH70:AH73))*B79 -> 322.17081 | AH74: =AI74-AG74 -> 536.02918 | AI74: =AI73 -> 858.19999 | AJ74: =($B75-SUM(AH70:AH73))/AH74-1 -> 14.025805 | AK74: =(AI$2-COUNTA(AG70:AG74))/AJ74 -> 0.78426868 | AL74: =($B$31-SUM(AM70:AM73))*B79 -> 328.3222 | AM74: =AN74-AL74 -> 493.66302 | AN74: =AN73 -> 821.98522 | AO74: =($B75-SUM(AM70:AM73))/AM74-1 -> 15.626838 | AP74: =(AN$2-COUNTA(AL70:AL74))/AO74 -> 0.76790968 | AQ74: =($B$31-SUM(AR70:AR73))*B79 -> 333.76649 | AR74: =AS74-AQ74 -> 456.16679 | AS74: =AS73 -> 789.93328 | AT74: =($B75-SUM(AR70:AR73))/AR74-1 -> 17.291911 | AU74: =(AS$2-COUNTA(AQ70:AQ74))/AT74 -> 0.7517966 | AV74: =($B$31-SUM(AW70:AW73))*B79 -> 338.61546 | AW74: =AX74-AV74 -> 422.77072 | AX74: =AX73 -> 761.38618 | AY74: =($B75-SUM(AW70:AW73))/AW74-1 -> 19.023588 | AZ74: =(AX$2-COUNTA(AV70:AV74))/AY74 -> 0.73592848 | BA74: =($B$31-SUM(BB70:BB73))*B79 -> 342.95852 | BB74: =BC74-BA74 -> 392.85898 | BC74: =BC73 -> 735.8175 | BD74: =($B75-SUM(BB70:BB73))/BB74-1 -> 20.824531 | BE74: =(BC$2-COUNTA(BA70:BA74))/BD74 -> 0.72030433
A75: K | B75: 10000 | C75: =($B$31-SUM(D70:D74))*B79 -> 219.54775 | D75: =E75-C75 -> 1013.3617 | E75: =E74 -> 1232.9094 | F75: =($B75-SUM(D70:D74))/D75-1 -> 4.4163226 | G75: =(E$2-COUNTA(C70:C75))/F75 -> 0.90573094 | H75: =($B$31-SUM(I70:I74))*B79 -> 239.35395 | I75: =J75-H75 -> 902.13644 | J75: =J74 -> 1141.4904 | K75: =($B75-SUM(I70:I74))/I75-1 -> 5.6329755 | L75: =(J$2-COUNTA(H70:H75))/K75 -> 0.88763035 | M75: =($B$31-SUM(N70:N74))*B79 -> 255.81279 | N75: =O75-M75 -> 809.70894 | O75: =O74 -> 1065.5217 | P75: =($B75-SUM(N70:N74))/N75-1 -> 6.8982945 | Q75: =(O$2-COUNTA(M70:M75))/P75 -> 0.86978021 | R75: =($B$31-SUM(S70:S74))*B79 -> 269.69687 | S75: =T75-R75 -> 731.74041 | T75: =T74 -> 1001.4373 | U75: =($B75-SUM(S70:S74))/S75-1 -> 8.2142263 | V75: =(T$2-COUNTA(R70:R75))/U75 -> 0.85218008 | W75: =($B$31-SUM(X70:X74))*B79 -> 281.55808 | X75: =Y75-W75 -> 665.13165 | Y75: =Y74 -> 946.68973 | Z75: =($B75-SUM(X70:X74))/X75-1 -> 9.5827953 | AA75: =(Y$2-COUNTA(W70:W75))/Z75 -> 0.83482948 | AB75: =($B$31-SUM(AC70:AC74))*B79 -> 291.80116 | AC75: =AD75-AB75 -> 607.60985 | AD75: =AD74 -> 899.411 | AE75: =($B75-SUM(AC70:AC74))/AC75-1 -> 11.006107 | AF75: =(AD$2-COUNTA(AB70:AB75))/AE75 -> 0.81772782 | AG75: =($B$31-SUM(AH70:AH74))*B79 -> 300.72964 | AH75: =AI75-AG75 -> 557.47035 | AI75: =AI74 -> 858.19999 | AJ75: =($B75-SUM(AH70:AH74))/AH75-1 -> 12.486351 | AK75: =(AI$2-COUNTA(AG70:AG75))/AJ75 -> 0.80087446 | AL75: =($B$31-SUM(AM70:AM74))*B79 -> 308.57568 | AM75: =AN75-AL75 -> 513.40954 | AN75: =AN74 -> 821.98522 | AO75: =($B75-SUM(AM70:AM74))/AM75-1 -> 14.025805 | AP75: =(AN$2-COUNTA(AL70:AL75))/AO75 -> 0.78426868 | AQ75: =($B$31-SUM(AR70:AR74))*B79 -> 315.51982 | AR75: =AS75-AQ75 -> 474.41346 | AS75: =AS74 -> 789.93328 | AT75: =($B75-SUM(AR70:AR74))/AR75-1 -> 15.626838 | AU75: =(AS$2-COUNTA(AQ70:AQ75))/AT75 -> 0.76790968 | AV75: =($B$31-SUM(AW70:AW74))*B79 -> 321.70463 | AW75: =AX75-AV75 -> 439.68155 | AX75: =AX74 -> 761.38618 | AY75: =($B75-SUM(AW70:AW74))/AW75-1 -> 17.291911 | AZ75: =(AX$2-COUNTA(AV70:AV75))/AY75 -> 0.7517966 | BA75: =($B$31-SUM(BB70:BB74))*B79 -> 327.24416 | BB75: =BC75-BA75 -> 408.57334 | BC75: =BC74 -> 735.8175 | BD75: =($B75-SUM(BB70:BB74))/BB75-1 -> 19.023588 | BE75: =(BC$2-COUNTA(BA70:BA75))/BD75 -> 0.73592848
C76: =($B$31-SUM(D70:D75))*B79 -> 179.01328 | D76: =E76-C76 -> 1053.8962 | E76: =E75 -> 1232.9094 | F76: =($B75-SUM(D70:D75))/D76-1 -> 3.246464 | G76: =(E$2-COUNTA(C70:C76))/F76 -> 0.92408232 | H76: =($B$31-SUM(I70:I75))*B79 -> 203.2685 | I76: =J76-H76 -> 938.2219 | J76: =J75 -> 1141.4904 | K76: =($B75-SUM(I70:I75))/I76-1 -> 4.4163226 | L76: =(J$2-COUNTA(H70:H76))/K76 -> 0.90573094 | M76: =($B$31-SUM(N70:N75))*B79 -> 223.42443 | N76: =O76-M76 -> 842.0973 | O76: =O75 -> 1065.5217 | P76: =($B75-SUM(N70:N75))/N76-1 -> 5.6329755 | Q76: =(O$2-COUNTA(M70:M76))/P76 -> 0.88763035 | R76: =($B$31-SUM(S70:S75))*B79 -> 240.42725 | S76: =T76-R76 -> 761.01003 | T76: =T75 -> 1001.4373 | U76: =($B75-SUM(S70:S75))/S76-1 -> 6.8982945 | V76: =(T$2-COUNTA(R70:R76))/U76 -> 0.86978021 | W76: =($B$31-SUM(X70:X75))*B79 -> 254.95282 | X76: =Y76-W76 -> 691.73691 | Y76: =Y75 -> 946.68973 | Z76: =($B75-SUM(X70:X75))/X76-1 -> 8.2142263 | AA76: =(Y$2-COUNTA(W70:W76))/Z76 -> 0.85218008 | AB76: =($B$31-SUM(AC70:AC75))*B79 -> 267.49676 | AC76: =AD76-AB76 -> 631.91424 | AD76: =AD75 -> 899.411 | AE76: =($B75-SUM(AC70:AC75))/AC76-1 -> 9.5827953 | AF76: =(AD$2-COUNTA(AB70:AB76))/AE76 -> 0.83482948 | AG76: =($B$31-SUM(AH70:AH75))*B79 -> 278.43083 | AH76: =AI76-AG76 -> 579.76916 | AI76: =AI75 -> 858.19999 | AJ76: =($B75-SUM(AH70:AH75))/AH76-1 -> 11.006107 | AK76: =(AI$2-COUNTA(AG70:AG76))/AJ76 -> 0.81772782 | AL76: =($B$31-SUM(AM70:AM75))*B79 -> 288.0393 | AM76: =AN76-AL76 -> 533.94593 | AN76: =AN75 -> 821.98522 | AO76: =($B75-SUM(AM70:AM75))/AM76-1 -> 12.486351 | AP76: =(AN$2-COUNTA(AL70:AL76))/AO76 -> 0.80087446 | AQ76: =($B$31-SUM(AR70:AR75))*B79 -> 296.54328 | AR76: =AS76-AQ76 -> 493.39 | AS76: =AS75 -> 789.93328 | AT76: =($B75-SUM(AR70:AR75))/AR76-1 -> 14.025805 | AU76: =(AS$2-COUNTA(AQ70:AQ76))/AT76 -> 0.78426868 | AV76: =($B$31-SUM(AW70:AW75))*B79 -> 304.11737 | AW76: =AX76-AV76 -> 457.26881 | AX76: =AX75 -> 761.38618 | AY76: =($B75-SUM(AW70:AW75))/AW76-1 -> 15.626838 | AZ76: =(AX$2-COUNTA(AV70:AV76))/AY76 -> 0.76790968 | BA76: =($B$31-SUM(BB70:BB75))*B79 -> 310.90123 | BB76: =BC76-BA76 -> 424.91627 | BC76: =BC75 -> 735.8175 | BD76: =($B75-SUM(BB70:BB75))/BB76-1 -> 17.291911 | BE76: =(BC$2-COUNTA(BA70:BA76))/BD76 -> 0.7517966
C77: =($B$31-SUM(D70:D76))*B79 -> 136.85744 | D77: =E77-C77 -> 1096.052 | E77: =E76 -> 1232.9094 | F77: =($B75-SUM(D70:D76))/D77-1 -> 2.1216 | G77: =(E$2-COUNTA(C70:C77))/F77 -> 0.94268477 | H77: =($B$31-SUM(I70:I76))*B79 -> 165.73962 | I77: =J77-H77 -> 975.75077 | J77: =J76 -> 1141.4904 | K77: =($B75-SUM(I70:I76))/I77-1 -> 3.246464 | L77: =(J$2-COUNTA(H70:H77))/K77 -> 0.92408232 | M77: =($B$31-SUM(N70:N76))*B79 -> 189.74054 | N77: =O77-M77 -> 875.78119 | O77: =O76 -> 1065.5217 | P77: =($B75-SUM(N70:N76))/N77-1 -> 4.4163226 | Q77: =(O$2-COUNTA(M70:M77))/P77 -> 0.90573094 | R77: =($B$31-SUM(S70:S76))*B79 -> 209.98685 | S77: =T77-R77 -> 791.45043 | T77: =T76 -> 1001.4373 | U77: =($B75-SUM(S70:S76))/S77-1 -> 5.6329755 | V77: =(T$2-COUNTA(R70:R77))/U77 -> 0.88763035 | W77: =($B$31-SUM(X70:X76))*B79 -> 227.28334 | X77: =Y77-W77 -> 719.40639 | Y77: =Y76 -> 946.68973 | Z77: =($B75-SUM(X70:X76))/X77-1 -> 6.8982945 | AA77: =(Y$2-COUNTA(W70:W77))/Z77 -> 0.86978021 | AB77: =($B$31-SUM(AC70:AC76))*B79 -> 242.22019 | AC77: =AD77-AB77 -> 657.19081 | AD77: =AD76 -> 899.411 | AE77: =($B75-SUM(AC70:AC76))/AC77-1 -> 8.2142263 | AF77: =(AD$2-COUNTA(AB70:AB77))/AE77 -> 0.85218008 | AG77: =($B$31-SUM(AH70:AH76))*B79 -> 255.24006 | AH77: =AI77-AG77 -> 602.95993 | AI77: =AI76 -> 858.19999 | AJ77: =($B75-SUM(AH70:AH76))/AH77-1 -> 9.5827953 | AK77: =(AI$2-COUNTA(AG70:AG77))/AJ77 -> 0.83482948 | AL77: =($B$31-SUM(AM70:AM76))*B79 -> 266.68146 | AM77: =AN77-AL77 -> 555.30376 | AN77: =AN76 -> 821.98522 | AO77: =($B75-SUM(AM70:AM76))/AM77-1 -> 11.006107 | AP77: =(AN$2-COUNTA(AL70:AL77))/AO77 -> 0.81772782 | AQ77: =($B$31-SUM(AR70:AR76))*B79 -> 276.80768 | AR77: =AS77-AQ77 -> 513.1256 | AS77: =AS76 -> 789.93328 | AT77: =($B75-SUM(AR70:AR76))/AR77-1 -> 12.486351 | AU77: =(AS$2-COUNTA(AQ70:AQ77))/AT77 -> 0.80087446 | AV77: =($B$31-SUM(AW70:AW76))*B79 -> 285.82662 | AW77: =AX77-AV77 -> 475.55956 | AX77: =AX76 -> 761.38618 | AY77: =($B75-SUM(AW70:AW76))/AW77-1 -> 14.025805 | AZ77: =(AX$2-COUNTA(AV70:AV77))/AY77 -> 0.78426868 | BA77: =($B$31-SUM(BB70:BB76))*B79 -> 293.90458 | BB77: =BC77-BA77 -> 441.91292 | BC77: =BC76 -> 735.8175 | BD77: =($B75-SUM(BB70:BB76))/BB77-1 -> 15.626838 | BE77: =(BC$2-COUNTA(BA70:BA77))/BD77 -> 0.76790968
C78: =($B$31-SUM(D70:D77))*B79 -> 93.015357 | D78: =E78-C78 -> 1139.8941 | E78: =E77 -> 1232.9094 | F78: =($B75-SUM(D70:D77))/D78-1 -> 1.04 | G78: =(E$2-COUNTA(C70:C78))/F78 -> 0.96153846 | H78: =($B$31-SUM(I70:I77))*B79 -> 126.70959 | I78: =J78-H78 -> 1014.7808 | J78: =J77 -> 1141.4904 | K78: =($B75-SUM(I70:I77))/I78-1 -> 2.1216 | L78: =(J$2-COUNTA(H70:H78))/K78 -> 0.94268477 | M78: =($B$31-SUM(N70:N77))*B79 -> 154.70929 | N78: =O78-M78 -> 910.81244 | O78: =O77 -> 1065.5217 | P78: =($B75-SUM(N70:N77))/N78-1 -> 3.246464 | Q78: =(O$2-COUNTA(M70:M78))/P78 -> 0.92408232 | R78: =($B$31-SUM(S70:S77))*B79 -> 178.32883 | S78: =T78-R78 -> 823.10844 | T78: =T77 -> 1001.4373 | U78: =($B75-SUM(S70:S77))/S78-1 -> 4.4163226 | V78: =(T$2-COUNTA(R70:R78))/U78 -> 0.90573094 | W78: =($B$31-SUM(X70:X77))*B79 -> 198.50709 | X78: =Y78-W78 -> 748.18265 | Y78: =Y77 -> 946.68973 | Z78: =($B75-SUM(X70:X77))/X78-1 -> 5.6329755 | AA78: =(Y$2-COUNTA(W70:W78))/Z78 -> 0.88763035 | AB78: =($B$31-SUM(AC70:AC77))*B79 -> 215.93256 | AC78: =AD78-AB78 -> 683.47844 | AD78: =AD77 -> 899.411 | AE78: =($B75-SUM(AC70:AC77))/AC78-1 -> 6.8982945 | AF78: =(AD$2-COUNTA(AB70:AB78))/AE78 -> 0.86978021 | AG78: =($B$31-SUM(AH70:AH77))*B79 -> 231.12166 | AH78: =AI78-AG78 -> 627.07833 | AI78: =AI77 -> 858.19999 | AJ78: =($B75-SUM(AH70:AH77))/AH78-1 -> 8.2142263 | AK78: =(AI$2-COUNTA(AG70:AG78))/AJ78 -> 0.85218008 | AL78: =($B$31-SUM(AM70:AM77))*B79 -> 244.46931 | AM78: =AN78-AL78 -> 577.51591 | AN78: =AN77 -> 821.98522 | AO78: =($B75-SUM(AM70:AM77))/AM78-1 -> 9.5827953 | AP78: =(AN$2-COUNTA(AL70:AL78))/AO78 -> 0.83482948 | AQ78: =($B$31-SUM(AR70:AR77))*B79 -> 256.28266 | AR78: =AS78-AQ78 -> 533.65062 | AS78: =AS77 -> 789.93328 | AT78: =($B75-SUM(AR70:AR77))/AR78-1 -> 11.006107 | AU78: =(AS$2-COUNTA(AQ70:AQ78))/AT78 -> 0.81772782 | AV78: =($B$31-SUM(AW70:AW77))*B79 -> 266.80424 | AW78: =AX78-AV78 -> 494.58195 | AX78: =AX77 -> 761.38618 | AY78: =($B75-SUM(AW70:AW77))/AW78-1 -> 12.486351 | AZ78: =(AX$2-COUNTA(AV70:AV78))/AY78 -> 0.80087446 | BA78: =($B$31-SUM(BB70:BB77))*B79 -> 276.22806 | BB78: =BC78-BA78 -> 459.58944 | BC78: =BC77 -> 735.8175 | BD78: =($B75-SUM(BB70:BB77))/BB78-1 -> 14.025805 | BE78: =(BC$2-COUNTA(BA70:BA78))/BD78 -> 0.78426868
A79: Taux | B79: 0.04 | C79: =($B$31-SUM(D70:D78))*B79 -> 47.419594 | D79: =E79-C79 -> 1185.4898 | E79: =E78 -> 1232.9094 | F79: =($B75-SUM(D70:D78))/D79-1 -> 1.4432899e-14 | G79: =(E$2-COUNTA(C70:C79))/F79 -> 0 | H79: =($B$31-SUM(I70:I78))*B79 -> 86.118358 | I79: =J79-H79 -> 1055.372 | J79: =J78 -> 1141.4904 | K79: =($B75-SUM(I70:I78))/I79-1 -> 1.04 | L79: =(J$2-COUNTA(H70:H79))/K79 -> 0.96153846 | M79: =($B$31-SUM(N70:N78))*B79 -> 118.27679 | N79: =O79-M79 -> 947.24494 | O79: =O78 -> 1065.5217 | P79: =($B75-SUM(N70:N78))/N79-1 -> 2.1216 | Q79: =(O$2-COUNTA(M70:M79))/P79 -> 0.94268477 | R79: =($B$31-SUM(S70:S78))*B79 -> 145.4045 | S79: =T79-R79 -> 856.03278 | T79: =T78 -> 1001.4373 | U79: =($B75-SUM(S70:S78))/S79-1 -> 3.246464 | V79: =(T$2-COUNTA(R70:R79))/U79 -> 0.92408232 | W79: =($B$31-SUM(X70:X78))*B79 -> 168.57978 | X79: =Y79-W79 -> 778.10995 | Y79: =Y78 -> 946.68973 | Z79: =($B75-SUM(X70:X78))/X79-1 -> 4.4163226 | AA79: =(Y$2-COUNTA(W70:W79))/Z79 -> 0.90573094 | AB79: =($B$31-SUM(AC70:AC78))*B79 -> 188.59342 | AC79: =AD79-AB79 -> 710.81758 | AD79: =AD78 -> 899.411 | AE79: =($B75-SUM(AC70:AC78))/AC79-1 -> 5.6329755 | AF79: =(AD$2-COUNTA(AB70:AB79))/AE79 -> 0.88763035 | AG79: =($B$31-SUM(AH70:AH78))*B79 -> 206.03853 | AH79: =AI79-AG79 -> 652.16146 | AI79: =AI78 -> 858.19999 | AJ79: =($B75-SUM(AH70:AH78))/AH79-1 -> 6.8982945 | AK79: =(AI$2-COUNTA(AG70:AG79))/AJ79 -> 0.86978021 | AL79: =($B$31-SUM(AM70:AM78))*B79 -> 221.36867 | AM79: =AN79-AL79 -> 600.61655 | AN79: =AN78 -> 821.98522 | AO79: =($B75-SUM(AM70:AM78))/AM79-1 -> 8.2142263 | AP79: =(AN$2-COUNTA(AL70:AL79))/AO79 -> 0.85218008 | AQ79: =($B$31-SUM(AR70:AR78))*B79 -> 234.93664 | AR79: =AS79-AQ79 -> 554.99665 | AS79: =AS78 -> 789.93328 | AT79: =($B75-SUM(AR70:AR78))/AR79-1 -> 9.5827953 | AU79: =(AS$2-COUNTA(AQ70:AQ79))/AT79 -> 0.83482948 | AV79: =($B$31-SUM(AW70:AW78))*B79 -> 247.02096 | AW79: =AX79-AV79 -> 514.36522 | AX79: =AX78 -> 761.38618 | AY79: =($B75-SUM(AW70:AW78))/AW79-1 -> 11.006107 | AZ79: =(AX$2-COUNTA(AV70:AV79))/AY79 -> 0.81772782 | BA79: =($B$31-SUM(BB70:BB78))*B79 -> 257.84448 | BB79: =BC79-BA79 -> 477.97302 | BC79: =BC78 -> 735.8175 | BD79: =($B75-SUM(BB70:BB78))/BB79-1 -> 12.486351 | BE79: =(BC$2-COUNTA(BA70:BA79))/BD79 -> 0.80087446
D80: =SUM($D70:D79)-$B75 -> -1.6370905e-11 | H80: =($B$31-SUM(I70:I79))*B79 -> 43.903477 | I80: =J80-H80 -> 1097.5869 | J80: =J79 -> 1141.4904 | K80: =($B75-SUM(I70:I79))/I80-1 -> 1.0658141e-14 | L80: =(J$2-COUNTA(H70:H80))/K80 -> 0 | M80: =($B$31-SUM(N70:N79))*B79 -> 80.386994 | N80: =O80-M80 -> 985.13473 | O80: =O79 -> 1065.5217 | P80: =($B75-SUM(N70:N79))/N80-1 -> 1.04 | Q80: =(O$2-COUNTA(M70:M80))/P80 -> 0.96153846 | R80: =($B$31-SUM(S70:S79))*B79 -> 111.16318 | S80: =T80-R80 -> 890.27409 | T80: =T79 -> 1001.4373 | U80: =($B75-SUM(S70:S79))/S80-1 -> 2.1216 | V80: =(T$2-COUNTA(R70:R80))/U80 -> 0.94268477 | W80: =($B$31-SUM(X70:X79))*B79 -> 137.45538 | X80: =Y80-W80 -> 809.23435 | Y80: =Y79 -> 946.68973 | Z80: =($B75-SUM(X70:X79))/X80-1 -> 3.246464 | AA80: =(Y$2-COUNTA(W70:W80))/Z80 -> 0.92408232 | AB80: =($B$31-SUM(AC70:AC79))*B79 -> 160.16072 | AC80: =AD80-AB80 -> 739.25028 | AD80: =AD79 -> 899.411 | AE80: =($B75-SUM(AC70:AC79))/AC80-1 -> 4.4163226 | AF80: =(AD$2-COUNTA(AB70:AB80))/AE80 -> 0.90573094 | AG80: =($B$31-SUM(AH70:AH79))*B79 -> 179.95207 | AH80: =AI80-AG80 -> 678.24792 | AI80: =AI79 -> 858.19999 | AJ80: =($B75-SUM(AH70:AH79))/AH80-1 -> 5.6329755 | AK80: =(AI$2-COUNTA(AG70:AG80))/AJ80 -> 0.88763035 | AL80: =($B$31-SUM(AM70:AM79))*B79 -> 197.34401 | AM80: =AN80-AL80 -> 624.64121 | AN80: =AN79 -> 821.98522 | AO80: =($B75-SUM(AM70:AM79))/AM80-1 -> 6.8982945 | AP80: =(AN$2-COUNTA(AL70:AL80))/AO80 -> 0.86978021 | AQ80: =($B$31-SUM(AR70:AR79))*B79 -> 212.73677 | AR80: =AS80-AQ80 -> 577.19651 | AS80: =AS79 -> 789.93328 | AT80: =($B75-SUM(AR70:AR79))/AR80-1 -> 8.2142263 | AU80: =(AS$2-COUNTA(AQ70:AQ80))/AT80 -> 0.85218008 | AV80: =($B$31-SUM(AW70:AW79))*B79 -> 226.44635 | AW80: =AX80-AV80 -> 534.93983 | AX80: =AX79 -> 761.38618 | AY80: =($B75-SUM(AW70:AW79))/AW80-1 -> 9.5827953 | AZ80: =(AX$2-COUNTA(AV70:AV80))/AY80 -> 0.83482948 | BA80: =($B$31-SUM(BB70:BB79))*B79 -> 238.72556 | BB80: =BC80-BA80 -> 497.09194 | BC80: =BC79 -> 735.8175 | BD80: =($B75-SUM(BB70:BB79))/BB80-1 -> 11.006107 | BE80: =(BC$2-COUNTA(BA70:BA80))/BD80 -> 0.81772782
I81: =SUM($I70:I80)-$B75 -> 0 | M81: =($B$31-SUM(N70:N80))*B79 -> 40.981605 | N81: =O81-M81 -> 1024.5401 | O81: =O80 -> 1065.5217 | P81: =($B75-SUM(N70:N80))/N81-1 -> 1.6431301e-14 | Q81: =(O$2-COUNTA(M70:M81))/P81 -> 0 | R81: =($B$31-SUM(S70:S80))*B79 -> 75.552221 | S81: =T81-R81 -> 925.88506 | T81: =T80 -> 1001.4373 | U81: =($B75-SUM(S70:S80))/S81-1 -> 1.04 | V81: =(T$2-COUNTA(R70:R81))/U81 -> 0.96153846 | W81: =($B$31-SUM(X70:X80))*B79 -> 105.08601 | X81: =Y81-W81 -> 841.60372 | Y81: =Y80 -> 946.68973 | Z81: =($B75-SUM(X70:X80))/X81-1 -> 2.1216 | AA81: =(Y$2-COUNTA(W70:W81))/Z81 -> 0.94268477 | AB81: =($B$31-SUM(AC70:AC80))*B79 -> 130.59071 | AC81: =AD81-AB81 -> 768.8203 | AD81: =AD80 -> 899.411 | AE81: =($B75-SUM(AC70:AC80))/AC81-1 -> 3.246464 | AF81: =(AD$2-COUNTA(AB70:AB81))/AE81 -> 0.92408232 | AG81: =($B$31-SUM(AH70:AH80))*B79 -> 152.82216 | AH81: =AI81-AG81 -> 705.37784 | AI81: =AI80 -> 858.19999 | AJ81: =($B75-SUM(AH70:AH80))/AH81-1 -> 4.4163226 | AK81: =(AI$2-COUNTA(AG70:AG81))/AJ81 -> 0.90573094 | AL81: =($B$31-SUM(AM70:AM80))*B79 -> 172.35836 | AM81: =AN81-AL81 -> 649.62686 | AN81: =AN80 -> 821.98522 | AO81: =($B75-SUM(AM70:AM80))/AM81-1 -> 5.6329755 | AP81: =(AN$2-COUNTA(AL70:AL81))/AO81 -> 0.88763035 | AQ81: =($B$31-SUM(AR70:AR80))*B79 -> 189.64891 | AR81: =AS81-AQ81 -> 600.28437 | AS81: =AS80 -> 789.93328 | AT81: =($B75-SUM(AR70:AR80))/AR81-1 -> 6.8982945 | AU81: =(AS$2-COUNTA(AQ70:AQ81))/AT81 -> 0.86978021 | AV81: =($B$31-SUM(AW70:AW80))*B79 -> 205.04876 | AW81: =AX81-AV81 -> 556.33743 | AX81: =AX80 -> 761.38618 | AY81: =($B75-SUM(AW70:AW80))/AW81-1 -> 8.2142263 | AZ81: =(AX$2-COUNTA(AV70:AV81))/AY81 -> 0.85218008 | BA81: =($B$31-SUM(BB70:BB80))*B79 -> 218.84189 | BB81: =BC81-BA81 -> 516.97562 | BC81: =BC80 -> 735.8175 | BD81: =($B75-SUM(BB70:BB80))/BB81-1 -> 9.5827953 | BE81: =(BC$2-COUNTA(BA70:BA81))/BD81 -> 0.83482948
N82: =SUM($N70:N81)-$B75 -> -1.6370905e-11 | R82: =($B$31-SUM(S70:S81))*B79 -> 38.516818 | S82: =T82-R82 -> 962.92046 | T82: =T81 -> 1001.4373 | U82: =($B75-SUM(S70:S81))/S82-1 -> 1.5321078e-14 | V82: =(T$2-COUNTA(R70:R82))/U82 -> 0 | W82: =($B$31-SUM(X70:X81))*B79 -> 71.421858 | X82: =Y82-W82 -> 875.26787 | Y82: =Y81 -> 946.68973 | Z82: =($B75-SUM(X70:X81))/X82-1 -> 1.04 | AA82: =(Y$2-COUNTA(W70:W82))/Z82 -> 0.96153846 | AB82: =($B$31-SUM(AC70:AC81))*B79 -> 99.837896 | AC82: =AD82-AB82 -> 799.57311 | AD82: =AD81 -> 899.411 | AE82: =($B75-SUM(AC70:AC81))/AC82-1 -> 2.1216 | AF82: =(AD$2-COUNTA(AB70:AB82))/AE82 -> 0.94268477 | AG82: =($B$31-SUM(AH70:AH81))*B79 -> 124.60704 | AH82: =AI82-AG82 -> 733.59295 | AI82: =AI81 -> 858.19999 | AJ82: =($B75-SUM(AH70:AH81))/AH82-1 -> 3.246464 | AK82: =(AI$2-COUNTA(AG70:AG82))/AJ82 -> 0.92408232 | AL82: =($B$31-SUM(AM70:AM81))*B79 -> 146.37329 | AM82: =AN82-AL82 -> 675.61193 | AN82: =AN81 -> 821.98522 | AO82: =($B75-SUM(AM70:AM81))/AM82-1 -> 4.4163226 | AP82: =(AN$2-COUNTA(AL70:AL82))/AO82 -> 0.90573094 | AQ82: =($B$31-SUM(AR70:AR81))*B79 -> 165.63753 | AR82: =AS82-AQ82 -> 624.29575 | AS82: =AS81 -> 789.93328 | AT82: =($B75-SUM(AR70:AR81))/AR82-1 -> 5.6329755 | AU82: =(AS$2-COUNTA(AQ70:AQ82))/AT82 -> 0.88763035 | AV82: =($B$31-SUM(AW70:AW81))*B79 -> 182.79526 | AW82: =AX82-AV82 -> 578.59092 | AX82: =AX81 -> 761.38618 | AY82: =($B75-SUM(AW70:AW81))/AW82-1 -> 6.8982945 | AZ82: =(AX$2-COUNTA(AV70:AV82))/AY82 -> 0.86978021 | BA82: =($B$31-SUM(BB70:BB81))*B79 -> 198.16286 | BB82: =BC82-BA82 -> 537.65464 | BC82: =BC81 -> 735.8175 | BD82: =($B75-SUM(BB70:BB81))/BB82-1 -> 8.2142263 | BE82: =(BC$2-COUNTA(BA70:BA82))/BD82 -> 0.85218008
S83: =SUM($S70:S82)-$B75 -> -1.4551915e-11 | W83: =($B$31-SUM(X70:X82))*B79 -> 36.411143 | X83: =Y83-W83 -> 910.27859 | Y83: =Y82 -> 946.68973 | Z83: =($B75-SUM(X70:X82))/X83-1 -> 1.3322676e-14 | AA83: 0 | AB83: =($B$31-SUM(AC70:AC82))*B79 -> 67.854972 | AC83: =AD83-AB83 -> 831.55603 | AD83: =AD82 -> 899.411 | AE83: =($B75-SUM(AC70:AC82))/AC83-1 -> 1.04 | AF83: =(AD$2-COUNTA(AB70:AB83))/AE83 -> 0.96153846 | AG83: =($B$31-SUM(AH70:AH82))*B79 -> 95.263324 | AH83: =AI83-AG83 -> 762.93667 | AI83: =AI82 -> 858.19999 | AJ83: =($B75-SUM(AH70:AH82))/AH83-1 -> 2.1216 | AK83: =(AI$2-COUNTA(AG70:AG83))/AJ83 -> 0.94268477 | AL83: =($B$31-SUM(AM70:AM82))*B79 -> 119.34881 | AM83: =AN83-AL83 -> 702.63641 | AN83: =AN82 -> 821.98522 | AO83: =($B75-SUM(AM70:AM82))/AM83-1 -> 3.246464 | AP83: =(AN$2-COUNTA(AL70:AL83))/AO83 -> 0.92408232 | AQ83: =($B$31-SUM(AR70:AR82))*B79 -> 140.6657 | AR83: =AS83-AQ83 -> 649.26758 | AS83: =AS82 -> 789.93328 | AT83: =($B75-SUM(AR70:AR82))/AR83-1 -> 4.4163226 | AU83: =(AS$2-COUNTA(AQ70:AQ83))/AT83 -> 0.90573094 | AV83: =($B$31-SUM(AW70:AW82))*B79 -> 159.65162 | AW83: =AX83-AV83 -> 601.73456 | AX83: =AX82 -> 761.38618 | AY83: =($B75-SUM(AW70:AW82))/AW83-1 -> 5.6329755 | AZ83: =(AX$2-COUNTA(AV70:AV83))/AY83 -> 0.88763035 | BA83: =($B$31-SUM(BB70:BB82))*B79 -> 176.65668 | BB83: =BC83-BA83 -> 559.16083 | BC83: =BC82 -> 735.8175 | BD83: =($B75-SUM(BB70:BB82))/BB83-1 -> 6.8982945 | BE83: =(BC$2-COUNTA(BA70:BA83))/BD83 -> 0.86978021
X84: =SUM($X70:X83)-$B75 -> 0 | AB84: =($B$31-SUM(AC70:AC83))*B79 -> 34.592731 | AC84: =AD84-AB84 -> 864.81827 | AD84: =AD83 -> 899.411 | AE84: =($B75-SUM(AC70:AC83))/AC84-1 -> 1.2656542e-14 | AF84: =(AD$2-COUNTA(AB70:AB84))/AE84 -> 0 | AG84: =($B$31-SUM(AH70:AH83))*B79 -> 64.745857 | AH84: =AI84-AG84 -> 793.45413 | AI84: =AI83 -> 858.19999 | AJ84: =($B75-SUM(AH70:AH83))/AH84-1 -> 1.04 | AK84: =(AI$2-COUNTA(AG70:AG84))/AJ84 -> 0.96153846 | AL84: =($B$31-SUM(AM70:AM83))*B79 -> 91.243353 | AM84: =AN84-AL84 -> 730.74187 | AN84: =AN83 -> 821.98522 | AO84: =($B75-SUM(AM70:AM83))/AM84-1 -> 2.1216 | AP84: =(AN$2-COUNTA(AL70:AL84))/AO84 -> 0.94268477 | AQ84: =($B$31-SUM(AR70:AR83))*B79 -> 114.695 | AR84: =AS84-AQ84 -> 675.23828 | AS84: =AS83 -> 789.93328 | AT84: =($B75-SUM(AR70:AR83))/AR84-1 -> 3.246464 | AU84: =(AS$2-COUNTA(AQ70:AQ84))/AT84 -> 0.92408232 | AV84: =($B$31-SUM(AW70:AW83))*B79 -> 135.58224 | AW84: =AX84-AV84 -> 625.80394 | AX84: =AX83 -> 761.38618 | AY84: =($B75-SUM(AW70:AW83))/AW84-1 -> 4.4163226 | AZ84: =(AX$2-COUNTA(AV70:AV84))/AY84 -> 0.90573094 | BA84: =($B$31-SUM(BB70:BB83))*B79 -> 154.29024 | BB84: =BC84-BA84 -> 581.52726 | BC84: =BC83 -> 735.8175 | BD84: =($B75-SUM(BB70:BB83))/BB84-1 -> 5.6329755 | BE84: =(BC$2-COUNTA(BA70:BA84))/BD84 -> 0.88763035
AC85: =SUM($AC70:AC84)-$B75 -> 0 | AG85: =($B$31-SUM(AH70:AH84))*B79 -> 33.007692 | AH85: =AI85-AG85 -> 825.1923 | AI85: =AI84 -> 858.19999 | AJ85: =($B75-SUM(AH70:AH84))/AH85-1 -> 2.0206059e-14 | AK85: =(AI$2-COUNTA(AG70:AG85))/AJ85 -> 0 | AL85: =($B$31-SUM(AM70:AM84))*B79 -> 62.013678 | AM85: =AN85-AL85 -> 759.97154 | AN85: =AN84 -> 821.98522 | AO85: =($B75-SUM(AM70:AM84))/AM85-1 -> 1.04 | AP85: =(AN$2-COUNTA(AL70:AL85))/AO85 -> 0.96153846 | AQ85: =($B$31-SUM(AR70:AR84))*B79 -> 87.685471 | AR85: =AS85-AQ85 -> 702.24781 | AS85: =AS84 -> 789.93328 | AT85: =($B75-SUM(AR70:AR84))/AR85-1 -> 2.1216 | AU85: =(AS$2-COUNTA(AQ70:AQ85))/AT85 -> 0.94268477 | AV85: =($B$31-SUM(AW70:AW84))*B79 -> 110.55008 | AW85: =AX85-AV85 -> 650.8361 | AX85: =AX84 -> 761.38618 | AY85: =($B75-SUM(AW70:AW84))/AW85-1 -> 3.246464 | AZ85: =(AX$2-COUNTA(AV70:AV85))/AY85 -> 0.92408232 | BA85: =($B$31-SUM(BB70:BB84))*B79 -> 131.02915 | BB85: =BC85-BA85 -> 604.78835 | BC85: =BC84 -> 735.8175 | BD85: =($B75-SUM(BB70:BB84))/BB85-1 -> 4.4163226 | BE85: =(BC$2-COUNTA(BA70:BA85))/BD85 -> 0.90573094
AH86: =SUM($AH70:AH85)-$B75 -> -1.6370905e-11 | AL86: =($B$31-SUM(AM70:AM85))*B79 -> 31.614816 | AM86: =AN86-AL86 -> 790.3704 | AN86: =AN85 -> 821.98522 | AO86: =($B75-SUM(AM70:AM85))/AM86-1 -> 1.9095836e-14 | AP86: =(AN$2-COUNTA(AL71:AL86))/AO86 -> 5.2367438e+13 | AQ86: =($B$31-SUM(AR70:AR85))*B79 -> 59.595558 | AR86: =AS86-AQ86 -> 730.33772 | AS86: =AS85 -> 789.93328 | AT86: =($B75-SUM(AR70:AR85))/AR86-1 -> 1.04 | AU86: =(AS$2-COUNTA(AQ70:AQ86))/AT86 -> 0.96153846 | AV86: =($B$31-SUM(AW70:AW85))*B79 -> 84.516639 | AW86: =AX86-AV86 -> 676.86955 | AX86: =AX85 -> 761.38618 | AY86: =($B75-SUM(AW70:AW85))/AW86-1 -> 2.1216 | AZ86: =(AX$2-COUNTA(AV70:AV86))/AY86 -> 0.94268477 | BA86: =($B$31-SUM(BB70:BB85))*B79 -> 106.83762 | BB86: =BC86-BA86 -> 628.97989 | BC86: =BC85 -> 735.8175 | BD86: =($B75-SUM(BB70:BB85))/BB86-1 -> 3.246464 | BE86: =(BC$2-COUNTA(BA70:BA86))/BD86 -> 0.92408232
AM87: =SUM($AM70:AM86)-$B75 -> -1.4551915e-11 | AQ87: =($B$31-SUM(AR70:AR86))*B79 -> 30.382049 | AR87: =AS87-AQ87 -> 759.55123 | AS87: =AS86 -> 789.93328 | AT87: =($B75-SUM(AR70:AR86))/AR87-1 -> 2.5979219e-14 | AU87: =(AS$2-COUNTA(AQ70:AQ87))/AT87 -> 0 | AV87: =($B$31-SUM(AW70:AW86))*B79 -> 57.441857 | AW87: =AX87-AV87 -> 703.94433 | AX87: =AX86 -> 761.38618 | AY87: =($B75-SUM(AW70:AW86))/AW87-1 -> 1.04 | AZ87: =(AX$2-COUNTA(AV70:AV87))/AY87 -> 0.96153846 | BA87: =($B$31-SUM(BB70:BB86))*B79 -> 81.678422 | BB87: =BC87-BA87 -> 654.13908 | BC87: =BC86 -> 735.8175 | BD87: =($B75-SUM(BB70:BB86))/BB87-1 -> 2.1216 | BE87: =(BC$2-COUNTA(BA70:BA87))/BD87 -> 0.94268477
AR88: =SUM($AR70:AR87)-$B75 -> -2.0008883e-11 | AV88: =($B$31-SUM(AW70:AW87))*B79 -> 29.284084 | AW88: =AX88-AV88 -> 732.1021 | AX88: =AX87 -> 761.38618 | AY88: =($B75-SUM(AW70:AW87))/AW88-1 -> 2.4646951e-14 | AZ88: =(AX$2-COUNTA(AV70:AV88))/AY88 -> 0 | BA88: =($B$31-SUM(BB70:BB87))*B79 -> 55.512859 | BB88: =BC88-BA88 -> 680.30464 | BC88: =BC87 -> 735.8175 | BD88: =($B75-SUM(BB70:BB87))/BB88-1 -> 1.04 | BE88: =(BC$2-COUNTA(BA70:BA88))/BD88 -> 0.96153846
AW89: =SUM($AW70:AW88)-$B75 -> -1.8189894e-11 | BA89: =($B$31-SUM(BB70:BB88))*B79 -> 28.300673 | BB89: =BC89-BA89 -> 707.51683 | BC89: =BC88 -> 735.8175 | BD89: =($B75-SUM(BB70:BB88))/BB89-1 -> 2.4646951e-14 | BE89: =(BC$2-COUNTA(BA70:BA89))/BD89 -> 0
BB90: =SUM($BB70:BB89)-$B75 -> -1.8189894e-11
C92: =$B97*B101 -> 500 | D92: =E92-C92 -> 795.04575 | E92: =$B97*$B101/(1-(1+$B101)^-$E$2) -> 1295.0457 | F92: =$B97/D92-1 -> 11.577893 | G92: =(E$2-COUNTA(C92:C92))/F92 -> 0.77734354 | H92: =$B97*B101 -> 500 | I92: =J92-H92 -> 703.88891 | J92: =$B97*$B101/(1-(1+$B101)^-$J$2) -> 1203.8889 | K92: =$B97/I92-1 -> 13.206787 | L92: =(J$2-COUNTA(H92:H92))/K92 -> 0.75718643 | M92: =$B97*B101 -> 500 | N92: =O92-M92 -> 628.2541 | O92: =$B97*$B101/(1-(1+$B101)^-$O$2) -> 1128.2541 | P92: =$B97/N92-1 -> 14.917127 | Q92: =(O$2-COUNTA(M92:M92))/P92 -> 0.73740743 | R92: =$B97*B101 -> 500 | S92: =T92-R92 -> 564.55765 | T92: =$B97*$B101/(1-(1+$B101)^-$T$2) -> 1064.5577 | U92: =$B97/S92-1 -> 16.712983 | V92: =(T$2-COUNTA(R92:R92))/U92 -> 0.71800469 | W92: =$B97*B101 -> 500 | X92: =Y92-W92 -> 510.23969 | Y92: =$B97*$B101/(1-(1+$B101)^-$Y$2) -> 1010.2397 | Z92: =$B97/X92-1 -> 18.598632 | AA92: =(Y$2-COUNTA(W92:W92))/Z92 -> 0.69897614 | AB92: =$B97*B101 -> 500 | AC92: =AD92-AB92 -> 463.42288 | AD92: =$B97*$B101/(1-(1+$B101)^-$AD$2) -> 963.42288 | AE92: =$B97/AC92-1 -> 20.578564 | AF92: =(AD$2-COUNTA(AB92:AB92))/AE92 -> 0.68031959 | AG92: =$B97*B101 -> 500 | AH92: =AI92-AG92 -> 422.69908 | AI92: =$B97*$B101/(1-(1+$B101)^-$AI$2) -> 922.69908 | AJ92: =$B97/AH92-1 -> 22.657492 | AK92: =(AI$2-COUNTA(AG92:AG92))/AJ92 -> 0.66203268 | AL92: =$B97*B101 -> 500 | AM92: =AN92-AL92 -> 386.99142 | AN92: =$B97*$B101/(1-(1+$B101)^-$AN$2) -> 886.99142 | AO92: =$B97/AM92-1 -> 24.840366 | AP92: =(AN$2-COUNTA(AL92:AL92))/AO92 -> 0.64411288 | AQ92: =$B97*B101 -> 500 | AR92: =AS92-AQ92 -> 355.46222 | AS92: =$B97*$B101/(1-(1+$B101)^-$AS$2) -> 855.46222 | AT92: =$B97/AR92-1 -> 27.132385 | AU92: =(AS$2-COUNTA(AQ92:AQ92))/AT92 -> 0.62655753 | AV92: =$B97*B101 -> 500 | AW92: =AX92-AV92 -> 327.4501 | AX92: =$B97*$B101/(1-(1+$B101)^-$AX$2) -> 827.4501 | AY92: =$B97/AW92-1 -> 29.539004 | AZ92: =(AX$2-COUNTA(AV92:AV92))/AY92 -> 0.60936381 | BA92: =$B97*B101 -> 500 | BB92: =BC92-BA92 -> 302.42587 | BC92: =$B97*$B101/(1-(1+$B101)^-$BC$2) -> 802.42587 | BD92: =$B97/BB92-1 -> 32.065954 | BE92: =(BC$2-COUNTA(BA92:BA92))/BD92 -> 0.59252876
C93: =($B$31-SUM(D92:D92))*B101 -> 460.24771 | D93: =E93-C93 -> 834.79804 | E93: =E92 -> 1295.0457 | F93: =($B97-SUM(D92:D92))/D93-1 -> 10.026564 | G93: =(E$2-COUNTA(C92:C93))/F93 -> 0.79788048 | H93: =($B$31-SUM(I92:I92))*B101 -> 464.80555 | I93: =J93-H93 -> 739.08336 | J93: =J92 -> 1203.8889 | K93: =($B97-SUM(I92:I92))/I93-1 -> 11.577893 | L93: =(J$2-COUNTA(H92:H93))/K93 -> 0.77734354 | M93: =($B$31-SUM(N92:N92))*B101 -> 468.58729 | N93: =O93-M93 -> 659.66681 | O93: =O92 -> 1128.2541 | P93: =($B97-SUM(N92:N92))/N93-1 -> 13.206787 | Q93: =(O$2-COUNTA(M92:M93))/P93 -> 0.75718643 | R93: =($B$31-SUM(S92:S92))*B101 -> 471.77212 | S93: =T93-R93 -> 592.78553 | T93: =T92 -> 1064.5577 | U93: =($B97-SUM(S92:S92))/S93-1 -> 14.917127 | V93: =(T$2-COUNTA(R92:R93))/U93 -> 0.73740743 | W93: =($B$31-SUM(X92:X92))*B101 -> 474.48802 | X93: =Y93-W93 -> 535.75168 | Y93: =Y92 -> 1010.2397 | Z93: =($B97-SUM(X92:X92))/X93-1 -> 16.712983 | AA93: =(Y$2-COUNTA(W92:W93))/Z93 -> 0.71800469 | AB93: =($B$31-SUM(AC92:AC92))*B101 -> 476.82886 | AC93: =AD93-AB93 -> 486.59402 | AD93: =AD92 -> 963.42288 | AE93: =($B97-SUM(AC92:AC92))/AC93-1 -> 18.598632 | AF93: =(AD$2-COUNTA(AB92:AB93))/AE93 -> 0.69897614 | AG93: =($B$31-SUM(AH92:AH92))*B101 -> 478.86505 | AH93: =AI93-AG93 -> 443.83403 | AI93: =AI92 -> 922.69908 | AJ93: =($B97-SUM(AH92:AH92))/AH93-1 -> 20.578564 | AK93: =(AI$2-COUNTA(AG92:AG93))/AJ93 -> 0.68031959 | AL93: =($B$31-SUM(AM92:AM92))*B101 -> 480.65043 | AM93: =AN93-AL93 -> 406.34099 | AN93: =AN92 -> 886.99142 | AO93: =($B97-SUM(AM92:AM92))/AM93-1 -> 22.657492 | AP93: =(AN$2-COUNTA(AL92:AL93))/AO93 -> 0.66203268 | AQ93: =($B$31-SUM(AR92:AR92))*B101 -> 482.22689 | AR93: =AS93-AQ93 -> 373.23533 | AS93: =AS92 -> 855.46222 | AT93: =($B97-SUM(AR92:AR92))/AR93-1 -> 24.840366 | AU93: =(AS$2-COUNTA(AQ92:AQ93))/AT93 -> 0.64411288 | AV93: =($B$31-SUM(AW92:AW92))*B101 -> 483.62749 | AW93: =AX93-AV93 -> 343.82261 | AX93: =AX92 -> 827.4501 | AY93: =($B97-SUM(AW92:AW92))/AW93-1 -> 27.132385 | AZ93: =(AX$2-COUNTA(AV92:AV93))/AY93 -> 0.62655753 | BA93: =($B$31-SUM(BB92:BB92))*B101 -> 484.87871 | BB93: =BC93-BA93 -> 317.54717 | BC93: =BC92 -> 802.42587 | BD93: =($B97-SUM(BB92:BB92))/BB93-1 -> 29.539004 | BE93: =(BC$2-COUNTA(BA92:BA93))/BD93 -> 0.60936381
C94: =($B$31-SUM(D92:D93))*B101 -> 418.50781 | D94: =E94-C94 -> 876.53794 | E94: =E93 -> 1295.0457 | F94: =($B97-SUM(D92:D93))/D94-1 -> 8.5491089 | G94: =(E$2-COUNTA(C92:C94))/F94 -> 0.81879879 | H94: =($B$31-SUM(I92:I93))*B101 -> 427.85139 | I94: =J94-H94 -> 776.03753 | J94: =J93 -> 1203.8889 | K94: =($B97-SUM(I92:I93))/I94-1 -> 10.026564 | L94: =(J$2-COUNTA(H92:H94))/K94 -> 0.79788048 | M94: =($B$31-SUM(N92:N93))*B101 -> 435.60395 | N94: =O94-M94 -> 692.65015 | O94: =O93 -> 1128.2541 | P94: =($B97-SUM(N92:N93))/N94-1 -> 11.577893 | Q94: =(O$2-COUNTA(M92:M94))/P94 -> 0.77734354 | R94: =($B$31-SUM(S92:S93))*B101 -> 442.13284 | S94: =T94-R94 -> 622.42481 | T94: =T93 -> 1064.5577 | U94: =($B97-SUM(S92:S93))/S94-1 -> 13.206787 | V94: =(T$2-COUNTA(R92:R94))/U94 -> 0.75718643 | W94: =($B$31-SUM(X92:X93))*B101 -> 447.70043 | X94: =Y94-W94 -> 562.53926 | Y94: =Y93 -> 1010.2397 | Z94: =($B97-SUM(X92:X93))/X94-1 -> 14.917127 | AA94: =(Y$2-COUNTA(W92:W94))/Z94 -> 0.73740743 | AB94: =($B$31-SUM(AC92:AC93))*B101 -> 452.49916 | AC94: =AD94-AB94 -> 510.92372 | AD94: =AD93 -> 963.42288 | AE94: =($B97-SUM(AC92:AC93))/AC94-1 -> 16.712983 | AF94: =(AD$2-COUNTA(AB92:AB94))/AE94 -> 0.71800469 | AG94: =($B$31-SUM(AH92:AH93))*B101 -> 456.67334 | AH94: =AI94-AG94 -> 466.02574 | AI94: =AI93 -> 922.69908 | AJ94: =($B97-SUM(AH92:AH93))/AH94-1 -> 18.598632 | AK94: =(AI$2-COUNTA(AG92:AG94))/AJ94 -> 0.69897614 | AL94: =($B$31-SUM(AM92:AM93))*B101 -> 460.33338 | AM94: =AN94-AL94 -> 426.65804 | AN94: =AN93 -> 886.99142 | AO94: =($B97-SUM(AM92:AM93))/AM94-1 -> 20.578564 | AP94: =(AN$2-COUNTA(AL92:AL94))/AO94 -> 0.68031959 | AQ94: =($B$31-SUM(AR92:AR93))*B101 -> 463.56512 | AR94: =AS94-AQ94 -> 391.8971 | AS94: =AS93 -> 855.46222 | AT94: =($B97-SUM(AR92:AR93))/AR94-1 -> 22.657492 | AU94: =(AS$2-COUNTA(AQ92:AQ94))/AT94 -> 0.66203268 | AV94: =($B$31-SUM(AW92:AW93))*B101 -> 466.43636 | AW94: =AX94-AV94 -> 361.01374 | AX94: =AX93 -> 827.4501 | AY94: =($B97-SUM(AW92:AW93))/AW94-1 -> 24.840366 | AZ94: =(AX$2-COUNTA(AV92:AV94))/AY94 -> 0.64411288 | BA94: =($B$31-SUM(BB92:BB93))*B101 -> 469.00135 | BB94: =BC94-BA94 -> 333.42452 | BC94: =BC93 -> 802.42587 | BD94: =($B97-SUM(BB92:BB93))/BB94-1 -> 27.132385 | BE94: =(BC$2-COUNTA(BA92:BA94))/BD94 -> 0.62655753
C95: =($B$31-SUM(D92:D94))*B101 -> 374.68091 | D95: =E95-C95 -> 920.36484 | E95: =E94 -> 1295.0457 | F95: =($B97-SUM(D92:D94))/D95-1 -> 7.1420085 | G95: =(E$2-COUNTA(C92:C95))/F95 -> 0.84009982 | H95: =($B$31-SUM(I92:I94))*B101 -> 389.04951 | I95: =J95-H95 -> 814.83941 | J95: =J94 -> 1203.8889 | K95: =($B97-SUM(I92:I94))/I95-1 -> 8.5491089 | L95: =(J$2-COUNTA(H92:H95))/K95 -> 0.81879879 | M95: =($B$31-SUM(N92:N94))*B101 -> 400.97145 | N95: =O95-M95 -> 727.28265 | O95: =O94 -> 1128.2541 | P95: =($B97-SUM(N92:N94))/N95-1 -> 10.026564 | Q95: =(O$2-COUNTA(M92:M95))/P95 -> 0.79788048 | R95: =($B$31-SUM(S92:S94))*B101 -> 411.0116 | S95: =T95-R95 -> 653.54605 | T95: =T94 -> 1064.5577 | U95: =($B97-SUM(S92:S94))/S95-1 -> 11.577893 | V95: =(T$2-COUNTA(R92:R95))/U95 -> 0.77734354 | W95: =($B$31-SUM(X92:X94))*B101 -> 419.57347 | X95: =Y95-W95 -> 590.66623 | Y95: =Y94 -> 1010.2397 | Z95: =($B97-SUM(X92:X94))/X95-1 -> 13.206787 | AA95: =(Y$2-COUNTA(W92:W95))/Z95 -> 0.75718643 | AB95: =($B$31-SUM(AC92:AC94))*B101 -> 426.95297 | AC95: =AD95-AB95 -> 536.46991 | AD95: =AD94 -> 963.42288 | AE95: =($B97-SUM(AC92:AC94))/AC95-1 -> 14.917127 | AF95: =(AD$2-COUNTA(AB92:AB95))/AE95 -> 0.73740743 | AG95: =($B$31-SUM(AH92:AH94))*B101 -> 433.37206 | AH95: =AI95-AG95 -> 489.32702 | AI95: =AI94 -> 922.69908 | AJ95: =($B97-SUM(AH92:AH94))/AH95-1 -> 16.712983 | AK95: =(AI$2-COUNTA(AG92:AG95))/AJ95 -> 0.71800469 | AL95: =($B$31-SUM(AM92:AM94))*B101 -> 439.00048 | AM95: =AN95-AL95 -> 447.99094 | AN95: =AN94 -> 886.99142 | AO95: =($B97-SUM(AM92:AM94))/AM95-1 -> 18.598632 | AP95: =(AN$2-COUNTA(AL92:AL95))/AO95 -> 0.69897614 | AQ95: =($B$31-SUM(AR92:AR94))*B101 -> 443.97027 | AR95: =AS95-AQ95 -> 411.49196 | AS95: =AS94 -> 855.46222 | AT95: =($B97-SUM(AR92:AR94))/AR95-1 -> 20.578564 | AU95: =(AS$2-COUNTA(AQ92:AQ95))/AT95 -> 0.68031959 | AV95: =($B$31-SUM(AW92:AW94))*B101 -> 448.38568 | AW95: =AX95-AV95 -> 379.06443 | AX95: =AX94 -> 827.4501 | AY95: =($B97-SUM(AW92:AW94))/AW95-1 -> 22.657492 | AZ95: =(AX$2-COUNTA(AV92:AV95))/AY95 -> 0.66203268 | BA95: =($B$31-SUM(BB92:BB94))*B101 -> 452.33012 | BB95: =BC95-BA95 -> 350.09575 | BC95: =BC94 -> 802.42587 | BD95: =($B97-SUM(BB92:BB94))/BB95-1 -> 24.840366 | BE95: =(BC$2-COUNTA(BA92:BA95))/BD95 -> 0.64411288
C96: =($B$31-SUM(D92:D95))*B101 -> 328.66267 | D96: =E96-C96 -> 966.38308 | E96: =E95 -> 1295.0457 | F96: =($B97-SUM(D92:D95))/D96-1 -> 5.8019128 | G96: =(E$2-COUNTA(C92:C96))/F96 -> 0.86178475 | H96: =($B$31-SUM(I92:I95))*B101 -> 348.30754 | I96: =J96-H96 -> 855.58138 | J96: =J95 -> 1203.8889 | K96: =($B97-SUM(I92:I95))/I96-1 -> 7.1420085 | L96: =(J$2-COUNTA(H92:H96))/K96 -> 0.84009982 | M96: =($B$31-SUM(N92:N95))*B101 -> 364.60731 | N96: =O96-M96 -> 763.64679 | O96: =O95 -> 1128.2541 | P96: =($B97-SUM(N92:N95))/N96-1 -> 8.5491089 | Q96: =(O$2-COUNTA(M92:M96))/P96 -> 0.81879879 | R96: =($B$31-SUM(S92:S95))*B101 -> 378.3343 | S96: =T96-R96 -> 686.22335 | T96: =T95 -> 1064.5577 | U96: =($B97-SUM(S92:S95))/S96-1 -> 10.026564 | V96: =(T$2-COUNTA(R92:R96))/U96 -> 0.79788048 | W96: =($B$31-SUM(X92:X95))*B101 -> 390.04016 | X96: =Y96-W96 -> 620.19954 | Y96: =Y95 -> 1010.2397 | Z96: =($B97-SUM(X92:X95))/X96-1 -> 11.577893 | AA96: =(Y$2-COUNTA(W92:W96))/Z96 -> 0.77734354 | AB96: =($B$31-SUM(AC92:AC95))*B101 -> 400.12947 | AC96: =AD96-AB96 -> 563.2934 | AD96: =AD95 -> 963.42288 | AE96: =($B97-SUM(AC92:AC95))/AC96-1 -> 13.206787 | AF96: =(AD$2-COUNTA(AB92:AB96))/AE96 -> 0.75718643 | AG96: =($B$31-SUM(AH92:AH95))*B101 -> 408.90571 | AH96: =AI96-AG96 -> 513.79337 | AI96: =AI95 -> 922.69908 | AJ96: =($B97-SUM(AH92:AH95))/AH96-1 -> 14.917127 | AK96: =(AI$2-COUNTA(AG92:AG96))/AJ96 -> 0.73740743 | AL96: =($B$31-SUM(AM92:AM95))*B101 -> 416.60093 | AM96: =AN96-AL96 -> 470.39049 | AN96: =AN95 -> 886.99142 | AO96: =($B97-SUM(AM92:AM95))/AM96-1 -> 16.712983 | AP96: =(AN$2-COUNTA(AL92:AL96))/AO96 -> 0.71800469 | AQ96: =($B$31-SUM(AR92:AR95))*B101 -> 423.39567 | AR96: =AS96-AQ96 -> 432.06655 | AS96: =AS95 -> 855.46222 | AT96: =($B97-SUM(AR92:AR95))/AR96-1 -> 18.598632 | AU96: =(AS$2-COUNTA(AQ92:AQ96))/AT96 -> 0.69897614 | AV96: =($B$31-SUM(AW92:AW95))*B101 -> 429.43246 | AW96: =AX96-AV96 -> 398.01765 | AX96: =AX95 -> 827.4501 | AY96: =($B97-SUM(AW92:AW95))/AW96-1 -> 20.578564 | AZ96: =(AX$2-COUNTA(AV92:AV96))/AY96 -> 0.68031959 | BA96: =($B$31-SUM(BB92:BB95))*B101 -> 434.82533 | BB96: =BC96-BA96 -> 367.60054 | BC96: =BC95 -> 802.42587 | BD96: =($B97-SUM(BB92:BB95))/BB96-1 -> 22.657492 | BE96: =(BC$2-COUNTA(BA92:BA96))/BD96 -> 0.66203268
A97: K | B97: 10000 | C97: =($B$31-SUM(D92:D96))*B101 -> 280.34352 | D97: =E97-C97 -> 1014.7022 | E97: =E96 -> 1295.0457 | F97: =($B97-SUM(D92:D96))/D97-1 -> 4.5256312 | G97: =(E$2-COUNTA(C92:C97))/F97 -> 0.8838546 | H97: =($B$31-SUM(I92:I96))*B101 -> 305.52847 | I97: =J97-H97 -> 898.36044 | J97: =J96 -> 1203.8889 | K97: =($B97-SUM(I92:I96))/I97-1 -> 5.8019128 | L97: =(J$2-COUNTA(H92:H97))/K97 -> 0.86178475 | M97: =($B$31-SUM(N92:N96))*B101 -> 326.42498 | N97: =O97-M97 -> 801.82912 | O97: =O96 -> 1128.2541 | P97: =($B97-SUM(N92:N96))/N97-1 -> 7.1420085 | Q97: =(O$2-COUNTA(M92:M97))/P97 -> 0.84009982 | R97: =($B$31-SUM(S92:S96))*B101 -> 344.02313 | S97: =T97-R97 -> 720.53452 | T97: =T96 -> 1064.5577 | U97: =($B97-SUM(S92:S96))/S97-1 -> 8.5491089 | V97: =(T$2-COUNTA(R92:R97))/U97 -> 0.81879879 | W97: =($B$31-SUM(X92:X96))*B101 -> 359.03018 | X97: =Y97-W97 -> 651.20951 | Y97: =Y96 -> 1010.2397 | Z97: =($B97-SUM(X92:X96))/X97-1 -> 10.026564 | AA97: =(Y$2-COUNTA(W92:W97))/Z97 -> 0.79788048 | AB97: =($B$31-SUM(AC92:AC96))*B101 -> 371.9648 | AC97: =AD97-AB97 -> 591.45807 | AD97: =AD96 -> 963.42288 | AE97: =($B97-SUM(AC92:AC96))/AC97-1 -> 11.577893 | AF97: =(AD$2-COUNTA(AB92:AB97))/AE97 -> 0.77734354 | AG97: =($B$31-SUM(AH92:AH96))*B101 -> 383.21604 | AH97: =AI97-AG97 -> 539.48304 | AI97: =AI96 -> 922.69908 | AJ97: =($B97-SUM(AH92:AH96))/AH97-1 -> 13.206787 | AK97: =(AI$2-COUNTA(AG92:AG97))/AJ97 -> 0.75718643 | AL97: =($B$31-SUM(AM92:AM96))*B101 -> 393.08141 | AM97: =AN97-AL97 -> 493.91001 | AN97: =AN96 -> 886.99142 | AO97: =($B97-SUM(AM92:AM96))/AM97-1 -> 14.917127 | AP97: =(AN$2-COUNTA(AL92:AL97))/AO97 -> 0.73740743 | AQ97: =($B$31-SUM(AR92:AR96))*B101 -> 401.79234 | AR97: =AS97-AQ97 -> 453.66988 | AS97: =AS96 -> 855.46222 | AT97: =($B97-SUM(AR92:AR96))/AR97-1 -> 16.712983 | AU97: =(AS$2-COUNTA(AQ92:AQ97))/AT97 -> 0.71800469 | AV97: =($B$31-SUM(AW92:AW96))*B101 -> 409.53157 | AW97: =AX97-AV97 -> 417.91853 | AX97: =AX96 -> 827.4501 | AY97: =($B97-SUM(AW92:AW96))/AW97-1 -> 18.598632 | AZ97: =(AX$2-COUNTA(AV92:AV97))/AY97 -> 0.69897614 | BA97: =($B$31-SUM(BB92:BB96))*B101 -> 416.44531 | BB97: =BC97-BA97 -> 385.98056 | BC97: =BC96 -> 802.42587 | BD97: =($B97-SUM(BB92:BB96))/BB97-1 -> 20.578564 | BE97: =(BC$2-COUNTA(BA92:BA97))/BD97 -> 0.68031959
C98: =($B$31-SUM(D92:D97))*B101 -> 229.60841 | D98: =E98-C98 -> 1065.4373 | E98: =E97 -> 1295.0457 | F98: =($B97-SUM(D92:D97))/D98-1 -> 3.310125 | G98: =(E$2-COUNTA(C92:C98))/F98 -> 0.90631018 | H98: =($B$31-SUM(I92:I97))*B101 -> 260.61045 | I98: =J98-H98 -> 943.27847 | J98: =J97 -> 1203.8889 | K98: =($B97-SUM(I92:I97))/I98-1 -> 4.5256313 | L98: =(J$2-COUNTA(H92:H98))/K98 -> 0.8838546 | M98: =($B$31-SUM(N92:N97))*B101 -> 286.33352 | N98: =O98-M98 -> 841.92058 | O98: =O97 -> 1128.2541 | P98: =($B97-SUM(N92:N97))/N98-1 -> 5.8019128 | Q98: =(O$2-COUNTA(M92:M98))/P98 -> 0.86178475 | R98: =($B$31-SUM(S92:S97))*B101 -> 307.9964 | S98: =T98-R98 -> 756.56125 | T98: =T97 -> 1064.5577 | U98: =($B97-SUM(S92:S97))/S98-1 -> 7.1420085 | V98: =(T$2-COUNTA(R92:R98))/U98 -> 0.84009982 | W98: =($B$31-SUM(X92:X97))*B101 -> 326.4697 | X98: =Y98-W98 -> 683.76999 | Y98: =Y97 -> 1010.2397 | Z98: =($B97-SUM(X92:X97))/X98-1 -> 8.5491089 | AA98: =(Y$2-COUNTA(W92:W98))/Z98 -> 0.81879879 | AB98: =($B$31-SUM(AC92:AC97))*B101 -> 342.3919 | AC98: =AD98-AB98 -> 621.03098 | AD98: =AD97 -> 963.42288 | AE98: =($B97-SUM(AC92:AC97))/AC98-1 -> 10.026564 | AF98: =(AD$2-COUNTA(AB92:AB98))/AE98 -> 0.79788048 | AG98: =($B$31-SUM(AH92:AH97))*B101 -> 356.24189 | AH98: =AI98-AG98 -> 566.45719 | AI98: =AI97 -> 922.69908 | AJ98: =($B97-SUM(AH92:AH97))/AH98-1 -> 11.577893 | AK98: =(AI$2-COUNTA(AG92:AG98))/AJ98 -> 0.77734354 | AL98: =($B$31-SUM(AM92:AM97))*B101 -> 368.38591 | AM98: =AN98-AL98 -> 518.60551 | AN98: =AN97 -> 886.99142 | AO98: =($B97-SUM(AM92:AM97))/AM98-1 -> 13.206787 | AP98: =(AN$2-COUNTA(AL92:AL98))/AO98 -> 0.75718643 | AQ98: =($B$31-SUM(AR92:AR97))*B101 -> 379.10885 | AR98: =AS98-AQ98 -> 476.35338 | AS98: =AS97 -> 855.46222 | AT98: =($B97-SUM(AR92:AR97))/AR98-1 -> 14.917127 | AU98: =(AS$2-COUNTA(AQ92:AQ98))/AT98 -> 0.73740743 | AV98: =($B$31-SUM(AW92:AW97))*B101 -> 388.63565 | AW98: =AX98-AV98 -> 438.81446 | AX98: =AX97 -> 827.4501 | AY98: =($B97-SUM(AW92:AW97))/AW98-1 -> 16.712983 | AZ98: =(AX$2-COUNTA(AV92:AV98))/AY98 -> 0.71800469 | BA98: =($B$31-SUM(BB92:BB97))*B101 -> 397.14628 | BB98: =BC98-BA98 -> 405.27959 | BC98: =BC97 -> 802.42587 | BD98: =($B97-SUM(BB92:BB97))/BB98-1 -> 18.598632 | BE98: =(BC$2-COUNTA(BA92:BA98))/BD98 -> 0.69897614
C99: =($B$31-SUM(D92:D98))*B101 -> 176.33654 | D99: =E99-C99 -> 1118.7092 | E99: =E98 -> 1295.0457 | F99: =($B97-SUM(D92:D98))/D99-1 -> 2.1525 | G99: =(E$2-COUNTA(C92:C99))/F99 -> 0.92915215 | H99: =($B$31-SUM(I92:I98))*B101 -> 213.44653 | I99: =J99-H99 -> 990.44239 | J99: =J98 -> 1203.8889 | K99: =($B97-SUM(I92:I98))/I99-1 -> 3.310125 | L99: =(J$2-COUNTA(H92:H99))/K99 -> 0.90631018 | M99: =($B$31-SUM(N92:N98))*B101 -> 244.23749 | N99: =O99-M99 -> 884.01661 | O99: =O98 -> 1128.2541 | P99: =($B97-SUM(N92:N98))/N99-1 -> 4.5256312 | Q99: =(O$2-COUNTA(M92:M99))/P99 -> 0.8838546 | R99: =($B$31-SUM(S92:S98))*B101 -> 270.16834 | S99: =T99-R99 -> 794.38931 | T99: =T98 -> 1064.5577 | U99: =($B97-SUM(S92:S98))/S99-1 -> 5.8019128 | V99: =(T$2-COUNTA(R92:R99))/U99 -> 0.86178475 | W99: =($B$31-SUM(X92:X98))*B101 -> 292.2812 | X99: =Y99-W99 -> 717.95849 | Y99: =Y98 -> 1010.2397 | Z99: =($B97-SUM(X92:X98))/X99-1 -> 7.1420085 | AA99: =(Y$2-COUNTA(W92:W99))/Z99 -> 0.84009982 | AB99: =($B$31-SUM(AC92:AC98))*B101 -> 311.34035 | AC99: =AD99-AB99 -> 652.08252 | AD99: =AD98 -> 963.42288 | AE99: =($B97-SUM(AC92:AC98))/AC99-1 -> 8.5491089 | AF99: =(AD$2-COUNTA(AB92:AB99))/AE99 -> 0.81879879 | AG99: =($B$31-SUM(AH92:AH98))*B101 -> 327.91903 | AH99: =AI99-AG99 -> 594.78005 | AI99: =AI98 -> 922.69908 | AJ99: =($B97-SUM(AH92:AH98))/AH99-1 -> 10.026564 | AK99: =(AI$2-COUNTA(AG92:AG99))/AJ99 -> 0.79788048 | AL99: =($B$31-SUM(AM92:AM98))*B101 -> 342.45563 | AM99: =AN99-AL99 -> 544.53579 | AN99: =AN98 -> 886.99142 | AO99: =($B97-SUM(AM92:AM98))/AM99-1 -> 11.577893 | AP99: =(AN$2-COUNTA(AL92:AL99))/AO99 -> 0.77734354 | AQ99: =($B$31-SUM(AR92:AR98))*B101 -> 355.29118 | AR99: =AS99-AQ99 -> 500.17104 | AS99: =AS98 -> 855.46222 | AT99: =($B97-SUM(AR92:AR98))/AR99-1 -> 13.206787 | AU99: =(AS$2-COUNTA(AQ92:AQ99))/AT99 -> 0.75718643 | AV99: =($B$31-SUM(AW92:AW98))*B101 -> 366.69492 | AW99: =AX99-AV99 -> 460.75518 | AX99: =AX98 -> 827.4501 | AY99: =($B97-SUM(AW92:AW98))/AW99-1 -> 14.917127 | AZ99: =(AX$2-COUNTA(AV92:AV99))/AY99 -> 0.73740743 | BA99: =($B$31-SUM(BB92:BB98))*B101 -> 376.8823 | BB99: =BC99-BA99 -> 425.54357 | BC99: =BC98 -> 802.42587 | BD99: =($B97-SUM(BB92:BB98))/BB99-1 -> 16.712983 | BE99: =(BC$2-COUNTA(BA92:BA99))/BD99 -> 0.71800469
C100: =($B$31-SUM(D92:D99))*B101 -> 120.40108 | D100: =E100-C100 -> 1174.6447 | E100: =E99 -> 1295.0457 | F100: =($B97-SUM(D92:D99))/D100-1 -> 1.05 | G100: =(E$2-COUNTA(C92:C100))/F100 -> 0.95238095 | H100: =($B$31-SUM(I92:I99))*B101 -> 163.92441 | I100: =J100-H100 -> 1039.9645 | J100: =J99 -> 1203.8889 | K100: =($B97-SUM(I92:I99))/I100-1 -> 2.1525 | L100: =(J$2-COUNTA(H92:H100))/K100 -> 0.92915215 | M100: =($B$31-SUM(N92:N99))*B101 -> 200.03666 | N100: =O100-M100 -> 928.21744 | O100: =O99 -> 1128.2541 | P100: =($B97-SUM(N92:N99))/N100-1 -> 3.310125 | Q100: =(O$2-COUNTA(M92:M100))/P100 -> 0.90631018 | R100: =($B$31-SUM(S92:S99))*B101 -> 230.44888 | S100: =T100-R100 -> 834.10878 | T100: =T99 -> 1064.5577 | U100: =($B97-SUM(S92:S99))/S100-1 -> 4.5256313 | V100: =(T$2-COUNTA(R92:R100))/U100 -> 0.8838546 | W100: =($B$31-SUM(X92:X99))*B101 -> 256.38328 | X100: =Y100-W100 -> 753.85641 | Y100: =Y99 -> 1010.2397 | Z100: =($B97-SUM(X92:X99))/X100-1 -> 5.8019128 | AA100: =(Y$2-COUNTA(W92:W100))/Z100 -> 0.86178475 | AB100: =($B$31-SUM(AC92:AC99))*B101 -> 278.73623 | AC100: =AD100-AB100 -> 684.68665 | AD100: =AD99 -> 963.42288 | AE100: =($B97-SUM(AC92:AC99))/AC100-1 -> 7.1420085 | AF100: =(AD$2-COUNTA(AB92:AB100))/AE100 -> 0.84009982 | AG100: =($B$31-SUM(AH92:AH99))*B101 -> 298.18002 | AH100: =AI100-AG100 -> 624.51906 | AI100: =AI99 -> 922.69908 | AJ100: =($B97-SUM(AH92:AH99))/AH100-1 -> 8.5491089 | AK100: =(AI$2-COUNTA(AG92:AG100))/AJ100 -> 0.81879879 | AL100: =($B$31-SUM(AM92:AM99))*B101 -> 315.22884 | AM100: =AN100-AL100 -> 571.76258 | AN100: =AN99 -> 886.99142 | AO100: =($B97-SUM(AM92:AM99))/AM100-1 -> 10.026564 | AP100: =(AN$2-COUNTA(AL92:AL100))/AO100 -> 0.79788048 | AQ100: =($B$31-SUM(AR92:AR99))*B101 -> 330.28263 | AR100: =AS100-AQ100 -> 525.1796 | AS100: =AS99 -> 855.46222 | AT100: =($B97-SUM(AR92:AR99))/AR100-1 -> 11.577893 | AU100: =(AS$2-COUNTA(AQ92:AQ100))/AT100 -> 0.77734354 | AV100: =($B$31-SUM(AW92:AW99))*B101 -> 343.65717 | AW100: =AX100-AV100 -> 483.79294 | AX100: =AX99 -> 827.4501 | AY100: =($B97-SUM(AW92:AW99))/AW100-1 -> 13.206787 | AZ100: =(AX$2-COUNTA(AV92:AV100))/AY100 -> 0.75718643 | BA100: =($B$31-SUM(BB92:BB99))*B101 -> 355.60512 | BB100: =BC100-BA100 -> 446.82075 | BC100: =BC99 -> 802.42587 | BD100: =($B97-SUM(BB92:BB99))/BB100-1 -> 14.917127 | BE100: =(BC$2-COUNTA(BA92:BA100))/BD100 -> 0.73740743
A101: Taux | B101: 0.05 | C101: =($B$31-SUM(D92:D100))*B101 -> 61.668845 | D101: =E101-C101 -> 1233.3769 | E101: =E100 -> 1295.0457 | F101: =($B97-SUM(D92:D100))/D101-1 -> 0 | G101: =(E$2-COUNTA(C92:C101))/F101 -> #DIV/0! | H101: =($B$31-SUM(I92:I100))*B101 -> 111.92618 | I101: =J101-H101 -> 1091.9627 | J101: =J100 -> 1203.8889 | K101: =($B97-SUM(I92:I100))/I101-1 -> 1.05 | L101: =(J$2-COUNTA(H92:H101))/K101 -> 0.95238095 | M101: =($B$31-SUM(N92:N100))*B101 -> 153.62579 | N101: =O101-M101 -> 974.62831 | O101: =O100 -> 1128.2541 | P101: =($B97-SUM(N92:N100))/N101-1 -> 2.1525 | Q101: =(O$2-COUNTA(M92:M101))/P101 -> 0.92915215 | R101: =($B$31-SUM(S92:S100))*B101 -> 188.74344 | S101: =T101-R101 -> 875.81421 | T101: =T100 -> 1064.5577 | U101: =($B97-SUM(S92:S100))/S101-1 -> 3.310125 | V101: =(T$2-COUNTA(R92:R101))/U101 -> 0.90631018 | W101: =($B$31-SUM(X92:X100))*B101 -> 218.69046 | X101: =Y101-W101 -> 791.54924 | Y101: =Y100 -> 1010.2397 | Z101: =($B97-SUM(X92:X100))/X101-1 -> 4.5256312 | AA101: =(Y$2-COUNTA(W92:W101))/Z101 -> 0.8838546 | AB101: =($B$31-SUM(AC92:AC100))*B101 -> 244.50189 | AC101: =AD101-AB101 -> 718.92098 | AD101: =AD100 -> 963.42288 | AE101: =($B97-SUM(AC92:AC100))/AC101-1 -> 5.8019128 | AF101: =(AD$2-COUNTA(AB92:AB101))/AE101 -> 0.86178475 | AG101: =($B$31-SUM(AH92:AH100))*B101 -> 266.95407 | AH101: =AI101-AG101 -> 655.74501 | AI101: =AI100 -> 922.69908 | AJ101: =($B97-SUM(AH92:AH100))/AH101-1 -> 7.1420085 | AK101: =(AI$2-COUNTA(AG92:AG101))/AJ101 -> 0.84009982 | AL101: =($B$31-SUM(AM92:AM100))*B101 -> 286.64071 | AM101: =AN101-AL101 -> 600.35071 | AN101: =AN100 -> 886.99142 | AO101: =($B97-SUM(AM92:AM100))/AM101-1 -> 8.5491089 | AP101: =(AN$2-COUNTA(AL92:AL101))/AO101 -> 0.81879879 | AQ101: =($B$31-SUM(AR92:AR100))*B101 -> 304.02365 | AR101: =AS101-AQ101 -> 551.43858 | AS101: =AS100 -> 855.46222 | AT101: =($B97-SUM(AR92:AR100))/AR101-1 -> 10.026564 | AU101: =(AS$2-COUNTA(AQ92:AQ101))/AT101 -> 0.79788048 | AV101: =($B$31-SUM(AW92:AW100))*B101 -> 319.46752 | AW101: =AX101-AV101 -> 507.98259 | AX101: =AX100 -> 827.4501 | AY101: =($B97-SUM(AW92:AW100))/AW101-1 -> 11.577893 | AZ101: =(AX$2-COUNTA(AV92:AV101))/AY101 -> 0.77734354 | BA101: =($B$31-SUM(BB92:BB100))*B101 -> 333.26408 | BB101: =BC101-BA101 -> 469.16179 | BC101: =BC100 -> 802.42587 | BD101: =($B97-SUM(BB92:BB100))/BB101-1 -> 13.206787 | BE101: =(BC$2-COUNTA(BA92:BA101))/BD101 -> 0.75718643
D102: =SUM($D92:D101)-$B97 -> 0 | H102: =($B$31-SUM(I92:I101))*B101 -> 57.328044 | I102: =J102-H102 -> 1146.5609 | J102: =J101 -> 1203.8889 | K102: =($B97-SUM(I92:I101))/I102-1 -> 5.3290705e-15 | L102: =(J$2-COUNTA(H92:H102))/K102 -> 0 | M102: =($B$31-SUM(N92:N101))*B101 -> 104.89437 | N102: =O102-M102 -> 1023.3597 | O102: =O101 -> 1128.2541 | P102: =($B97-SUM(N92:N101))/N102-1 -> 1.05 | Q102: =(O$2-COUNTA(M92:M102))/P102 -> 0.95238095 | R102: =($B$31-SUM(S92:S101))*B101 -> 144.95273 | S102: =T102-R102 -> 919.60493 | T102: =T101 -> 1064.5577 | U102: =($B97-SUM(S92:S101))/S102-1 -> 2.1525 | V102: =(T$2-COUNTA(R92:R102))/U102 -> 0.92915215 | W102: =($B$31-SUM(X92:X101))*B101 -> 179.113 | X102: =Y102-W102 -> 831.1267 | Y102: =Y101 -> 1010.2397 | Z102: =($B97-SUM(X92:X101))/X102-1 -> 3.310125 | AA102: =(Y$2-COUNTA(W92:W102))/Z102 -> 0.90631018 | AB102: =($B$31-SUM(AC92:AC101))*B101 -> 208.55584 | AC102: =AD102-AB102 -> 754.86703 | AD102: =AD101 -> 963.42288 | AE102: =($B97-SUM(AC92:AC101))/AC102-1 -> 4.5256312 | AF102: =(AD$2-COUNTA(AB92:AB102))/AE102 -> 0.8838546 | AG102: =($B$31-SUM(AH92:AH101))*B101 -> 234.16682 | AH102: =AI102-AG102 -> 688.53226 | AI102: =AI101 -> 922.69908 | AJ102: =($B97-SUM(AH92:AH101))/AH102-1 -> 5.8019128 | AK102: =(AI$2-COUNTA(AG92:AG102))/AJ102 -> 0.86178475 | AL102: =($B$31-SUM(AM92:AM101))*B101 -> 256.62318 | AM102: =AN102-AL102 -> 630.36824 | AN102: =AN101 -> 886.99142 | AO102: =($B97-SUM(AM92:AM101))/AM102-1 -> 7.1420085 | AP102: =(AN$2-COUNTA(AL92:AL102))/AO102 -> 0.84009982 | AQ102: =($B$31-SUM(AR92:AR101))*B101 -> 276.45172 | AR102: =AS102-AQ102 -> 579.01051 | AS102: =AS101 -> 855.46222 | AT102: =($B97-SUM(AR92:AR101))/AR102-1 -> 8.5491089 | AU102: =(AS$2-COUNTA(AQ92:AQ102))/AT102 -> 0.81879879 | AV102: =($B$31-SUM(AW92:AW101))*B101 -> 294.06839 | AW102: =AX102-AV102 -> 533.38171 | AX102: =AX101 -> 827.4501 | AY102: =($B97-SUM(AW92:AW101))/AW102-1 -> 10.026564 | AZ102: =(AX$2-COUNTA(AV92:AV102))/AY102 -> 0.79788048 | BA102: =($B$31-SUM(BB92:BB101))*B101 -> 309.80599 | BB102: =BC102-BA102 -> 492.61988 | BC102: =BC101 -> 802.42587 | BD102: =($B97-SUM(BB92:BB101))/BB102-1 -> 11.577893 | BE102: =(BC$2-COUNTA(BA92:BA102))/BD102 -> 0.77734354
I103: =SUM($I92:I102)-$B97 -> 0 | M103: =($B$31-SUM(N92:N102))*B101 -> 53.726386 | N103: =O103-M103 -> 1074.5277 | O103: =O102 -> 1128.2541 | P103: =($B97-SUM(N92:N102))/N103-1 -> 2.220446e-15 | Q103: =(O$2-COUNTA(M92:M103))/P103 -> 0 | R103: =($B$31-SUM(S92:S102))*B101 -> 98.97248 | S103: =T103-R103 -> 965.58517 | T103: =T102 -> 1064.5577 | U103: =($B97-SUM(S92:S102))/S103-1 -> 1.05 | V103: =(T$2-COUNTA(R92:R103))/U103 -> 0.95238095 | W103: =($B$31-SUM(X92:X102))*B101 -> 137.55666 | X103: =Y103-W103 -> 872.68303 | Y103: =Y102 -> 1010.2397 | Z103: =($B97-SUM(X92:X102))/X103-1 -> 2.1525 | AA103: =(Y$2-COUNTA(W92:W103))/Z103 -> 0.92915215 | AB103: =($B$31-SUM(AC92:AC102))*B101 -> 170.81249 | AC103: =AD103-AB103 -> 792.61038 | AD103: =AD102 -> 963.42288 | AE103: =($B97-SUM(AC92:AC102))/AC103-1 -> 3.310125 | AF103: =(AD$2-COUNTA(AB92:AB103))/AE103 -> 0.90631018 | AG103: =($B$31-SUM(AH92:AH102))*B101 -> 199.74021 | AH103: =AI103-AG103 -> 722.95887 | AI103: =AI102 -> 922.69908 | AJ103: =($B97-SUM(AH92:AH102))/AH103-1 -> 4.5256312 | AK103: =(AI$2-COUNTA(AG92:AG103))/AJ103 -> 0.8838546 | AL103: =($B$31-SUM(AM92:AM102))*B101 -> 225.10477 | AM103: =AN103-AL103 -> 661.88665 | AN103: =AN102 -> 886.99142 | AO103: =($B97-SUM(AM92:AM102))/AM103-1 -> 5.8019128 | AP103: =(AN$2-COUNTA(AL92:AL103))/AO103 -> 0.86178475 | AQ103: =($B$31-SUM(AR92:AR102))*B101 -> 247.50119 | AR103: =AS103-AQ103 -> 607.96103 | AS103: =AS102 -> 855.46222 | AT103: =($B97-SUM(AR92:AR102))/AR103-1 -> 7.1420085 | AU103: =(AS$2-COUNTA(AQ92:AQ103))/AT103 -> 0.84009982 | AV103: =($B$31-SUM(AW92:AW102))*B101 -> 267.3993 | AW103: =AX103-AV103 -> 560.0508 | AX103: =AX102 -> 827.4501 | AY103: =($B97-SUM(AW92:AW102))/AW103-1 -> 8.5491089 | AZ103: =(AX$2-COUNTA(AV92:AV103))/AY103 -> 0.81879879 | BA103: =($B$31-SUM(BB92:BB102))*B101 -> 285.175 | BB103: =BC103-BA103 -> 517.25087 | BC103: =BC102 -> 802.42587 | BD103: =($B97-SUM(BB92:BB102))/BB103-1 -> 10.026564 | BE103: =(BC$2-COUNTA(BA92:BA103))/BD103 -> 0.79788048
N104: =SUM($N92:N103)-$B97 -> 0 | R104: =($B$31-SUM(S92:S103))*B101 -> 50.693222 | S104: =T104-R104 -> 1013.8644 | T104: =T103 -> 1064.5577 | U104: =($B97-SUM(S92:S103))/S104-1 -> 5.7731597e-15 | V104: =(T$2-COUNTA(R92:R104))/U104 -> 0 | W104: =($B$31-SUM(X92:X103))*B101 -> 93.922511 | X104: =Y104-W104 -> 916.31718 | Y104: =Y103 -> 1010.2397 | Z104: =($B97-SUM(X92:X103))/X104-1 -> 1.05 | AA104: =(Y$2-COUNTA(W92:W104))/Z104 -> 0.95238095 | AB104: =($B$31-SUM(AC92:AC103))*B101 -> 131.18197 | AC104: =AD104-AB104 -> 832.2409 | AD104: =AD103 -> 963.42288 | AE104: =($B97-SUM(AC92:AC103))/AC104-1 -> 2.1525 | AF104: =(AD$2-COUNTA(AB92:AB104))/AE104 -> 0.92915215 | AG104: =($B$31-SUM(AH92:AH103))*B101 -> 163.59226 | AH104: =AI104-AG104 -> 759.10682 | AI104: =AI103 -> 922.69908 | AJ104: =($B97-SUM(AH92:AH103))/AH104-1 -> 3.310125 | AK104: =(AI$2-COUNTA(AG92:AG104))/AJ104 -> 0.90631018 | AL104: =($B$31-SUM(AM92:AM103))*B101 -> 192.01043 | AM104: =AN104-AL104 -> 694.98098 | AN104: =AN103 -> 886.99142 | AO104: =($B97-SUM(AM92:AM103))/AM104-1 -> 4.5256313 | AP104: =(AN$2-COUNTA(AL92:AL104))/AO104 -> 0.8838546 | AQ104: =($B$31-SUM(AR92:AR103))*B101 -> 217.10314 | AR104: =AS104-AQ104 -> 638.35908 | AS104: =AS103 -> 855.46222 | AT104: =($B97-SUM(AR92:AR103))/AR104-1 -> 5.8019128 | AU104: =(AS$2-COUNTA(AQ92:AQ104))/AT104 -> 0.86178475 | AV104: =($B$31-SUM(AW92:AW103))*B101 -> 239.39676 | AW104: =AX104-AV104 -> 588.05334 | AX104: =AX103 -> 827.4501 | AY104: =($B97-SUM(AW92:AW103))/AW104-1 -> 7.1420085 | AZ104: =(AX$2-COUNTA(AV92:AV104))/AY104 -> 0.84009982 | BA104: =($B$31-SUM(BB92:BB103))*B101 -> 259.31246 | BB104: =BC104-BA104 -> 543.11342 | BC104: =BC103 -> 802.42587 | BD104: =($B97-SUM(BB92:BB103))/BB104-1 -> 8.5491089 | BE104: =(BC$2-COUNTA(BA92:BA104))/BD104 -> 0.81879879
...
